Workbook

Sheet ENERO CTE-5
B8: ÀREA FINANCIERA | K8: CTE-5
A10: UNIDAD DE CIRUGIA CARDIOVASCULAR DE GUATEMALA
A11: 5a. AVENIDA 6-22 ZONA 11
A12: dgunicar@yahoo.es Tel. 24163000
A14: Programación y ejecucion mensual por tipo de gasto año 2021, Expresado en Quetzales primer cuatrimestre 2021
A15: No. | B15: CATEGORIA DE GASTO | C15: ENERO | E15: FEBRERO | G15: MARZO | I15: ABRIL | K15: TOTAL CUATRIMESTRE
C16: PRESUPUESTO | D16: REAL | E16: PRESUPUESTO | F16: REAL | G16: PRESUPUESTO | H16: REAL | I16: PRESUPUESTO | J16: REAL | K16: PRESUPUESTO | L16: REAL
B17: RECURSO HUMANO | C17: 2066666.7 | D17: 1849158.4 | K17: =+C17+E17+G17+I17 -> 2066666.7 | L17: =+D17+F17+H17+J17 -> 1849158.4
B19: GASTOS DE FUNCIONAMIENTO | C19: =+C31+C47 -> 2882453.1 | D19: =+D31+D47 -> 0 | E19: =+E31+E47 -> 0 | F19: =+F31+F47 -> 0 | G19: =+G31+G47 -> 0 | H19: =+H31+H47 -> 0 | I19: =+I31+I47 -> 0 | J19: =+J31+J47 -> 0 | K19: =+C19+E19+G19+I19 -> 2882453.1 | L19: =+D19+F19+H19+J19 -> 0
B20: ENERGIA ELECTRICA | C20: 0 | D20: 0 | K20: =+C20+E20+G20+I20 -> 0 | L20: =+D20+F20+H20+J20 -> 0
B21: TELEFONIA | C21: 12049.58 | D21: 0 | K21: =+C21+E21+G21+I21 -> 12049.58 | L21: =+D21+F21+H21+J21 -> 0
B22: IMPRESIÓN, ENCUADERNACION Y REPRODUCCION | C22: 0 | D22: 0 | L22: =+D22+F22+H22+J22 -> 0
B23: MANT. Y REP. EQUIPO MEDICO SANITARIO Y DE LAB. | C23: 0 | D23: 0 | K23: =+C23+E23+G23+I23 -> 0 | L23: =+D23+F23+H23+J23 -> 0
B24: MANTO. Y REPARACION DE EQUIPO DE COMPUTO | C24: 416.67 | D24: 0 | K24: =+C24+E24+G24+I24 -> 416.67 | L24: =+D24+F24+H24+J24 -> 0
B25: MANT. Y REP. DE OTRAS MAQUINAS Y EQUIPO | C25: 3473 | D25: 0 | K25: =+C25+E25+G25+I25 -> 3473 | L25: =+D25+F25+H25+J25 -> 0
B26: MANTO. Y REPARACION DE EDIFICIOS | C26: 4316.67 | D26: 0 | K26: =+C26+E26+G26+I26 -> 4316.67 | L26: =+D26+F26+H26+J26 -> 0
B27: MANT. Y REP. DE INSTALACIONES | C27: 7480.08 | D27: 0 | K27: =+C27+E27+G27+I27 -> 7480.08 | L27: =+D27+F27+H27+J27 -> 0
B28: SERVICIOS MEDICO-SANITARIOS | C28: 488150.25 | D28: 0 | K28: =+C28+E28+G28+I28 -> 488150.25 | L28: =+D28+F28+H28+J28 -> 0
B29: SERVICIOS DE VIGILANCIA | C29: 41666.67 | D29: 0 | K29: =+C29+E29+G29+I29 -> 41666.67 | L29: =+D29+F29+H29+J29 -> 0
B30: OTROS SERVICIOS NO PERSONALES | C30: 0 | D30: 0 | K30: =+C30+E30+G30+I30 -> 0 | L30: =+D30+F30+H30+J30 -> 0
B31: SUMA GASTOS GENERALES | C31: =SUM(C20:C30) -> 557552.92 | D31: =SUM(D20:D30) -> 0 | E31: =SUM(E20:E30) -> 0 | F31: =SUM(F20:F30) -> 0 | G31: =SUM(G20:G30) -> 0 | H31: =SUM(H20:H30) -> 0 | I31: =SUM(I20:I30) -> 0 | J31: =SUM(J20:J30) -> 0 | ... L31: =SUM(L20:L30) -> 0
B32: MATERIALES Y SUMINISTROS
B33: ALIMENTOS PARA PERSONAS | C33: 69375.89 | D33: 0 | K33: =+C33+E33+G33+I33 -> 69375.89 | L33: =+D33+F33+H33+J33 -> 0
B34: ACABADOS TEXTILES | C34: 6250 | D34: 0 | K34: =+C34+E34+G34+I34 -> 6250 | L34: =+D34+F34+H34+J34 -> 0
B35: ELEMENTOS Y COMPUESTOS QUIMICOS | C35: 54167.04 | D35: 0 | K35: =+C35+E35+G35+I35 -> 54167.04 | L35: =+D35+F35+H35+J35 -> 0
B36: COMBUSTIBLES Y LUBRICANTES | C36: 666.67 | D36: 0 | K36: =+C36+E36+G36+I36 -> 666.67 | L36: =+D36+F36+H36+J36 -> 0
B37: PRODUCTOS MEDICINALES Y FARMACEUTICOS | C37: 402411.67 | D37: 0 | K37: =+C37+E37+G37+I37 -> 402411.67 | L37: =+D37+F37+H37+J37 -> 0
B38: TINTES, PINTURAS Y COLORANTES | C38: 1500 | D38: 0 | K38: =+C38+E38+G38+I38 -> 1500 | L38: =+D38+F38+H38+J38 -> 0
B39: PRODUCTOS PLASTICOS, NYLON, VINIL Y PVC | C39: 17609 | D39: 0 | K39: =+C39+E39+G39+I39 -> 17609 | L39: =+D39+F39+H39+J39 -> 0
B40: OTROS PRODUCTOS QUIMICOS Y CONEXOS | C40: 833.33 | D40: 0 | K40: =+C40+E40+G40+I40 -> 833.33 | L40: =+D40+F40+H40+J40 -> 0
B41: OTROS PRODUCTOS METALICOS | C41: 736.66 | D41: 0 | K41: =+C41+E41+G41+I41 -> 736.66 | L41: =+D41+F41+H41+J41 -> 0
B42: UTILES DE LIMPIEZA Y PRODUCTOS SANITARIOS | C42: 15323.42 | D42: 0 | K42: =+C42+E42+G42+I42 -> 15323.42 | L42: =+D42+F42+H42+J42 -> 0
B43: UTILES MENORES MEDICO QUIRURGICOS Y DE LAB. | C43: 1697692 | D43: 0 | K43: =+C43+E43+G43+I43 -> 1697692 | L43: =+D43+F43+H43+J43 -> 0
B44: UTILES, ACCESORIOS Y MATERIALES ELECTRICOS | C44: 3334.83 | D44: 0 | K44: =+C44+E44+G44+I44 -> 3334.83 | L44: =+D44+F44+H44+J44 -> 0
... B46: OTROS MATERIALES Y SUMINISTROS | C46: 3333.33 | D46: 0 | K46: =+C46+E46+G46+I46 -> 3333.33 | L46: =+D46+F46+H46+J46 -> 0
B47: TOTAL MATERIALES Y SUMINISTROS | C47: =SUM(C33:C46) -> 2324900.2 | D47: =SUM(D33:D46) -> 0 | E47: =SUM(E33:E46) -> 0 | F47: =SUM(F33:F46) -> 0 | G47: =SUM(G33:G46) -> 0 | H47: =SUM(H33:H46) -> 0 | I47: =SUM(I33:I46) -> 0 | J47: =SUM(J33:J46) -> 0 | ... L47: =SUM(L33:L46) -> 0
B48: PROPIEDAD PLANTA Y EQUIPO
B49: EQUIPO MEDICO SANITARIO Y DE LABORATORIO | K49: =+C49+E49+G49+I49 -> 0 | L49: =+D49+F49+H49+J49 -> 0
B50: OTRAS MAQUINARIAS Y EQUIPOS | I50: 0 | K50: =+C50+E50+G50+I50 -> 0 | L50: =+D50+F50+H50+J50 -> 0
B51: TOTAL PROPIEDAD PLANTA Y EQUIPO | C51: =SUM(C49:C50) -> 0 | D51: =SUM(D49:D50) -> 0 | E51: =SUM(E49:E50) -> 0 | F51: =SUM(F49:F50) -> 0 | G51: =SUM(G49:G50) -> 0 | H51: =SUM(H49:H50) -> 0 | I51: =SUM(I49:I50) -> 0 | J51: =SUM(J49:J50) -> 0 | ... L51: =SUM(L49:L50) -> 0
A56: Programación y ejecucion mensual por tipo de gasto año 2021, Expresado en Quetzales segundo cuatrimestre 2021
A57: No. | B57: CATEGORIA DE GASTO | C57: MAYO | E57: JUNIO | G57: JULIO | I57: AGOSTO | K57: TOTAL CUATRIMESTRE
C58: PRESUPUESTO | D58: REAL | E58: PRESUPUESTO | F58: REAL | G58: PRESUPUESTO | H58: REAL | I58: PRESUPUESTO | J58: REAL | K58: PRESUPUESTO | L58: REAL
B59: RECURSO HUMANO | K59: =+C59+E59+G59+I59 -> 0 | L59: =+D59+F59+H59+J59 -> 0
B61: GASTOS DE FUNCIONAMIENTO | C61: =+C73+C89 -> 0 | D61: =+D73+D89+D95 -> 0 | E61: =+E73+E89 -> 0 | F61: =+F73+F89 -> 0 | G61: =+G73+G89 -> 0 | H61: =+H73+H89 -> 0 | I61: =+I73+I89 -> 0 | J61: =+J73+J89 -> 0 | K61: =+C61+E61+G61+I61 -> 0 | L61: =+D61+F61+H61+J61 -> 0
B62: ENERGIA ELECTRICA | K62: =+C62+E62+G62+I62 -> 0 | L62: =+D62+F62+H62+J62 -> 0
B63: TELEFONIA | K63: =+C63+E63+G63+I63 -> 0 | L63: =+D63+F63+H63+J63 -> 0
B64: IMPRESIÓN, ENCUADERNACION Y REPRODUCCION | K64: =+C64+E64+G64+I64 -> 0 | L64: =+D64+F64+H64+J64 -> 0
B65: MANT. Y REP. EQUIPO MEDICO SANITARIO Y DE LAB. | K65: =+C65+E65+G65+I65 -> 0 | L65: =+D65+F65+H65+J65 -> 0
B66: MANTO. Y REPARACION DE EQUIPO DE COMPUTO | K66: =+C66+E66+G66+I66 -> 0 | L66: =+D66+F66+H66+J66 -> 0
B67: MANT. Y REP. DE OTRAS MAQUINAS Y EQUIPO | K67: =+C67+E67+G67+I67 -> 0 | L67: =+D67+F67+H67+J67 -> 0
B68: MANTO. Y REPARACION DE EDIFICIOS | K68: =+C68+E68+G68+I68 -> 0 | L68: =+D68+F68+H68+J68 -> 0
B69: MANT. Y REP. DE INSTALACIONES | K69: =+C69+E69+G69+I69 -> 0 | L69: =+D69+F69+H69+J69 -> 0
B70: SERVICIOS MEDICO-SANITARIOS | K70: =+C70+E70+G70+I70 -> 0 | L70: =+D70+F70+H70+J70 -> 0
B71: SERVICIOS DE VIGILANCIA | K71: =+C71+E71+G71+I71 -> 0 | L71: =+D71+F71+H71+J71 -> 0
B72: OTROS SERVICIOS NO PERSONALES | K72: =+C72+E72+G72+I72 -> 0 | L72: =+D72+F72+H72+J72 -> 0
B73: SUMA GASTOS GENERALES | C73: =SUM(C62:C72) -> 0 | D73: =SUM(D62:D72) -> 0 | E73: =SUM(E62:E72) -> 0 | F73: =SUM(F62:F72) -> 0 | G73: =SUM(G62:G72) -> 0 | H73: =SUM(H62:H72) -> 0 | I73: =SUM(I62:I72) -> 0 | J73: =SUM(J62:J72) -> 0 | ... L73: =SUM(L62:L72) -> 0
B74: MATERIALES Y SUMINISTROS
B75: ALIMENTOS PARA PERSONAS | K75: =+C75+E75+G75+I75 -> 0 | L75: =+D75+F75+H75+J75 -> 0
B76: ACABADOS TEXTILES | K76: =+C76+E76+G76+I76 -> 0 | L76: =+D76+F76+H76+J76 -> 0
B77: ELEMENTOS Y COMPUESTOS QUIMICOS | K77: =+C77+E77+G77+I77 -> 0 | L77: =+D77+F77+H77+J77 -> 0
B78: COMBUSTIBLES Y LUBRICANTES | K78: =+C78+E78+G78+I78 -> 0 | L78: =+D78+F78+H78+J78 -> 0
B79: PRODUCTOS MEDICINALES Y FARMACEUTICOS | K79: =+C79+E79+G79+I79 -> 0 | L79: =+D79+F79+H79+J79 -> 0
B80: TINTES, PINTURAS Y COLORANTES | K80: =+C80+E80+G80+I80 -> 0 | L80: =+D80+F80+H80+J80 -> 0
B81: PRODUCTOS PLASTICOS, NYLON, VINIL Y PVC | K81: =+C81+E81+G81+I81 -> 0 | L81: =+D81+F81+H81+J81 -> 0
B82: OTROS PRODUCTOS QUIMICOS Y CONEXOS | K82: =+C82+E82+G82+I82 -> 0 | L82: =+D82+F82+H82+J82 -> 0
B83: OTROS PRODUCTOS METALICOS
B84: UTILES DE LIMPIEZA Y PRODUCTOS SANITARIOS | K84: =+C84+E84+G84+I84 -> 0 | L84: =+D84+F84+H84+J84 -> 0
B85: UTILES MENORES MEDICO QUIRURGICOS Y DE LAB. | K85: =+C85+E85+G85+I85 -> 0 | L85: =+D85+F85+H85+J85 -> 0
B86: UTILES, ACCESORIOS Y MATERIALES ELECTRICOS | K86: =+C86+E86+G86+I86 -> 0 | L86: =+D86+F86+H86+J86 -> 0
B87: ACCESORIOS Y REPUESTOS EN GENERAL | K87: =+C87+E87+G87+I87 -> 0 | L87: =+D87+F87+H87+J87 -> 0
B88: OTROS MATERIALES Y SUMINISTROS | K88: =+C88+E88+G88+I88 -> 0 | L88: =+D88+F88+H88+J88 -> 0
B89: TOTAL MATERIALES Y SUMINISTROS | C89: =SUM(C75:C88) -> 0 | D89: =SUM(D75:D88) -> 0 | E89: =SUM(E75:E88) -> 0 | F89: =SUM(F75:F88) -> 0 | G89: =SUM(G75:G88) -> 0 | H89: =SUM(H75:H88) -> 0 | I89: =SUM(I75:I88) -> 0 | J89: =SUM(J75:J88) -> 0 | ... L89: =SUM(L75:L88) -> 0
B90: PROPIEDAD PLANTA Y EQUIPO
B91: EQUIPO DE OFICINA | K91: =+C91+E91+G91+I91 -> 0 | L91: =+D91+F91+H91+J91 -> 0
B92: EQUIPO MEDICO SANITARIO Y DE LABORATORIO | K92: =+C92+E92+G92+I92 -> 0 | L92: =+D92+F92+H92+J92 -> 0
B93: EQUIPO DE COMPUTACION | K93: =+C93+E93+G93+I93 -> 0 | L93: =+D93+F93+H93+J93 -> 0
B94: OTRAS MAQUINARIAS Y EQUIPOS | K94: =+C94+E94+G94+I94 -> 0 | L94: =+D94+F94+H94+J94 -> 0
B95: TOTAL PROPIEDAD PLANTA Y EQUIPO | C95: =SUM(C91:C94) -> 0 | D95: =SUM(D91:D94) -> 0 | E95: =SUM(E91:E94) -> 0 | F95: =SUM(F91:F94) -> 0 | G95: =SUM(G91:G94) -> 0 | H95: =SUM(H91:H94) -> 0 | I95: =SUM(I91:I94) -> 0 | J95: =SUM(J91:J94) -> 0 | ... L95: =SUM(L91:L94) -> 0
A98: Programación y ejecucion mensual por tipo de gasto año 2021, Expresado en Quetzales tercer cuatrimestre 2021
A99: No. | B99: CATEGORIA DE GASTO | C99: SEPTIEMBRE | E99: OCTUBRE | G99: NOVIEMBRE | I99: DICIEMBRE | K99: TOTAL CUATRIMESTRE
C100: PRESUPUESTO | D100: REAL | E100: PRESUPUESTO | F100: REAL | G100: PRESUPUESTO | H100: REAL | I100: PRESUPUESTO | J100: REAL | K100: PRESUPUESTO | L100: REAL
B101: RECURSO HUMANO | K101: =+C101+E101+G101+I101 -> 0 | L101: =+D101+F101+H101+J101 -> 0
B103: GASTOS DE FUNCIONAMIENTO | C103: =+C116+C135 -> 0 | D103: =+D116+D135 -> 0 | E103: =+E116+E135 -> 0 | F103: =+F116+F135 -> 0 | G103: =+G116+G135 -> 0 | H103: =+H116+H135 -> 0 | I103: =+I116+I135 -> 0 | J103: =+J116+J135 -> 0 | K103: =+C103+E103+G103+I103 -> 0 | L103: =+D103+F103+H103+J103 -> 0
B104: ENERGIA ELECTRICA | K104: =+C104+E104+G104+I104 -> 0 | L104: =+D104+F104+H104+J104 -> 0
B105: TELEFONIA | K105: =+C105+E105+G105+I105 -> 0 | L105: =+D105+F105+H105+J105 -> 0
B106: IMPRESIÓN, ENCUADERNACION Y REPRODUCCION | K106: =+C106+E106+G106+I106 -> 0 | L106: =+D106+F106+H106+J106 -> 0
B107: MANT. Y REP. EQUIPO MEDICO SANITARIO Y DE LAB. | K107: =+C107+E107+G107+I107 -> 0 | L107: =+D107+F107+H107+J107 -> 0
B108: MANTO. Y REPARACION DE EQUIPO DE COMPUTO | K108: =+C108+E108+G108+I108 -> 0 | L108: =+D108+F108+H108+J108 -> 0
B109: MANT. Y REP. DE OTRAS MAQUINAS Y EQUIPO | K109: =+C109+E109+G109+I109 -> 0 | L109: =+D109+F109+H109+J109 -> 0
B110: MANTO. Y REPARACION DE EDIFICIOS | K110: =+C110+E110+G110+I110 -> 0 | L110: =+D110+F110+H110+J110 -> 0
B111: MANT. Y REP. DE INSTALACIONES | K111: =+C111+E111+G111+I111 -> 0 | L111: =+D111+F111+H111+J111 -> 0
B112: SERVICIOS MEDICO-SANITARIOS | K112: =+C112+E112+G112+I112 -> 0 | L112: =+D112+F112+H112+J112 -> 0
B113: OTROS ESTUDIOS Y/O SERVICIOS | K113: =+C113+E113+G113+I113 -> 0 | L113: =+D113+F113+H113+J113 -> 0
B114: SERVICIOS DE VIGILANCIA | K114: =+C114+E114+G114+I114 -> 0 | L114: =+D114+F114+H114+J114 -> 0
B115: OTROS SERVICIOS NO PERSONALES | K115: =+C115+E115+G115+I115 -> 0 | L115: =+D115+F115+H115+J115 -> 0
B116: SUMA GASTOS GENERALES | C116: =SUM(C104:C115) -> 0 | D116: =SUM(D104:D115) -> 0 | E116: =SUM(E104:E115) -> 0 | F116: =SUM(F104:F115) -> 0 | G116: =SUM(G104:G115) -> 0 | H116: =SUM(H104:H115) -> 0 | I116: =SUM(I104:I115) -> 0 | J116: =SUM(J104:J115) -> 0 | ... L116: =SUM(L104:L115) -> 0
B117: MATERIALES Y SUMINISTROS
B118: ALIMENTOS PARA PERSONAS | K118: =+C118+E118+G118+I118 -> 0 | L118: =+D118+F118+H118+J118 -> 0
B119: ACABADOS TEXTILES | K119: =+C119+E119+G119+I119 -> 0 | L119: =+D119+F119+H119+J119 -> 0
...

Sheet FEBRERO CTE-5
B8: ÀREA FINANCIERA | K8: CTE-5
A10: UNIDAD DE CIRUGIA CARDIOVASCULAR DE GUATEMALA
A11: 5a. AVENIDA 6-22 ZONA 11
A12: dgunicar@yahoo.es Tel. 24163000
A14: Programación y ejecucion mensual por tipo de gasto año 2021, Expresado en Quetzales primer cuatrimestre 2021
A15: No. | B15: CATEGORIA DE GASTO | C15: ENERO | E15: FEBRERO | G15: MARZO | I15: ABRIL | K15: TOTAL CUATRIMESTRE
C16: PRESUPUESTO | D16: REAL | E16: PRESUPUESTO | F16: REAL | G16: PRESUPUESTO | H16: REAL | I16: PRESUPUESTO | J16: REAL | K16: PRESUPUESTO | L16: REAL
B17: RECURSO HUMANO | C17: 2066666.7 | D17: 1849158.4 | E17: 2066666.7 | F17: 1911482 | K17: =+C17+E17+G17+I17 -> 4133333.3 | L17: =+D17+F17+H17+J17 -> 3760640.4
B19: GASTOS DE FUNCIONAMIENTO | C19: =+C31+C47 -> 2882453.1 | D19: =+D31+D47 -> 0 | E19: =+E31+E47 -> 3039642.7 | F19: =+F31+F47 -> 41948.01 | G19: =+G31+G47 -> 0 | H19: =+H31+H47 -> 0 | I19: =+I31+I47 -> 0 | J19: =+J31+J47 -> 0 | K19: =+C19+E19+G19+I19 -> 5922095.8 | L19: =+D19+F19+H19+J19 -> 41948.01
B20: ENERGIA ELECTRICA | C20: 0 | D20: 0 | E20: 85000 | F20: 0 | K20: =+C20+E20+G20+I20 -> 85000 | L20: =+D20+F20+H20+J20 -> 0
B21: TELEFONIA | C21: 12049.58 | D21: 0 | E21: 12049.58 | F21: 8664.63 | K21: =+C21+E21+G21+I21 -> 24099.16 | L21: =+D21+F21+H21+J21 -> 8664.63
B22: IMPRESIÓN, ENCUADERNACION Y REPRODUCCION | C22: 0 | D22: 0 | E22: 0 | F22: 0 | L22: =+D22+F22+H22+J22 -> 0
B23: MANT. Y REP. EQUIPO MEDICO SANITARIO Y DE LAB. | C23: 0 | D23: 0 | E23: 0 | F23: 0 | K23: =+C23+E23+G23+I23 -> 0 | L23: =+D23+F23+H23+J23 -> 0
B24: MANTO. Y REPARACION DE EQUIPO DE COMPUTO | C24: 416.67 | D24: 0 | E24: 416.67 | F24: 0 | K24: =+C24+E24+G24+I24 -> 833.34 | L24: =+D24+F24+H24+J24 -> 0
B25: MANT. Y REP. DE OTRAS MAQUINAS Y EQUIPO | C25: 3473 | D25: 0 | E25: 3473 | F25: 0 | K25: =+C25+E25+G25+I25 -> 6946 | L25: =+D25+F25+H25+J25 -> 0
B26: MANTO. Y REPARACION DE EDIFICIOS | C26: 4316.67 | D26: 0 | E26: 4316.67 | F26: 0 | K26: =+C26+E26+G26+I26 -> 8633.34 | L26: =+D26+F26+H26+J26 -> 0
B27: MANT. Y REP. DE INSTALACIONES | C27: 7480.08 | D27: 0 | E27: 7480.08 | F27: 0 | K27: =+C27+E27+G27+I27 -> 14960.16 | L27: =+D27+F27+H27+J27 -> 0
B28: SERVICIOS MEDICO-SANITARIOS | C28: 488150.25 | D28: 0 | E28: 488150.25 | F28: 0 | K28: =+C28+E28+G28+I28 -> 976300.5 | L28: =+D28+F28+H28+J28 -> 0
B29: SERVICIOS DE VIGILANCIA | C29: 41666.67 | D29: 0 | E29: 41666.67 | F29: 0 | K29: =+C29+E29+G29+I29 -> 83333.34 | L29: =+D29+F29+H29+J29 -> 0
B30: OTROS SERVICIOS NO PERSONALES | C30: 0 | D30: 0 | E30: 72189.58 | F30: 0 | K30: =+C30+E30+G30+I30 -> 72189.58 | L30: =+D30+F30+H30+J30 -> 0
B31: SUMA GASTOS GENERALES | C31: =SUM(C20:C30) -> 557552.92 | D31: =SUM(D20:D30) -> 0 | E31: =SUM(E20:E30) -> 714742.5 | F31: =SUM(F20:F30) -> 8664.63 | G31: =SUM(G20:G30) -> 0 | H31: =SUM(H20:H30) -> 0 | I31: =SUM(I20:I30) -> 0 | J31: =SUM(J20:J30) -> 0 | ... L31: =SUM(L20:L30) -> 8664.63
B32: MATERIALES Y SUMINISTROS
B33: ALIMENTOS PARA PERSONAS | C33: 69375.89 | D33: 0 | E33: 69375.89 | F33: 13174.25 | K33: =+C33+E33+G33+I33 -> 138751.78 | L33: =+D33+F33+H33+J33 -> 13174.25
B34: ACABADOS TEXTILES | C34: 6250 | D34: 0 | E34: 6250 | F34: 0 | K34: =+C34+E34+G34+I34 -> 12500 | L34: =+D34+F34+H34+J34 -> 0
B35: ELEMENTOS Y COMPUESTOS QUIMICOS | C35: 54167.04 | D35: 0 | E35: 54167.04 | F35: 0 | K35: =+C35+E35+G35+I35 -> 108334.08 | L35: =+D35+F35+H35+J35 -> 0
B36: COMBUSTIBLES Y LUBRICANTES | C36: 666.67 | D36: 0 | E36: 666.67 | F36: 0 | K36: =+C36+E36+G36+I36 -> 1333.34 | L36: =+D36+F36+H36+J36 -> 0
B37: PRODUCTOS MEDICINALES Y FARMACEUTICOS | C37: 402411.67 | D37: 0 | E37: 402411.67 | F37: 20109.13 | K37: =+C37+E37+G37+I37 -> 804823.34 | L37: =+D37+F37+H37+J37 -> 20109.13
B38: TINTES, PINTURAS Y COLORANTES | C38: 1500 | D38: 0 | E38: 1500 | F38: 0 | K38: =+C38+E38+G38+I38 -> 3000 | L38: =+D38+F38+H38+J38 -> 0
B39: PRODUCTOS PLASTICOS, NYLON, VINIL Y PVC | C39: 17609 | D39: 0 | E39: 17609 | F39: 0 | K39: =+C39+E39+G39+I39 -> 35218 | L39: =+D39+F39+H39+J39 -> 0
B40: OTROS PRODUCTOS QUIMICOS Y CONEXOS | C40: 833.33 | D40: 0 | E40: 833.33 | F40: 0 | K40: =+C40+E40+G40+I40 -> 1666.66 | L40: =+D40+F40+H40+J40 -> 0
B41: OTROS PRODUCTOS METALICOS | C41: 736.66 | D41: 0 | E41: 736.66 | F41: 0 | K41: =+C41+E41+G41+I41 -> 1473.32 | L41: =+D41+F41+H41+J41 -> 0
B42: UTILES DE LIMPIEZA Y PRODUCTOS SANITARIOS | C42: 15323.42 | D42: 0 | E42: 15323.42 | F42: 0 | K42: =+C42+E42+G42+I42 -> 30646.84 | L42: =+D42+F42+H42+J42 -> 0
B43: UTILES MENORES MEDICO QUIRURGICOS Y DE LAB. | C43: 1697692 | D43: 0 | E43: 1697692 | F43: 0 | K43: =+C43+E43+G43+I43 -> 3395384 | L43: =+D43+F43+H43+J43 -> 0
B44: UTILES, ACCESORIOS Y MATERIALES ELECTRICOS | C44: 3334.83 | D44: 0 | E44: 3334.83 | F44: 0 | K44: =+C44+E44+G44+I44 -> 6669.66 | L44: =+D44+F44+H44+J44 -> 0
... B46: OTROS MATERIALES Y SUMINISTROS | C46: 3333.33 | D46: 0 | E46: 3333.33 | F46: 0 | K46: =+C46+E46+G46+I46 -> 6666.66 | L46: =+D46+F46+H46+J46 -> 0
B47: TOTAL MATERIALES Y SUMINISTROS | C47: =SUM(C33:C46) -> 2324900.2 | D47: =SUM(D33:D46) -> 0 | E47: =SUM(E33:E46) -> 2324900.2 | F47: =SUM(F33:F46) -> 33283.38 | G47: =SUM(G33:G46) -> 0 | H47: =SUM(H33:H46) -> 0 | I47: =SUM(I33:I46) -> 0 | J47: =SUM(J33:J46) -> 0 | ... L47: =SUM(L33:L46) -> 33283.38
B48: PROPIEDAD PLANTA Y EQUIPO
B49: EQUIPO MEDICO SANITARIO Y DE LABORATORIO | C49: 0 | D49: 0 | E49: 0 | F49: 0 | K49: =+C49+E49+G49+I49 -> 0 | L49: =+D49+F49+H49+J49 -> 0
B50: OTRAS MAQUINARIAS Y EQUIPOS | C50: 0 | D50: 0 | E50: 0 | F50: 0 | I50: 0 | K50: =+C50+E50+G50+I50 -> 0 | L50: =+D50+F50+H50+J50 -> 0
B51: TOTAL PROPIEDAD PLANTA Y EQUIPO | C51: =SUM(C49:C50) -> 0 | D51: =SUM(D49:D50) -> 0 | E51: =SUM(E49:E50) -> 0 | F51: =SUM(F49:F50) -> 0 | G51: =SUM(G49:G50) -> 0 | H51: =SUM(H49:H50) -> 0 | I51: =SUM(I49:I50) -> 0 | J51: =SUM(J49:J50) -> 0 | ... L51: =SUM(L49:L50) -> 0
A56: Programación y ejecucion mensual por tipo de gasto año 2021, Expresado en Quetzales segundo cuatrimestre 2021
A57: No. | B57: CATEGORIA DE GASTO | C57: MAYO | E57: JUNIO | G57: JULIO | I57: AGOSTO | K57: TOTAL CUATRIMESTRE
C58: PRESUPUESTO | D58: REAL | E58: PRESUPUESTO | F58: REAL | G58: PRESUPUESTO | H58: REAL | I58: PRESUPUESTO | J58: REAL | K58: PRESUPUESTO | L58: REAL
B59: RECURSO HUMANO | K59: =+C59+E59+G59+I59 -> 0 | L59: =+D59+F59+H59+J59 -> 0
B61: GASTOS DE FUNCIONAMIENTO | C61: =+C73+C89 -> 0 | D61: =+D73+D89+D95 -> 0 | E61: =+E73+E89 -> 0 | F61: =+F73+F89 -> 0 | G61: =+G73+G89 -> 0 | H61: =+H73+H89 -> 0 | I61: =+I73+I89 -> 0 | J61: =+J73+J89 -> 0 | K61: =+C61+E61+G61+I61 -> 0 | L61: =+D61+F61+H61+J61 -> 0
B62: ENERGIA ELECTRICA | K62: =+C62+E62+G62+I62 -> 0 | L62: =+D62+F62+H62+J62 -> 0
B63: TELEFONIA | K63: =+C63+E63+G63+I63 -> 0 | L63: =+D63+F63+H63+J63 -> 0
B64: IMPRESIÓN, ENCUADERNACION Y REPRODUCCION | K64: =+C64+E64+G64+I64 -> 0 | L64: =+D64+F64+H64+J64 -> 0
B65: MANT. Y REP. EQUIPO MEDICO SANITARIO Y DE LAB. | K65: =+C65+E65+G65+I65 -> 0 | L65: =+D65+F65+H65+J65 -> 0
B66: MANTO. Y REPARACION DE EQUIPO DE COMPUTO | K66: =+C66+E66+G66+I66 -> 0 | L66: =+D66+F66+H66+J66 -> 0
B67: MANT. Y REP. DE OTRAS MAQUINAS Y EQUIPO | K67: =+C67+E67+G67+I67 -> 0 | L67: =+D67+F67+H67+J67 -> 0
B68: MANTO. Y REPARACION DE EDIFICIOS | K68: =+C68+E68+G68+I68 -> 0 | L68: =+D68+F68+H68+J68 -> 0
B69: MANT. Y REP. DE INSTALACIONES | K69: =+C69+E69+G69+I69 -> 0 | L69: =+D69+F69+H69+J69 -> 0
B70: SERVICIOS MEDICO-SANITARIOS | K70: =+C70+E70+G70+I70 -> 0 | L70: =+D70+F70+H70+J70 -> 0
B71: SERVICIOS DE VIGILANCIA | K71: =+C71+E71+G71+I71 -> 0 | L71: =+D71+F71+H71+J71 -> 0
B72: OTROS SERVICIOS NO PERSONALES | K72: =+C72+E72+G72+I72 -> 0 | L72: =+D72+F72+H72+J72 -> 0
B73: SUMA GASTOS GENERALES | C73: =SUM(C62:C72) -> 0 | D73: =SUM(D62:D72) -> 0 | E73: =SUM(E62:E72) -> 0 | F73: =SUM(F62:F72) -> 0 | G73: =SUM(G62:G72) -> 0 | H73: =SUM(H62:H72) -> 0 | I73: =SUM(I62:I72) -> 0 | J73: =SUM(J62:J72) -> 0 | ... L73: =SUM(L62:L72) -> 0
B74: MATERIALES Y SUMINISTROS
B75: ALIMENTOS PARA PERSONAS | K75: =+C75+E75+G75+I75 -> 0 | L75: =+D75+F75+H75+J75 -> 0
B76: ACABADOS TEXTILES | K76: =+C76+E76+G76+I76 -> 0 | L76: =+D76+F76+H76+J76 -> 0
B77: ELEMENTOS Y COMPUESTOS QUIMICOS | K77: =+C77+E77+G77+I77 -> 0 | L77: =+D77+F77+H77+J77 -> 0
B78: COMBUSTIBLES Y LUBRICANTES | K78: =+C78+E78+G78+I78 -> 0 | L78: =+D78+F78+H78+J78 -> 0
B79: PRODUCTOS MEDICINALES Y FARMACEUTICOS | K79: =+C79+E79+G79+I79 -> 0 | L79: =+D79+F79+H79+J79 -> 0
B80: TINTES, PINTURAS Y COLORANTES | K80: =+C80+E80+G80+I80 -> 0 | L80: =+D80+F80+H80+J80 -> 0
B81: PRODUCTOS PLASTICOS, NYLON, VINIL Y PVC | K81: =+C81+E81+G81+I81 -> 0 | L81: =+D81+F81+H81+J81 -> 0
B82: OTROS PRODUCTOS QUIMICOS Y CONEXOS | K82: =+C82+E82+G82+I82 -> 0 | L82: =+D82+F82+H82+J82 -> 0
B83: OTROS PRODUCTOS METALICOS
B84: UTILES DE LIMPIEZA Y PRODUCTOS SANITARIOS | K84: =+C84+E84+G84+I84 -> 0 | L84: =+D84+F84+H84+J84 -> 0
B85: UTILES MENORES MEDICO QUIRURGICOS Y DE LAB. | K85: =+C85+E85+G85+I85 -> 0 | L85: =+D85+F85+H85+J85 -> 0
B86: UTILES, ACCESORIOS Y MATERIALES ELECTRICOS | K86: =+C86+E86+G86+I86 -> 0 | L86: =+D86+F86+H86+J86 -> 0
B87: ACCESORIOS Y REPUESTOS EN GENERAL | K87: =+C87+E87+G87+I87 -> 0 | L87: =+D87+F87+H87+J87 -> 0
B88: OTROS MATERIALES Y SUMINISTROS | K88: =+C88+E88+G88+I88 -> 0 | L88: =+D88+F88+H88+J88 -> 0
B89: TOTAL MATERIALES Y SUMINISTROS | C89: =SUM(C75:C88) -> 0 | D89: =SUM(D75:D88) -> 0 | E89: =SUM(E75:E88) -> 0 | F89: =SUM(F75:F88) -> 0 | G89: =SUM(G75:G88) -> 0 | H89: =SUM(H75:H88) -> 0 | I89: =SUM(I75:I88) -> 0 | J89: =SUM(J75:J88) -> 0 | ... L89: =SUM(L75:L88) -> 0
B90: PROPIEDAD PLANTA Y EQUIPO
B91: EQUIPO DE OFICINA | K91: =+C91+E91+G91+I91 -> 0 | L91: =+D91+F91+H91+J91 -> 0
B92: EQUIPO MEDICO SANITARIO Y DE LABORATORIO | K92: =+C92+E92+G92+I92 -> 0 | L92: =+D92+F92+H92+J92 -> 0
B93: EQUIPO DE COMPUTACION | K93: =+C93+E93+G93+I93 -> 0 | L93: =+D93+F93+H93+J93 -> 0
B94: OTRAS MAQUINARIAS Y EQUIPOS | K94: =+C94+E94+G94+I94 -> 0 | L94: =+D94+F94+H94+J94 -> 0
B95: TOTAL PROPIEDAD PLANTA Y EQUIPO | C95: =SUM(C91:C94) -> 0 | D95: =SUM(D91:D94) -> 0 | E95: =SUM(E91:E94) -> 0 | F95: =SUM(F91:F94) -> 0 | G95: =SUM(G91:G94) -> 0 | H95: =SUM(H91:H94) -> 0 | I95: =SUM(I91:I94) -> 0 | J95: =SUM(J91:J94) -> 0 | ... L95: =SUM(L91:L94) -> 0
A98: Programación y ejecucion mensual por tipo de gasto año 2021, Expresado en Quetzales tercer cuatrimestre 2021
A99: No. | B99: CATEGORIA DE GASTO | C99: SEPTIEMBRE | E99: OCTUBRE | G99: NOVIEMBRE | I99: DICIEMBRE | K99: TOTAL CUATRIMESTRE
C100: PRESUPUESTO | D100: REAL | E100: PRESUPUESTO | F100: REAL | G100: PRESUPUESTO | H100: REAL | I100: PRESUPUESTO | J100: REAL | K100: PRESUPUESTO | L100: REAL
B101: RECURSO HUMANO | K101: =+C101+E101+G101+I101 -> 0 | L101: =+D101+F101+H101+J101 -> 0
B103: GASTOS DE FUNCIONAMIENTO | C103: =+C116+C135 -> 0 | D103: =+D116+D135 -> 0 | E103: =+E116+E135 -> 0 | F103: =+F116+F135 -> 0 | G103: =+G116+G135 -> 0 | H103: =+H116+H135 -> 0 | I103: =+I116+I135 -> 0 | J103: =+J116+J135 -> 0 | K103: =+C103+E103+G103+I103 -> 0 | L103: =+D103+F103+H103+J103 -> 0
B104: ENERGIA ELECTRICA | K104: =+C104+E104+G104+I104 -> 0 | L104: =+D104+F104+H104+J104 -> 0
B105: TELEFONIA | K105: =+C105+E105+G105+I105 -> 0 | L105: =+D105+F105+H105+J105 -> 0
B106: IMPRESIÓN, ENCUADERNACION Y REPRODUCCION | K106: =+C106+E106+G106+I106 -> 0 | L106: =+D106+F106+H106+J106 -> 0
B107: MANT. Y REP. EQUIPO MEDICO SANITARIO Y DE LAB. | K107: =+C107+E107+G107+I107 -> 0 | L107: =+D107+F107+H107+J107 -> 0
B108: MANTO. Y REPARACION DE EQUIPO DE COMPUTO | K108: =+C108+E108+G108+I108 -> 0 | L108: =+D108+F108+H108+J108 -> 0
B109: MANT. Y REP. DE OTRAS MAQUINAS Y EQUIPO | K109: =+C109+E109+G109+I109 -> 0 | L109: =+D109+F109+H109+J109 -> 0
B110: MANTO. Y REPARACION DE EDIFICIOS | K110: =+C110+E110+G110+I110 -> 0 | L110: =+D110+F110+H110+J110 -> 0
B111: MANT. Y REP. DE INSTALACIONES | K111: =+C111+E111+G111+I111 -> 0 | L111: =+D111+F111+H111+J111 -> 0
B112: SERVICIOS MEDICO-SANITARIOS | K112: =+C112+E112+G112+I112 -> 0 | L112: =+D112+F112+H112+J112 -> 0
B113: OTROS ESTUDIOS Y/O SERVICIOS | K113: =+C113+E113+G113+I113 -> 0 | L113: =+D113+F113+H113+J113 -> 0
B114: SERVICIOS DE VIGILANCIA | K114: =+C114+E114+G114+I114 -> 0 | L114: =+D114+F114+H114+J114 -> 0
B115: OTROS SERVICIOS NO PERSONALES | K115: =+C115+E115+G115+I115 -> 0 | L115: =+D115+F115+H115+J115 -> 0
B116: SUMA GASTOS GENERALES | C116: =SUM(C104:C115) -> 0 | D116: =SUM(D104:D115) -> 0 | E116: =SUM(E104:E115) -> 0 | F116: =SUM(F104:F115) -> 0 | G116: =SUM(G104:G115) -> 0 | H116: =SUM(H104:H115) -> 0 | I116: =SUM(I104:I115) -> 0 | J116: =SUM(J104:J115) -> 0 | ... L116: =SUM(L104:L115) -> 0
B117: MATERIALES Y SUMINISTROS
B118: ALIMENTOS PARA PERSONAS | K118: =+C118+E118+G118+I118 -> 0 | L118: =+D118+F118+H118+J118 -> 0
B119: ACABADOS TEXTILES | K119: =+C119+E119+G119+I119 -> 0 | L119: =+D119+F119+H119+J119 -> 0
...

Sheet MARZO CTE-5
B8: ÀREA FINANCIERA | K8: CTE-5
A10: UNIDAD DE CIRUGIA CARDIOVASCULAR DE GUATEMALA
A11: 5a. AVENIDA 6-22 ZONA 11
A12: dgunicar@yahoo.es Tel. 24163000
A14: Programación y ejecucion mensual por tipo de gasto año 2021, Expresado en Quetzales primer cuatrimestre 2021
A15: No. | B15: CATEGORIA DE GASTO | C15: ENERO | E15: FEBRERO | G15: MARZO | I15: ABRIL | K15: TOTAL CUATRIMESTRE
C16: PRESUPUESTO | D16: REAL | E16: PRESUPUESTO | F16: REAL | G16: PRESUPUESTO | H16: REAL | I16: PRESUPUESTO | J16: REAL | K16: PRESUPUESTO | L16: REAL
B17: RECURSO HUMANO | C17: 2066666.7 | D17: 1849158.4 | E17: 2066666.7 | F17: 1911482 | G17: 2066666.7 | H17: 1919900.8 | K17: =+C17+E17+G17+I17 -> 6200000 | L17: =+D17+F17+H17+J17 -> 5680541.2
B19: GASTOS DE FUNCIONAMIENTO | C19: =+C31+C47 -> 2882453.1 | D19: =+D31+D47 -> 0 | E19: =+E31+E47 -> 3039642.7 | F19: =+F31+F47 -> 41948.01 | G19: =+G31+G47 -> 3127790.4 | H19: =+H31+H47 -> 173563.53 | I19: =+I31+I47 -> 0 | J19: =+J31+J47 -> 0 | K19: =+C19+E19+G19+I19 -> 9049886.2 | L19: =+D19+F19+H19+J19 -> 215511.54
B20: ENERGIA ELECTRICA | C20: 0 | D20: 0 | E20: 85000 | F20: 0 | G20: 85000 | H20: 147069.31 | K20: =+C20+E20+G20+I20 -> 170000 | L20: =+D20+F20+H20+J20 -> 147069.31
B21: TELEFONIA | C21: 12049.58 | D21: 0 | E21: 12049.58 | F21: 8664.63 | G21: 12049.58 | H21: 12401.62 | K21: =+C21+E21+G21+I21 -> 36148.74 | L21: =+D21+F21+H21+J21 -> 21066.25
B22: IMPRESIÓN, ENCUADERNACION Y REPRODUCCION | C22: 0 | D22: 0 | E22: 0 | F22: 0 | G22: 12656.27 | H22: 0 | K22: =+C22+E22+G22+I22 -> 12656.27 | L22: =+D22+F22+H22+J22 -> 0
B23: MANT. Y REP. EQUIPO MEDICO SANITARIO Y DE LAB. | C23: 0 | D23: 0 | E23: 0 | F23: 0 | G23: 75491.42 | H23: 0 | K23: =+C23+E23+G23+I23 -> 75491.42 | L23: =+D23+F23+H23+J23 -> 0
B24: MANTO. Y REPARACION DE EQUIPO DE COMPUTO | C24: 416.67 | D24: 0 | E24: 416.67 | F24: 0 | G24: 416.67 | H24: 0 | K24: =+C24+E24+G24+I24 -> 1250.01 | L24: =+D24+F24+H24+J24 -> 0
B25: MANT. Y REP. DE OTRAS MAQUINAS Y EQUIPO | C25: 3473 | D25: 0 | E25: 3473 | F25: 0 | G25: 3473 | H25: 0 | K25: =+C25+E25+G25+I25 -> 10419 | L25: =+D25+F25+H25+J25 -> 0
B26: MANTO. Y REPARACION DE EDIFICIOS | C26: 4316.67 | D26: 0 | E26: 4316.67 | F26: 0 | G26: 4316.67 | H26: 0 | K26: =+C26+E26+G26+I26 -> 12950.01 | L26: =+D26+F26+H26+J26 -> 0
B27: MANT. Y REP. DE INSTALACIONES | C27: 7480.08 | D27: 0 | E27: 7480.08 | F27: 0 | G27: 7480.08 | H27: 0 | K27: =+C27+E27+G27+I27 -> 22440.24 | L27: =+D27+F27+H27+J27 -> 0
B28: SERVICIOS MEDICO-SANITARIOS | C28: 488150.25 | D28: 0 | E28: 488150.25 | F28: 0 | G28: 488150.25 | H28: 0 | K28: =+C28+E28+G28+I28 -> 1464450.8 | L28: =+D28+F28+H28+J28 -> 0
B29: SERVICIOS DE VIGILANCIA | C29: 41666.67 | D29: 0 | E29: 41666.67 | F29: 0 | G29: 41666.67 | H29: 0 | K29: =+C29+E29+G29+I29 -> 125000.01 | L29: =+D29+F29+H29+J29 -> 0
B30: OTROS SERVICIOS NO PERSONALES | C30: 0 | D30: 0 | E30: 72189.58 | F30: 0 | G30: 72189.58 | H30: 3181.34 | K30: =+C30+E30+G30+I30 -> 144379.16 | L30: =+D30+F30+H30+J30 -> 3181.34
B31: SUMA GASTOS GENERALES | C31: =SUM(C20:C30) -> 557552.92 | D31: =SUM(D20:D30) -> 0 | E31: =SUM(E20:E30) -> 714742.5 | F31: =SUM(F20:F30) -> 8664.63 | G31: =SUM(G20:G30) -> 802890.19 | H31: =SUM(H20:H30) -> 162652.27 | I31: =SUM(I20:I30) -> 0 | J31: =SUM(J20:J30) -> 0 | ... L31: =SUM(L20:L30) -> 171316.9
B32: MATERIALES Y SUMINISTROS
B33: ALIMENTOS PARA PERSONAS | C33: 69375.89 | D33: 0 | E33: 69375.89 | F33: 13174.25 | G33: 69375.89 | H33: 0 | K33: =+C33+E33+G33+I33 -> 208127.67 | L33: =+D33+F33+H33+J33 -> 13174.25
B34: ACABADOS TEXTILES | C34: 6250 | D34: 0 | E34: 6250 | F34: 0 | G34: 6250 | H34: 0 | K34: =+C34+E34+G34+I34 -> 18750 | L34: =+D34+F34+H34+J34 -> 0
B35: ELEMENTOS Y COMPUESTOS QUIMICOS | C35: 54167.04 | D35: 0 | E35: 54167.04 | F35: 0 | G35: 54167.04 | H35: 0 | K35: =+C35+E35+G35+I35 -> 162501.12 | L35: =+D35+F35+H35+J35 -> 0
B36: COMBUSTIBLES Y LUBRICANTES | C36: 666.67 | D36: 0 | E36: 666.67 | F36: 0 | G36: 666.67 | H36: 0 | K36: =+C36+E36+G36+I36 -> 2000.01 | L36: =+D36+F36+H36+J36 -> 0
B37: PRODUCTOS MEDICINALES Y FARMACEUTICOS | C37: 402411.67 | D37: 0 | E37: 402411.67 | F37: 20109.13 | G37: 402411.67 | H37: 10911.26 | K37: =+C37+E37+G37+I37 -> 1207235 | L37: =+D37+F37+H37+J37 -> 31020.39
B38: TINTES, PINTURAS Y COLORANTES | C38: 1500 | D38: 0 | E38: 1500 | F38: 0 | G38: 1500 | H38: 0 | K38: =+C38+E38+G38+I38 -> 4500 | L38: =+D38+F38+H38+J38 -> 0
B39: PRODUCTOS PLASTICOS, NYLON, VINIL Y PVC | C39: 17609 | D39: 0 | E39: 17609 | F39: 0 | G39: 17609 | H39: 0 | K39: =+C39+E39+G39+I39 -> 52827 | L39: =+D39+F39+H39+J39 -> 0
B40: OTROS PRODUCTOS QUIMICOS Y CONEXOS | C40: 833.33 | D40: 0 | E40: 833.33 | F40: 0 | G40: 833.33 | H40: 0 | K40: =+C40+E40+G40+I40 -> 2499.99 | L40: =+D40+F40+H40+J40 -> 0
B41: OTROS PRODUCTOS METALICOS | C41: 736.66 | D41: 0 | E41: 736.66 | F41: 0 | G41: 736.66 | H41: 0 | K41: =+C41+E41+G41+I41 -> 2209.98 | L41: =+D41+F41+H41+J41 -> 0
B42: UTILES DE LIMPIEZA Y PRODUCTOS SANITARIOS | C42: 15323.42 | D42: 0 | E42: 15323.42 | F42: 0 | G42: 15323.42 | H42: 0 | K42: =+C42+E42+G42+I42 -> 45970.26 | L42: =+D42+F42+H42+J42 -> 0
B43: UTILES MENORES MEDICO QUIRURGICOS Y DE LAB. | C43: 1697692 | D43: 0 | E43: 1697692 | F43: 0 | G43: 1697692 | H43: 0 | K43: =+C43+E43+G43+I43 -> 5093076 | L43: =+D43+F43+H43+J43 -> 0
B44: UTILES, ACCESORIOS Y MATERIALES ELECTRICOS | C44: 3334.83 | D44: 0 | E44: 3334.83 | F44: 0 | G44: 3334.83 | H44: 0 | K44: =+C44+E44+G44+I44 -> 10004.49 | L44: =+D44+F44+H44+J44 -> 0
... B46: OTROS MATERIALES Y SUMINISTROS | C46: 3333.33 | D46: 0 | E46: 3333.33 | F46: 0 | G46: 3333.33 | H46: 0 | K46: =+C46+E46+G46+I46 -> 9999.99 | L46: =+D46+F46+H46+J46 -> 0
B47: TOTAL MATERIALES Y SUMINISTROS | C47: =SUM(C33:C46) -> 2324900.2 | D47: =SUM(D33:D46) -> 0 | E47: =SUM(E33:E46) -> 2324900.2 | F47: =SUM(F33:F46) -> 33283.38 | G47: =SUM(G33:G46) -> 2324900.2 | H47: =SUM(H33:H46) -> 10911.26 | I47: =SUM(I33:I46) -> 0 | J47: =SUM(J33:J46) -> 0 | ... L47: =SUM(L33:L46) -> 44194.64
B48: PROPIEDAD PLANTA Y EQUIPO
B49: EQUIPO MEDICO SANITARIO Y DE LABORATORIO | C49: 0 | D49: 0 | E49: 0 | F49: 0 | H49: 0 | K49: =+C49+E49+G49+I49 -> 0 | L49: =+D49+F49+H49+J49 -> 0
B50: OTRAS MAQUINARIAS Y EQUIPOS | C50: 0 | D50: 0 | E50: 0 | F50: 0 | H50: 0 | I50: 0 | K50: =+C50+E50+G50+I50 -> 0 | L50: =+D50+F50+H50+J50 -> 0
B51: TOTAL PROPIEDAD PLANTA Y EQUIPO | C51: =SUM(C49:C50) -> 0 | D51: =SUM(D49:D50) -> 0 | E51: =SUM(E49:E50) -> 0 | F51: =SUM(F49:F50) -> 0 | G51: =SUM(G49:G50) -> 0 | H51: =SUM(H49:H50) -> 0 | I51: =SUM(I49:I50) -> 0 | J51: =SUM(J49:J50) -> 0 | ... L51: =SUM(L49:L50) -> 0
A56: Programación y ejecucion mensual por tipo de gasto año 2021, Expresado en Quetzales segundo cuatrimestre 2021
A57: No. | B57: CATEGORIA DE GASTO | C57: MAYO | E57: JUNIO | G57: JULIO | I57: AGOSTO | K57: TOTAL CUATRIMESTRE
C58: PRESUPUESTO | D58: REAL | E58: PRESUPUESTO | F58: REAL | G58: PRESUPUESTO | H58: REAL | I58: PRESUPUESTO | J58: REAL | K58: PRESUPUESTO | L58: REAL
B59: RECURSO HUMANO | K59: =+C59+E59+G59+I59 -> 0 | L59: =+D59+F59+H59+J59 -> 0
B61: GASTOS DE FUNCIONAMIENTO | C61: =+C73+C89 -> 0 | D61: =+D73+D89+D95 -> 0 | E61: =+E73+E89 -> 0 | F61: =+F73+F89 -> 0 | G61: =+G73+G89 -> 0 | H61: =+H73+H89 -> 0 | I61: =+I73+I89 -> 0 | J61: =+J73+J89 -> 0 | K61: =+C61+E61+G61+I61 -> 0 | L61: =+D61+F61+H61+J61 -> 0
B62: ENERGIA ELECTRICA | K62: =+C62+E62+G62+I62 -> 0 | L62: =+D62+F62+H62+J62 -> 0
B63: TELEFONIA | K63: =+C63+E63+G63+I63 -> 0 | L63: =+D63+F63+H63+J63 -> 0
B64: IMPRESIÓN, ENCUADERNACION Y REPRODUCCION | K64: =+C64+E64+G64+I64 -> 0 | L64: =+D64+F64+H64+J64 -> 0
B65: MANT. Y REP. EQUIPO MEDICO SANITARIO Y DE LAB. | K65: =+C65+E65+G65+I65 -> 0 | L65: =+D65+F65+H65+J65 -> 0
B66: MANTO. Y REPARACION DE EQUIPO DE COMPUTO | K66: =+C66+E66+G66+I66 -> 0 | L66: =+D66+F66+H66+J66 -> 0
B67: MANT. Y REP. DE OTRAS MAQUINAS Y EQUIPO | K67: =+C67+E67+G67+I67 -> 0 | L67: =+D67+F67+H67+J67 -> 0
B68: MANTO. Y REPARACION DE EDIFICIOS | K68: =+C68+E68+G68+I68 -> 0 | L68: =+D68+F68+H68+J68 -> 0
B69: MANT. Y REP. DE INSTALACIONES | K69: =+C69+E69+G69+I69 -> 0 | L69: =+D69+F69+H69+J69 -> 0
B70: SERVICIOS MEDICO-SANITARIOS | K70: =+C70+E70+G70+I70 -> 0 | L70: =+D70+F70+H70+J70 -> 0
B71: SERVICIOS DE VIGILANCIA | K71: =+C71+E71+G71+I71 -> 0 | L71: =+D71+F71+H71+J71 -> 0
B72: OTROS SERVICIOS NO PERSONALES | K72: =+C72+E72+G72+I72 -> 0 | L72: =+D72+F72+H72+J72 -> 0
B73: SUMA GASTOS GENERALES | C73: =SUM(C62:C72) -> 0 | D73: =SUM(D62:D72) -> 0 | E73: =SUM(E62:E72) -> 0 | F73: =SUM(F62:F72) -> 0 | G73: =SUM(G62:G72) -> 0 | H73: =SUM(H62:H72) -> 0 | I73: =SUM(I62:I72) -> 0 | J73: =SUM(J62:J72) -> 0 | ... L73: =SUM(L62:L72) -> 0
B74: MATERIALES Y SUMINISTROS
B75: ALIMENTOS PARA PERSONAS | K75: =+C75+E75+G75+I75 -> 0 | L75: =+D75+F75+H75+J75 -> 0
B76: ACABADOS TEXTILES | K76: =+C76+E76+G76+I76 -> 0 | L76: =+D76+F76+H76+J76 -> 0
B77: ELEMENTOS Y COMPUESTOS QUIMICOS | K77: =+C77+E77+G77+I77 -> 0 | L77: =+D77+F77+H77+J77 -> 0
B78: COMBUSTIBLES Y LUBRICANTES | K78: =+C78+E78+G78+I78 -> 0 | L78: =+D78+F78+H78+J78 -> 0
B79: PRODUCTOS MEDICINALES Y FARMACEUTICOS | K79: =+C79+E79+G79+I79 -> 0 | L79: =+D79+F79+H79+J79 -> 0
B80: TINTES, PINTURAS Y COLORANTES | K80: =+C80+E80+G80+I80 -> 0 | L80: =+D80+F80+H80+J80 -> 0
B81: PRODUCTOS PLASTICOS, NYLON, VINIL Y PVC | K81: =+C81+E81+G81+I81 -> 0 | L81: =+D81+F81+H81+J81 -> 0
B82: OTROS PRODUCTOS QUIMICOS Y CONEXOS | K82: =+C82+E82+G82+I82 -> 0 | L82: =+D82+F82+H82+J82 -> 0
B83: OTROS PRODUCTOS METALICOS
B84: UTILES DE LIMPIEZA Y PRODUCTOS SANITARIOS | K84: =+C84+E84+G84+I84 -> 0 | L84: =+D84+F84+H84+J84 -> 0
B85: UTILES MENORES MEDICO QUIRURGICOS Y DE LAB. | K85: =+C85+E85+G85+I85 -> 0 | L85: =+D85+F85+H85+J85 -> 0
B86: UTILES, ACCESORIOS Y MATERIALES ELECTRICOS | K86: =+C86+E86+G86+I86 -> 0 | L86: =+D86+F86+H86+J86 -> 0
B87: ACCESORIOS Y REPUESTOS EN GENERAL | K87: =+C87+E87+G87+I87 -> 0 | L87: =+D87+F87+H87+J87 -> 0
B88: OTROS MATERIALES Y SUMINISTROS | K88: =+C88+E88+G88+I88 -> 0 | L88: =+D88+F88+H88+J88 -> 0
B89: TOTAL MATERIALES Y SUMINISTROS | C89: =SUM(C75:C88) -> 0 | D89: =SUM(D75:D88) -> 0 | E89: =SUM(E75:E88) -> 0 | F89: =SUM(F75:F88) -> 0 | G89: =SUM(G75:G88) -> 0 | H89: =SUM(H75:H88) -> 0 | I89: =SUM(I75:I88) -> 0 | J89: =SUM(J75:J88) -> 0 | ... L89: =SUM(L75:L88) -> 0
B90: PROPIEDAD PLANTA Y EQUIPO
B91: EQUIPO DE OFICINA | K91: =+C91+E91+G91+I91 -> 0 | L91: =+D91+F91+H91+J91 -> 0
B92: EQUIPO MEDICO SANITARIO Y DE LABORATORIO | K92: =+C92+E92+G92+I92 -> 0 | L92: =+D92+F92+H92+J92 -> 0
B93: EQUIPO DE COMPUTACION | K93: =+C93+E93+G93+I93 -> 0 | L93: =+D93+F93+H93+J93 -> 0
B94: OTRAS MAQUINARIAS Y EQUIPOS | K94: =+C94+E94+G94+I94 -> 0 | L94: =+D94+F94+H94+J94 -> 0
B95: TOTAL PROPIEDAD PLANTA Y EQUIPO | C95: =SUM(C91:C94) -> 0 | D95: =SUM(D91:D94) -> 0 | E95: =SUM(E91:E94) -> 0 | F95: =SUM(F91:F94) -> 0 | G95: =SUM(G91:G94) -> 0 | H95: =SUM(H91:H94) -> 0 | I95: =SUM(I91:I94) -> 0 | J95: =SUM(J91:J94) -> 0 | ... L95: =SUM(L91:L94) -> 0
A98: Programación y ejecucion mensual por tipo de gasto año 2021, Expresado en Quetzales tercer cuatrimestre 2021
A99: No. | B99: CATEGORIA DE GASTO | C99: SEPTIEMBRE | E99: OCTUBRE | G99: NOVIEMBRE | I99: DICIEMBRE | K99: TOTAL CUATRIMESTRE
C100: PRESUPUESTO | D100: REAL | E100: PRESUPUESTO | F100: REAL | G100: PRESUPUESTO | H100: REAL | I100: PRESUPUESTO | J100: REAL | K100: PRESUPUESTO | L100: REAL
B101: RECURSO HUMANO | K101: =+C101+E101+G101+I101 -> 0 | L101: =+D101+F101+H101+J101 -> 0
B103: GASTOS DE FUNCIONAMIENTO | C103: =+C116+C135 -> 0 | D103: =+D116+D135 -> 0 | E103: =+E116+E135 -> 0 | F103: =+F116+F135 -> 0 | G103: =+G116+G135 -> 0 | H103: =+H116+H135 -> 0 | I103: =+I116+I135 -> 0 | J103: =+J116+J135 -> 0 | K103: =+C103+E103+G103+I103 -> 0 | L103: =+D103+F103+H103+J103 -> 0
B104: ENERGIA ELECTRICA | K104: =+C104+E104+G104+I104 -> 0 | L104: =+D104+F104+H104+J104 -> 0
B105: TELEFONIA | K105: =+C105+E105+G105+I105 -> 0 | L105: =+D105+F105+H105+J105 -> 0
B106: IMPRESIÓN, ENCUADERNACION Y REPRODUCCION | K106: =+C106+E106+G106+I106 -> 0 | L106: =+D106+F106+H106+J106 -> 0
B107: MANT. Y REP. EQUIPO MEDICO SANITARIO Y DE LAB. | K107: =+C107+E107+G107+I107 -> 0 | L107: =+D107+F107+H107+J107 -> 0
B108: MANTO. Y REPARACION DE EQUIPO DE COMPUTO | K108: =+C108+E108+G108+I108 -> 0 | L108: =+D108+F108+H108+J108 -> 0
B109: MANT. Y REP. DE OTRAS MAQUINAS Y EQUIPO | K109: =+C109+E109+G109+I109 -> 0 | L109: =+D109+F109+H109+J109 -> 0
B110: MANTO. Y REPARACION DE EDIFICIOS | K110: =+C110+E110+G110+I110 -> 0 | L110: =+D110+F110+H110+J110 -> 0
B111: MANT. Y REP. DE INSTALACIONES | K111: =+C111+E111+G111+I111 -> 0 | L111: =+D111+F111+H111+J111 -> 0
B112: SERVICIOS MEDICO-SANITARIOS | K112: =+C112+E112+G112+I112 -> 0 | L112: =+D112+F112+H112+J112 -> 0
B113: OTROS ESTUDIOS Y/O SERVICIOS | K113: =+C113+E113+G113+I113 -> 0 | L113: =+D113+F113+H113+J113 -> 0
B114: SERVICIOS DE VIGILANCIA | K114: =+C114+E114+G114+I114 -> 0 | L114: =+D114+F114+H114+J114 -> 0
B115: OTROS SERVICIOS NO PERSONALES | K115: =+C115+E115+G115+I115 -> 0 | L115: =+D115+F115+H115+J115 -> 0
B116: SUMA GASTOS GENERALES | C116: =SUM(C104:C115) -> 0 | D116: =SUM(D104:D115) -> 0 | E116: =SUM(E104:E115) -> 0 | F116: =SUM(F104:F115) -> 0 | G116: =SUM(G104:G115) -> 0 | H116: =SUM(H104:H115) -> 0 | I116: =SUM(I104:I115) -> 0 | J116: =SUM(J104:J115) -> 0 | ... L116: =SUM(L104:L115) -> 0
B117: MATERIALES Y SUMINISTROS
B118: ALIMENTOS PARA PERSONAS | K118: =+C118+E118+G118+I118 -> 0 | L118: =+D118+F118+H118+J118 -> 0
B119: ACABADOS TEXTILES | K119: =+C119+E119+G119+I119 -> 0 | L119: =+D119+F119+H119+J119 -> 0
...

Sheet ABRIL CTE-5
B8: ÀREA FINANCIERA | K8: CTE-5
A10: UNIDAD DE CIRUGIA CARDIOVASCULAR DE GUATEMALA
A11: 5a. AVENIDA 6-22 ZONA 11
A12: dgunicar@yahoo.es Tel. 24163000
A14: Programación y ejecucion mensual por tipo de gasto año 2021, Expresado en Quetzales primer cuatrimestre 2021
A15: No. | B15: CATEGORIA DE GASTO | C15: ENERO | E15: FEBRERO | G15: MARZO | I15: ABRIL | K15: TOTAL CUATRIMESTRE
C16: PRESUPUESTO | D16: REAL | E16: PRESUPUESTO | F16: REAL | G16: PRESUPUESTO | H16: REAL | I16: PRESUPUESTO | J16: REAL | K16: PRESUPUESTO | L16: REAL
B17: RECURSO HUMANO | C17: 2066666.7 | D17: 1849158.4 | E17: 2066666.7 | F17: 1911482 | G17: 2066666.7 | H17: 1919900.8 | I17: 2066666.7 | J17: 2504690.2 | K17: =+C17+E17+G17+I17 -> 8266666.7 | L17: =+D17+F17+H17+J17 -> 8185231.3
B19: GASTOS DE FUNCIONAMIENTO | C19: =+C31+C47 -> 2882453.1 | D19: =+D31+D47 -> 0 | E19: =+E31+E47 -> 3039642.7 | F19: =+F31+F47 -> 41948.01 | G19: =+G31+G47 -> 3127790.4 | H19: =+H31+H47 -> 173563.53 | I19: =+I31+I47 -> 3127790.4 | J19: =+J31+J47 -> 2323502.4 | K19: =+C19+E19+G19+I19 -> 12177677 | L19: =+D19+F19+H19+J19 -> 2539014
B20: ENERGIA ELECTRICA | C20: 0 | D20: 0 | E20: 85000 | F20: 0 | G20: 85000 | H20: 147069.31 | I20: 85000 | J20: 0 | K20: =+C20+E20+G20+I20 -> 255000 | L20: =+D20+F20+H20+J20 -> 147069.31
B21: TELEFONIA | C21: 12049.58 | D21: 0 | E21: 12049.58 | F21: 8664.63 | G21: 12049.58 | H21: 12401.62 | I21: 12049.58 | J21: 8502.04 | K21: =+C21+E21+G21+I21 -> 48198.32 | L21: =+D21+F21+H21+J21 -> 29568.29
B22: IMPRESIÓN, ENCUADERNACION Y REPRODUCCION | C22: 0 | D22: 0 | E22: 0 | F22: 0 | G22: 12656.27 | H22: 0 | I22: 12656.27 | J22: 39254.8 | K22: =+C22+E22+G22+I22 -> 25312.54 | L22: =+D22+F22+H22+J22 -> 39254.8
B23: MANT. Y REP. EQUIPO MEDICO SANITARIO Y DE LAB. | C23: 0 | D23: 0 | E23: 0 | F23: 0 | G23: 75491.42 | H23: 0 | I23: 75491.42 | J23: 0 | K23: =+C23+E23+G23+I23 -> 150982.84 | L23: =+D23+F23+H23+J23 -> 0
B24: MANTO. Y REPARACION DE EQUIPO DE COMPUTO | C24: 416.67 | D24: 0 | E24: 416.67 | F24: 0 | G24: 416.67 | H24: 0 | I24: 416.67 | J24: 0 | K24: =+C24+E24+G24+I24 -> 1666.68 | L24: =+D24+F24+H24+J24 -> 0
B25: MANT. Y REP. DE OTRAS MAQUINAS Y EQUIPO | C25: 3473 | D25: 0 | E25: 3473 | F25: 0 | G25: 3473 | H25: 0 | I25: 3473 | J25: 0 | K25: =+C25+E25+G25+I25 -> 13892 | L25: =+D25+F25+H25+J25 -> 0
B26: MANTO. Y REPARACION DE EDIFICIOS | C26: 4316.67 | D26: 0 | E26: 4316.67 | F26: 0 | G26: 4316.67 | H26: 0 | I26: 4316.67 | J26: 0 | K26: =+C26+E26+G26+I26 -> 17266.68 | L26: =+D26+F26+H26+J26 -> 0
B27: MANT. Y REP. DE INSTALACIONES | C27: 7480.08 | D27: 0 | E27: 7480.08 | F27: 0 | G27: 7480.08 | H27: 0 | I27: 7480.08 | J27: 9540 | K27: =+C27+E27+G27+I27 -> 29920.32 | L27: =+D27+F27+H27+J27 -> 9540
B28: SERVICIOS MEDICO-SANITARIOS | C28: 488150.25 | D28: 0 | E28: 488150.25 | F28: 0 | G28: 488150.25 | H28: 0 | I28: 488150.25 | J28: 502273 | K28: =+C28+E28+G28+I28 -> 1952601 | L28: =+D28+F28+H28+J28 -> 502273
B29: SERVICIOS DE VIGILANCIA | C29: 41666.67 | D29: 0 | E29: 41666.67 | F29: 0 | G29: 41666.67 | H29: 0 | I29: 41666.67 | J29: 84000 | K29: =+C29+E29+G29+I29 -> 166666.68 | L29: =+D29+F29+H29+J29 -> 84000
B30: OTROS SERVICIOS NO PERSONALES | C30: 0 | D30: 0 | E30: 72189.58 | F30: 0 | G30: 72189.58 | H30: 3181.34 | I30: 72189.58 | J30: 133676.41 | K30: =+C30+E30+G30+I30 -> 216568.74 | L30: =+D30+F30+H30+J30 -> 136857.75
B31: SUMA GASTOS GENERALES | C31: =SUM(C20:C30) -> 557552.92 | D31: =SUM(D20:D30) -> 0 | E31: =SUM(E20:E30) -> 714742.5 | F31: =SUM(F20:F30) -> 8664.63 | G31: =SUM(G20:G30) -> 802890.19 | H31: =SUM(H20:H30) -> 162652.27 | I31: =SUM(I20:I30) -> 802890.19 | J31: =SUM(J20:J30) -> 777246.25 | ... L31: =SUM(L20:L30) -> 948563.15
B32: MATERIALES Y SUMINISTROS
B33: ALIMENTOS PARA PERSONAS | C33: 69375.89 | D33: 0 | E33: 69375.89 | F33: 13174.25 | G33: 69375.89 | H33: 0 | I33: 69375.89 | J33: 89113.5 | K33: =+C33+E33+G33+I33 -> 277503.56 | L33: =+D33+F33+H33+J33 -> 102287.75
B34: ACABADOS TEXTILES | C34: 6250 | D34: 0 | E34: 6250 | F34: 0 | G34: 6250 | H34: 0 | I34: 6250 | J34: 0 | K34: =+C34+E34+G34+I34 -> 25000 | L34: =+D34+F34+H34+J34 -> 0
B35: ELEMENTOS Y COMPUESTOS QUIMICOS | C35: 54167.04 | D35: 0 | E35: 54167.04 | F35: 0 | G35: 54167.04 | H35: 0 | I35: 54167.04 | J35: 184973.15 | K35: =+C35+E35+G35+I35 -> 216668.16 | L35: =+D35+F35+H35+J35 -> 184973.15
B36: COMBUSTIBLES Y LUBRICANTES | C36: 666.67 | D36: 0 | E36: 666.67 | F36: 0 | G36: 666.67 | H36: 0 | I36: 666.67 | J36: 0 | K36: =+C36+E36+G36+I36 -> 2666.68 | L36: =+D36+F36+H36+J36 -> 0
B37: PRODUCTOS MEDICINALES Y FARMACEUTICOS | C37: 402411.67 | D37: 0 | E37: 402411.67 | F37: 20109.13 | G37: 402411.67 | H37: 10911.26 | I37: 402411.67 | J37: 635048.73 | K37: =+C37+E37+G37+I37 -> 1609646.7 | L37: =+D37+F37+H37+J37 -> 666069.12
B38: TINTES, PINTURAS Y COLORANTES | C38: 1500 | D38: 0 | E38: 1500 | F38: 0 | G38: 1500 | H38: 0 | I38: 1500 | J38: 0 | K38: =+C38+E38+G38+I38 -> 6000 | L38: =+D38+F38+H38+J38 -> 0
B39: PRODUCTOS PLASTICOS, NYLON, VINIL Y PVC | C39: 17609 | D39: 0 | E39: 17609 | F39: 0 | G39: 17609 | H39: 0 | I39: 17609 | J39: 22920 | K39: =+C39+E39+G39+I39 -> 70436 | L39: =+D39+F39+H39+J39 -> 22920
B40: OTROS PRODUCTOS QUIMICOS Y CONEXOS | C40: 833.33 | D40: 0 | E40: 833.33 | F40: 0 | G40: 833.33 | H40: 0 | I40: 833.33 | J40: 0 | K40: =+C40+E40+G40+I40 -> 3333.32 | L40: =+D40+F40+H40+J40 -> 0
B41: OTROS PRODUCTOS METALICOS | C41: 736.66 | D41: 0 | E41: 736.66 | F41: 0 | G41: 736.66 | H41: 0 | I41: 736.66 | J41: 1700 | K41: =+C41+E41+G41+I41 -> 2946.64 | L41: =+D41+F41+H41+J41 -> 1700
B42: UTILES DE LIMPIEZA Y PRODUCTOS SANITARIOS | C42: 15323.42 | D42: 0 | E42: 15323.42 | F42: 0 | G42: 15323.42 | H42: 0 | I42: 15323.42 | J42: 26482 | K42: =+C42+E42+G42+I42 -> 61293.68 | L42: =+D42+F42+H42+J42 -> 26482
B43: UTILES MENORES MEDICO QUIRURGICOS Y DE LAB. | C43: 1697692 | D43: 0 | E43: 1697692 | F43: 0 | G43: 1697692 | H43: 0 | I43: 1697692 | J43: 574272.14 | K43: =+C43+E43+G43+I43 -> 6790768 | L43: =+D43+F43+H43+J43 -> 574272.14
B44: UTILES, ACCESORIOS Y MATERIALES ELECTRICOS | C44: 3334.83 | D44: 0 | E44: 3334.83 | F44: 0 | G44: 3334.83 | H44: 0 | I44: 3334.83 | J44: 6762.65 | K44: =+C44+E44+G44+I44 -> 13339.32 | L44: =+D44+F44+H44+J44 -> 6762.65
... B46: OTROS MATERIALES Y SUMINISTROS | C46: 3333.33 | D46: 0 | E46: 3333.33 | F46: 0 | G46: 3333.33 | H46: 0 | I46: 3333.33 | J46: 0 | K46: =+C46+E46+G46+I46 -> 13333.32 | L46: =+D46+F46+H46+J46 -> 0
B47: TOTAL MATERIALES Y SUMINISTROS | C47: =SUM(C33:C46) -> 2324900.2 | D47: =SUM(D33:D46) -> 0 | E47: =SUM(E33:E46) -> 2324900.2 | F47: =SUM(F33:F46) -> 33283.38 | G47: =SUM(G33:G46) -> 2324900.2 | H47: =SUM(H33:H46) -> 10911.26 | I47: =SUM(I33:I46) -> 2324900.2 | J47: =SUM(J33:J46) -> 1546256.2 | ... L47: =SUM(L33:L46) -> 1590450.8
B48: PROPIEDAD PLANTA Y EQUIPO
B49: EQUIPO MEDICO SANITARIO Y DE LABORATORIO | C49: 0 | D49: 0 | E49: 0 | F49: 0 | H49: 0 | K49: =+C49+E49+G49+I49 -> 0 | L49: =+D49+F49+H49+J49 -> 0
B50: OTRAS MAQUINARIAS Y EQUIPOS | C50: 0 | D50: 0 | E50: 0 | F50: 0 | H50: 0 | I50: 0 | K50: =+C50+E50+G50+I50 -> 0 | L50: =+D50+F50+H50+J50 -> 0
B51: TOTAL PROPIEDAD PLANTA Y EQUIPO | C51: =SUM(C49:C50) -> 0 | D51: =SUM(D49:D50) -> 0 | E51: =SUM(E49:E50) -> 0 | F51: =SUM(F49:F50) -> 0 | G51: =SUM(G49:G50) -> 0 | H51: =SUM(H49:H50) -> 0 | I51: =SUM(I49:I50) -> 0 | J51: =SUM(J49:J50) -> 0 | ... L51: =SUM(L49:L50) -> 0
A56: Programación y ejecucion mensual por tipo de gasto año 2021, Expresado en Quetzales segundo cuatrimestre 2021
A57: No. | B57: CATEGORIA DE GASTO | C57: MAYO | E57: JUNIO | G57: JULIO | I57: AGOSTO | K57: TOTAL CUATRIMESTRE
C58: PRESUPUESTO | D58: REAL | E58: PRESUPUESTO | F58: REAL | G58: PRESUPUESTO | H58: REAL | I58: PRESUPUESTO | J58: REAL | K58: PRESUPUESTO | L58: REAL
B59: RECURSO HUMANO | K59: =+C59+E59+G59+I59 -> 0 | L59: =+D59+F59+H59+J59 -> 0
B61: GASTOS DE FUNCIONAMIENTO | C61: =+C73+C89 -> 0 | D61: =+D73+D89+D95 -> 0 | E61: =+E73+E89 -> 0 | F61: =+F73+F89 -> 0 | G61: =+G73+G89 -> 0 | H61: =+H73+H89 -> 0 | I61: =+I73+I89 -> 0 | J61: =+J73+J89 -> 0 | K61: =+C61+E61+G61+I61 -> 0 | L61: =+D61+F61+H61+J61 -> 0
B62: ENERGIA ELECTRICA | K62: =+C62+E62+G62+I62 -> 0 | L62: =+D62+F62+H62+J62 -> 0
B63: TELEFONIA | K63: =+C63+E63+G63+I63 -> 0 | L63: =+D63+F63+H63+J63 -> 0
B64: IMPRESIÓN, ENCUADERNACION Y REPRODUCCION | K64: =+C64+E64+G64+I64 -> 0 | L64: =+D64+F64+H64+J64 -> 0
B65: MANT. Y REP. EQUIPO MEDICO SANITARIO Y DE LAB. | K65: =+C65+E65+G65+I65 -> 0 | L65: =+D65+F65+H65+J65 -> 0
B66: MANTO. Y REPARACION DE EQUIPO DE COMPUTO | K66: =+C66+E66+G66+I66 -> 0 | L66: =+D66+F66+H66+J66 -> 0
B67: MANT. Y REP. DE OTRAS MAQUINAS Y EQUIPO | K67: =+C67+E67+G67+I67 -> 0 | L67: =+D67+F67+H67+J67 -> 0
B68: MANTO. Y REPARACION DE EDIFICIOS | K68: =+C68+E68+G68+I68 -> 0 | L68: =+D68+F68+H68+J68 -> 0
B69: MANT. Y REP. DE INSTALACIONES | K69: =+C69+E69+G69+I69 -> 0 | L69: =+D69+F69+H69+J69 -> 0
B70: SERVICIOS MEDICO-SANITARIOS | K70: =+C70+E70+G70+I70 -> 0 | L70: =+D70+F70+H70+J70 -> 0
B71: SERVICIOS DE VIGILANCIA | K71: =+C71+E71+G71+I71 -> 0 | L71: =+D71+F71+H71+J71 -> 0
B72: OTROS SERVICIOS NO PERSONALES | K72: =+C72+E72+G72+I72 -> 0 | L72: =+D72+F72+H72+J72 -> 0
B73: SUMA GASTOS GENERALES | C73: =SUM(C62:C72) -> 0 | D73: =SUM(D62:D72) -> 0 | E73: =SUM(E62:E72) -> 0 | F73: =SUM(F62:F72) -> 0 | G73: =SUM(G62:G72) -> 0 | H73: =SUM(H62:H72) -> 0 | I73: =SUM(I62:I72) -> 0 | J73: =SUM(J62:J72) -> 0 | ... L73: =SUM(L62:L72) -> 0
B74: MATERIALES Y SUMINISTROS
B75: ALIMENTOS PARA PERSONAS | K75: =+C75+E75+G75+I75 -> 0 | L75: =+D75+F75+H75+J75 -> 0
B76: ACABADOS TEXTILES | K76: =+C76+E76+G76+I76 -> 0 | L76: =+D76+F76+H76+J76 -> 0
B77: ELEMENTOS Y COMPUESTOS QUIMICOS | K77: =+C77+E77+G77+I77 -> 0 | L77: =+D77+F77+H77+J77 -> 0
B78: COMBUSTIBLES Y LUBRICANTES | K78: =+C78+E78+G78+I78 -> 0 | L78: =+D78+F78+H78+J78 -> 0
B79: PRODUCTOS MEDICINALES Y FARMACEUTICOS | K79: =+C79+E79+G79+I79 -> 0 | L79: =+D79+F79+H79+J79 -> 0
B80: TINTES, PINTURAS Y COLORANTES | K80: =+C80+E80+G80+I80 -> 0 | L80: =+D80+F80+H80+J80 -> 0
B81: PRODUCTOS PLASTICOS, NYLON, VINIL Y PVC | K81: =+C81+E81+G81+I81 -> 0 | L81: =+D81+F81+H81+J81 -> 0
B82: OTROS PRODUCTOS QUIMICOS Y CONEXOS | K82: =+C82+E82+G82+I82 -> 0 | L82: =+D82+F82+H82+J82 -> 0
B83: OTROS PRODUCTOS METALICOS
B84: UTILES DE LIMPIEZA Y PRODUCTOS SANITARIOS | K84: =+C84+E84+G84+I84 -> 0 | L84: =+D84+F84+H84+J84 -> 0
B85: UTILES MENORES MEDICO QUIRURGICOS Y DE LAB. | K85: =+C85+E85+G85+I85 -> 0 | L85: =+D85+F85+H85+J85 -> 0
B86: UTILES, ACCESORIOS Y MATERIALES ELECTRICOS | K86: =+C86+E86+G86+I86 -> 0 | L86: =+D86+F86+H86+J86 -> 0
B87: ACCESORIOS Y REPUESTOS EN GENERAL | K87: =+C87+E87+G87+I87 -> 0 | L87: =+D87+F87+H87+J87 -> 0
B88: OTROS MATERIALES Y SUMINISTROS | K88: =+C88+E88+G88+I88 -> 0 | L88: =+D88+F88+H88+J88 -> 0
B89: TOTAL MATERIALES Y SUMINISTROS | C89: =SUM(C75:C88) -> 0 | D89: =SUM(D75:D88) -> 0 | E89: =SUM(E75:E88) -> 0 | F89: =SUM(F75:F88) -> 0 | G89: =SUM(G75:G88) -> 0 | H89: =SUM(H75:H88) -> 0 | I89: =SUM(I75:I88) -> 0 | J89: =SUM(J75:J88) -> 0 | ... L89: =SUM(L75:L88) -> 0
B90: PROPIEDAD PLANTA Y EQUIPO
B91: EQUIPO DE OFICINA | K91: =+C91+E91+G91+I91 -> 0 | L91: =+D91+F91+H91+J91 -> 0
B92: EQUIPO MEDICO SANITARIO Y DE LABORATORIO | K92: =+C92+E92+G92+I92 -> 0 | L92: =+D92+F92+H92+J92 -> 0
B93: EQUIPO DE COMPUTACION | K93: =+C93+E93+G93+I93 -> 0 | L93: =+D93+F93+H93+J93 -> 0
B94: OTRAS MAQUINARIAS Y EQUIPOS | K94: =+C94+E94+G94+I94 -> 0 | L94: =+D94+F94+H94+J94 -> 0
B95: TOTAL PROPIEDAD PLANTA Y EQUIPO | C95: =SUM(C91:C94) -> 0 | D95: =SUM(D91:D94) -> 0 | E95: =SUM(E91:E94) -> 0 | F95: =SUM(F91:F94) -> 0 | G95: =SUM(G91:G94) -> 0 | H95: =SUM(H91:H94) -> 0 | I95: =SUM(I91:I94) -> 0 | J95: =SUM(J91:J94) -> 0 | ... L95: =SUM(L91:L94) -> 0
A98: Programación y ejecucion mensual por tipo de gasto año 2021, Expresado en Quetzales tercer cuatrimestre 2021
A99: No. | B99: CATEGORIA DE GASTO | C99: SEPTIEMBRE | E99: OCTUBRE | G99: NOVIEMBRE | I99: DICIEMBRE | K99: TOTAL CUATRIMESTRE
C100: PRESUPUESTO | D100: REAL | E100: PRESUPUESTO | F100: REAL | G100: PRESUPUESTO | H100: REAL | I100: PRESUPUESTO | J100: REAL | K100: PRESUPUESTO | L100: REAL
B101: RECURSO HUMANO | K101: =+C101+E101+G101+I101 -> 0 | L101: =+D101+F101+H101+J101 -> 0
B103: GASTOS DE FUNCIONAMIENTO | C103: =+C116+C135 -> 0 | D103: =+D116+D135 -> 0 | E103: =+E116+E135 -> 0 | F103: =+F116+F135 -> 0 | G103: =+G116+G135 -> 0 | H103: =+H116+H135 -> 0 | I103: =+I116+I135 -> 0 | J103: =+J116+J135 -> 0 | K103: =+C103+E103+G103+I103 -> 0 | L103: =+D103+F103+H103+J103 -> 0
B104: ENERGIA ELECTRICA | K104: =+C104+E104+G104+I104 -> 0 | L104: =+D104+F104+H104+J104 -> 0
B105: TELEFONIA | K105: =+C105+E105+G105+I105 -> 0 | L105: =+D105+F105+H105+J105 -> 0
B106: IMPRESIÓN, ENCUADERNACION Y REPRODUCCION | K106: =+C106+E106+G106+I106 -> 0 | L106: =+D106+F106+H106+J106 -> 0
B107: MANT. Y REP. EQUIPO MEDICO SANITARIO Y DE LAB. | K107: =+C107+E107+G107+I107 -> 0 | L107: =+D107+F107+H107+J107 -> 0
B108: MANTO. Y REPARACION DE EQUIPO DE COMPUTO | K108: =+C108+E108+G108+I108 -> 0 | L108: =+D108+F108+H108+J108 -> 0
B109: MANT. Y REP. DE OTRAS MAQUINAS Y EQUIPO | K109: =+C109+E109+G109+I109 -> 0 | L109: =+D109+F109+H109+J109 -> 0
B110: MANTO. Y REPARACION DE EDIFICIOS | K110: =+C110+E110+G110+I110 -> 0 | L110: =+D110+F110+H110+J110 -> 0
B111: MANT. Y REP. DE INSTALACIONES | K111: =+C111+E111+G111+I111 -> 0 | L111: =+D111+F111+H111+J111 -> 0
B112: SERVICIOS MEDICO-SANITARIOS | K112: =+C112+E112+G112+I112 -> 0 | L112: =+D112+F112+H112+J112 -> 0
B113: OTROS ESTUDIOS Y/O SERVICIOS | K113: =+C113+E113+G113+I113 -> 0 | L113: =+D113+F113+H113+J113 -> 0
B114: SERVICIOS DE VIGILANCIA | K114: =+C114+E114+G114+I114 -> 0 | L114: =+D114+F114+H114+J114 -> 0
B115: OTROS SERVICIOS NO PERSONALES | K115: =+C115+E115+G115+I115 -> 0 | L115: =+D115+F115+H115+J115 -> 0
B116: SUMA GASTOS GENERALES | C116: =SUM(C104:C115) -> 0 | D116: =SUM(D104:D115) -> 0 | E116: =SUM(E104:E115) -> 0 | F116: =SUM(F104:F115) -> 0 | G116: =SUM(G104:G115) -> 0 | H116: =SUM(H104:H115) -> 0 | I116: =SUM(I104:I115) -> 0 | J116: =SUM(J104:J115) -> 0 | ... L116: =SUM(L104:L115) -> 0
B117: MATERIALES Y SUMINISTROS
B118: ALIMENTOS PARA PERSONAS | K118: =+C118+E118+G118+I118 -> 0 | L118: =+D118+F118+H118+J118 -> 0
B119: ACABADOS TEXTILES | K119: =+C119+E119+G119+I119 -> 0 | L119: =+D119+F119+H119+J119 -> 0
...

Sheet ENERO ANEXO A CTE-5
B8: ÀREA FINANCIERA | I8: CTE-5-A
A10: UNIDAD DE CIRUGIA CARDIOVASCULAR DE GUATEMALA
A11: 5a. AVENIDA 6-22 ZONA 11
A12: dgunicar@yahoo.es Tel. 24163000
A14: Programación mensual por tipo de gasto año 2018, Expresado en Quetzales primer cuatrimestre 2018
A15: No. | B15: CATEGORIA DE GASTO | C15: ENERO | E15: FEBRERO | G15: MARZO | I15: ABRIL
C16: PRESUPUESTO | D16: REAL | E16: PRESUPUESTO | F16: REAL | G16: PRESUPUESTO | H16: REAL | I16: PRESUPUESTO | J16: REAL
B17: RECURSO HUMANO | C17: 1764858.4 | D17: 1492317.4 | E17: 1764858.4 | F17: 1792563.6 | G17: 1764858.4 | H17: 1578007.9 | I17: 1764858.4 | J17: 1803793.6
B19: GASTOS DE FUNCIONAMIENTO | C19: =+C27+C43 -> 2818474.9 | D19: =+D27+D43 -> 0 | E19: =+E27+E43 -> 2818474.9 | F19: =+F27+F43 -> 67111.02 | G19: =+G27+G43 -> 2818474.9 | H19: =+H27+H43 -> 58543.64 | I19: =+I27+I43 -> 2818474.9 | J19: =+J27+J43 -> 3743927.3
B20: ENERGIA ELECTRICA | C20: 62500 | E20: 62500 | F20: 56112.02 | G20: 62500 | I20: 62500 | J20: 68083.01
B21: TELEFONIA | C21: 7500 | E21: 7500 | F21: 10999 | G21: 7500 | H21: 11011 | I21: 7500 | J21: 10992
B22: IMPRESIÓN, ENCUADERNACION Y REPRODUCCION | C22: 8133.97 | E22: 8133.97 | G22: 8133.97 | I22: 8133.97 | J22: 4358
B23: MANT. Y REP. EQUIPO MEDICO SANITARIO Y DE LAB. | C23: 33333.33 | E23: 33333.33 | G23: 33333.33 | I23: 33333.33 | J23: 45020
B24: SERVICIOS MEDICO-SANITARIOS | C24: 165141.75 | E24: 165141.75 | G24: 165141.75 | H24: 1000 | I24: 165141.75 | J24: 26842.86
B25: SERVICIOS DE VIGILANCIA | C25: 40000 | E25: 40000 | G25: 40000 | I25: 40000 | J25: 76240
B26: OTROS SERVICIOS NO PERSONALES | C26: 26305.03 | E26: 26305.03 | G26: 26305.03 | H26: 46532.64 | I26: 26305.03 | J26: 55063.68
B27: SUMA GASTOS GENERALES | C27: =SUM(C20:C26) -> 342914.08 | D27: =SUM(D20:D26) -> 0 | E27: =SUM(E20:E26) -> 342914.08 | F27: =SUM(F20:F26) -> 67111.02 | G27: =SUM(G20:G26) -> 342914.08 | H27: =SUM(H20:H26) -> 58543.64 | I27: =SUM(I20:I26) -> 342914.08 | J27: =SUM(J20:J26) -> 286599.55
B28: MATERIALES Y SUMINISTROS
B29: ALIMENTOS PARA PERSONAS | C29: 60936.45 | E29: 60936.45 | G29: 60936.45 | I29: 60936.45 | J29: 202940.25
B30: ACABADOS TEXTILES | C30: 600 | E30: 600 | G30: 600 | I30: 600
B31: PRODUCTOS DE PAPEL O CARTON | C31: 945.42 | E31: 945.42 | G31: 945.42 | I31: 945.42
B32: ELEMENTOS Y COMPUESTOS QUIMICOS | C32: 169652.57 | E32: 169652.57 | G32: 169652.57 | I32: 169652.57 | J32: 178282.05
B33: COMBUSTIBLES Y LUBRICANTES | C33: 912 | E33: 912 | G33: 912 | I33: 912
B34: PRODUCTOS MEDICINALES Y FARMACEUTICOS | C34: 427229.65 | E34: 427229.65 | G34: 427229.65 | I34: 427229.65 | J34: 1425199.8
B35: TINTES, PINTURAS Y COLORANTES | C35: 100 | E35: 100 | G35: 100 | I35: 100
B36: PRODUCTOS PLASTICOS, NYLON, VINIL Y PVC | C36: 13579.7 | E36: 13579.7 | G36: 13579.7 | I36: 13579.7 | J36: 75162.24
B37: OTROS PRODUCTOS METALICOS | C37: 310 | E37: 310 | G37: 310 | I37: 310
B38: UTILES DE LIMPIEZA Y PRODUCTOS SANITARIOS | C38: 10809.43 | E38: 10809.43 | G38: 10809.43 | I38: 10809.43 | J38: 14528.6
B39: UTILES MENORES MEDICO QUIRURGICOS Y DE LAB. | C39: 1780006.3 | E39: 1780006.3 | G39: 1780006.3 | I39: 1780006.3 | J39: 1545914.8
B40: UTILES, ACCESORIOS Y MATERIALES ELECTRICOS | C40: 2208.7 | E40: 2208.7 | G40: 2208.7 | I40: 2208.7 | J40: 15300
B41: ACCESORIOS Y REPUESTOS EN GENERAL | C41: 8105.1 | E41: 8105.1 | G41: 8105.1 | I41: 8105.1
B42: OTROS MATERIALES Y SUMINISTROS | C42: 165.5 | E42: 165.5 | G42: 165.5 | I42: 165.5
B43: TOTAL MATERIALES Y SUMINISTROS | C43: =SUM(C29:C42) -> 2475560.8 | D43: =SUM(D29:D42) -> 0 | E43: =SUM(E29:E42) -> 2475560.8 | F43: =SUM(F29:F42) -> 0 | G43: =SUM(G29:G42) -> 2475560.8 | H43: =SUM(H29:H42) -> 0 | I43: =SUM(I29:I42) -> 2475560.8 | J43: =SUM(J29:J42) -> 3457327.8
A46: Programación mensual por tipo de gasto año 2016, Expresado en Quetzales
A47: No. | B47: Categoría de Gasto | C47: Julio | E47: Agosto | G47: Septiembre
B48: Recurso Humano | C48: Pto. | D48: Real | E48: Pto. | F48: Real | G48: Pto. | H48: Real
B51: Gastos de Funcionamiento
B52: detallar cada gasto cargado
A60: TOTALES
A73: Programación mensual por tipo de gasto año 2018, Expresado en Quetzales segundo cuatrimestre 2018
A74: No. | B74: CATEGORIA DE GASTO | C74: MAYO | E74: JUNIO | G74: JULIO | I74: AGOSTO
C75: PRESUPUESTO | D75: REAL | E75: PRESUPUESTO | F75: REAL | G75: PRESUPUESTO | H75: REAL | I75: PRESUPUESTO | J75: REAL
B76: RECURSO HUMANO | C76: 1764858.4 | D76: 2281196.2 | E76: 1764858.4 | F76: 1896496.9
B78: GASTOS DE FUNCIONAMIENTO | C78: =+C86+C102 -> 2818474.9 | D78: =+D86+D102 -> 3820610.3 | E78: =+E86+E102 -> 2818474.9 | F78: =+F86+F102 -> 2361172.2 | G78: =+G86+G102 -> 0 | H78: =+H86+H102 -> 0 | I78: =+I86+I102 -> 0 | J78: =+J86+J102 -> 0
B79: ENERGIA ELECTRICA | C79: 62500 | D79: 138609.61 | E79: 62500
B80: TELEFONIA | C80: 7500 | D80: 9818.25 | E80: 7500 | F80: 9560.36
B81: IMPRESIÓN, ENCUADERNACION Y REPRODUCCION | C81: 8133.97 | E81: 8133.97 | F81: 39787
B82: MANT. Y REP. EQUIPO MEDICO SANITARIO Y DE LAB. | C82: 33333.33 | D82: 19161.8 | E82: 33333.33
B83: SERVICIOS MEDICO-SANITARIOS | C83: 165141.75 | D83: 4057.14 | E83: 165141.75 | F83: 184282.78
B84: SERVICIOS DE VIGILANCIA | C84: 40000 | D84: 38120 | E84: 40000 | F84: 38120
B85: OTROS SERVICIOS NO PERSONALES | C85: 26305.03 | D85: 48548.64 | E85: 26305.03 | F85: 44604
B86: SUMA GASTOS GENERALES | C86: =SUM(C79:C85) -> 342914.08 | D86: =SUM(D79:D85) -> 258315.44 | E86: =SUM(E79:E85) -> 342914.08 | F86: =SUM(F79:F85) -> 316354.14 | G86: =SUM(G79:G85) -> 0 | H86: =SUM(H79:H85) -> 0 | I86: =SUM(I79:I85) -> 0 | J86: =SUM(J79:J85) -> 0
B87: MATERIALES Y SUMINISTROS
B88: ALIMENTOS PARA PERSONAS | C88: 60936.45 | D88: 1023 | E88: 60936.45 | F88: 58023.7
B89: ACABADOS TEXTILES | C89: 600 | E89: 600
B90: PRODUCTOS DE PAPEL O CARTON | C90: 945.42 | E90: 945.42
B91: ELEMENTOS Y COMPUESTOS QUIMICOS | C91: 169652.57 | D91: 181188.84 | E91: 169652.57 | F91: 66957.58
B92: COMBUSTIBLES Y LUBRICANTES | C92: 912 | E92: 912
B93: PRODUCTOS MEDICINALES Y FARMACEUTICOS | C93: 427229.65 | D93: 535053.33 | E93: 427229.65 | F93: 261536.69
B94: TINTES, PINTURAS Y COLORANTES | C94: 100 | E94: 100
B95: PRODUCTOS PLASTICOS, NYLON, VINIL Y PVC | C95: 13579.7 | D95: 6224.76 | E95: 13579.7 | F95: 6630
B96: OTROS PRODUCTOS METALICOS | C96: 310 | D96: 3610 | E96: 310
B97: UTILES DE LIMPIEZA Y PRODUCTOS SANITARIOS | C97: 10809.43 | D97: 39404.76 | E97: 10809.43 | F97: 23463
B98: UTILES MENORES MEDICO QUIRURGICOS Y DE LAB. | C98: 1780006.3 | D98: 2752150.2 | E98: 1780006.3 | F98: 1617110.1
B99: UTILES, ACCESORIOS Y MATERIALES ELECTRICOS | C99: 2208.7 | E99: 2208.7 | F99: 11097
B100: ACCESORIOS Y REPUESTOS EN GENERAL | C100: 8105.1 | D100: 43640 | E100: 8105.1
B101: OTROS MATERIALES Y SUMINISTROS | C101: 165.5 | E101: 165.5
B102: TOTAL MATERIALES Y SUMINISTROS | C102: =SUM(C88:C101) -> 2475560.8 | D102: =SUM(D88:D101) -> 3562294.9 | E102: =SUM(E88:E101) -> 2475560.8 | F102: =SUM(F88:F101) -> 2044818 | G102: =SUM(G88:G101) -> 0 | H102: =SUM(H88:H101) -> 0 | I102: =SUM(I88:I101) -> 0 | J102: =SUM(J88:J101) -> 0
A123: Programación mensual por tipo de gasto año 2017, Expresado en Quetzales tercer cuatrimestre 2018
A124: No. | B124: CATEGORIA DE GASTO | C124: SEPTIEMBRE | E124: OCTUBRE | G124: NOVIEMBRE | I124: DICIEMBRE
C125: PRESUPUESTO | D125: REAL | E125: PRESUPUESTO | F125: REAL | G125: PRESUPUESTO | H125: REAL | I125: PRESUPUESTO | J125: REAL
B126: RECURSO HUMANO
B128: GASTOS DE FUNCIONAMIENTO | C128: =+C136+C152 -> 0 | D128: =+D136+D152 -> 0 | E128: =+E136+E152 -> 0 | F128: =+F136+F152 -> 0 | G128: =+G136+G152 -> 0 | H128: =+H136+H152 -> 0 | I128: =+I136+I152 -> 0 | J128: =+J136+J152 -> 0
B129: ENERGIA ELECTRICA
B130: TELEFONIA
B131: IMPRESIÓN, ENCUADERNACION Y REPRODUCCION
B132: MANT. Y REP. EQUIPO MEDICO SANITARIO Y DE LAB.
B133: SERVICIOS MEDICO-SANITARIOS
B134: SERVICIOS DE VIGILANCIA
B135: OTROS SERVICIOS NO PERSONALES
B136: SUMA GASTOS GENERALES | C136: =SUM(C129:C135) -> 0 | D136: =SUM(D129:D135) -> 0 | E136: =SUM(E129:E135) -> 0 | F136: =SUM(F129:F135) -> 0 | G136: =SUM(G129:G135) -> 0 | H136: =SUM(H129:H135) -> 0 | I136: =SUM(I129:I135) -> 0 | J136: =SUM(J129:J135) -> 0
B137: MATERIALES Y SUMINISTROS
B138: ALIMENTOS PARA PERSONAS
B139: AVABADOS TEXTILES
B140: PRODUCTOS DE PAPEL O CARTON
B141: ELEMENTOS Y COMPUESTOS QUIMICOS
B142: COMBUSTIBLES Y LUBRICANTES
B143: PRODUCTOS MEDICINALES Y FARMACEUTICOS
B144: TINTES, PINTURAS Y COLORANTES
B145: PRODUCTOS PLASTICOS, NYLON, VINIL Y PVC
B146: OTROS PRODUCTOS METALICOS
B147: UTILES DE LIMPIEZA Y PRODUCTOS SANITARIOS
B148: UTILES MENORES MEDICO QUIRURGICOS Y DE LAB.
... B151: OTROS MATERIALES Y SUMINISTROS
B152: TOTAL MATERIALES Y SUMINISTROS | C152: =SUM(C138:C151) -> 0 | D152: =SUM(D138:D151) -> 0 | E152: =SUM(E138:E151) -> 0 | F152: =SUM(F138:F151) -> 0 | G152: =SUM(G138:G151) -> 0 | H152: =SUM(H138:H151) -> 0 | I152: =SUM(I138:I151) -> 0 | J152: =SUM(J138:J151) -> 0
C177: PROGRAMACION POR TIPO DE GASTO AÑO 2020
C178: RESUMEN AL 31 DE ENERO 2021
C179: No. | D179: CATEGORIA DE GASTO | E179: TOTAL ANUAL
E180: PRESUPUESTO | F180: COMPROMETIDO
D181: RECURSO HUMANO | E181: =+'ENERO CTE-5'!C145 -> 2066666.7 | F181: =+'ENERO CTE-5'!D145 -> 1849158.4
...

Sheet FEBRERO ANEXO A CTE-5
B8: ÀREA FINANCIERA | I8: CTE-5-A
A10: UNIDAD DE CIRUGIA CARDIOVASCULAR DE GUATEMALA
A11: 5a. AVENIDA 6-22 ZONA 11
A12: dgunicar@yahoo.es Tel. 24163000
A14: Programación mensual por tipo de gasto año 2018, Expresado en Quetzales primer cuatrimestre 2018
A15: No. | B15: CATEGORIA DE GASTO | C15: ENERO | E15: FEBRERO | G15: MARZO | I15: ABRIL
C16: PRESUPUESTO | D16: REAL | E16: PRESUPUESTO | F16: REAL | G16: PRESUPUESTO | H16: REAL | I16: PRESUPUESTO | J16: REAL
B17: RECURSO HUMANO | C17: 1764858.4 | D17: 1492317.4 | E17: 1764858.4 | F17: 1792563.6 | G17: 1764858.4 | H17: 1578007.9 | I17: 1764858.4 | J17: 1803793.6
B19: GASTOS DE FUNCIONAMIENTO | C19: =+C27+C43 -> 2818474.9 | D19: =+D27+D43 -> 0 | E19: =+E27+E43 -> 2818474.9 | F19: =+F27+F43 -> 67111.02 | G19: =+G27+G43 -> 2818474.9 | H19: =+H27+H43 -> 58543.64 | I19: =+I27+I43 -> 2818474.9 | J19: =+J27+J43 -> 3743927.3
B20: ENERGIA ELECTRICA | C20: 62500 | E20: 62500 | F20: 56112.02 | G20: 62500 | I20: 62500 | J20: 68083.01
B21: TELEFONIA | C21: 7500 | E21: 7500 | F21: 10999 | G21: 7500 | H21: 11011 | I21: 7500 | J21: 10992
B22: IMPRESIÓN, ENCUADERNACION Y REPRODUCCION | C22: 8133.97 | E22: 8133.97 | G22: 8133.97 | I22: 8133.97 | J22: 4358
B23: MANT. Y REP. EQUIPO MEDICO SANITARIO Y DE LAB. | C23: 33333.33 | E23: 33333.33 | G23: 33333.33 | I23: 33333.33 | J23: 45020
B24: SERVICIOS MEDICO-SANITARIOS | C24: 165141.75 | E24: 165141.75 | G24: 165141.75 | H24: 1000 | I24: 165141.75 | J24: 26842.86
B25: SERVICIOS DE VIGILANCIA | C25: 40000 | E25: 40000 | G25: 40000 | I25: 40000 | J25: 76240
B26: OTROS SERVICIOS NO PERSONALES | C26: 26305.03 | E26: 26305.03 | G26: 26305.03 | H26: 46532.64 | I26: 26305.03 | J26: 55063.68
B27: SUMA GASTOS GENERALES | C27: =SUM(C20:C26) -> 342914.08 | D27: =SUM(D20:D26) -> 0 | E27: =SUM(E20:E26) -> 342914.08 | F27: =SUM(F20:F26) -> 67111.02 | G27: =SUM(G20:G26) -> 342914.08 | H27: =SUM(H20:H26) -> 58543.64 | I27: =SUM(I20:I26) -> 342914.08 | J27: =SUM(J20:J26) -> 286599.55
B28: MATERIALES Y SUMINISTROS
B29: ALIMENTOS PARA PERSONAS | C29: 60936.45 | E29: 60936.45 | G29: 60936.45 | I29: 60936.45 | J29: 202940.25
B30: ACABADOS TEXTILES | C30: 600 | E30: 600 | G30: 600 | I30: 600
B31: PRODUCTOS DE PAPEL O CARTON | C31: 945.42 | E31: 945.42 | G31: 945.42 | I31: 945.42
B32: ELEMENTOS Y COMPUESTOS QUIMICOS | C32: 169652.57 | E32: 169652.57 | G32: 169652.57 | I32: 169652.57 | J32: 178282.05
B33: COMBUSTIBLES Y LUBRICANTES | C33: 912 | E33: 912 | G33: 912 | I33: 912
B34: PRODUCTOS MEDICINALES Y FARMACEUTICOS | C34: 427229.65 | E34: 427229.65 | G34: 427229.65 | I34: 427229.65 | J34: 1425199.8
B35: TINTES, PINTURAS Y COLORANTES | C35: 100 | E35: 100 | G35: 100 | I35: 100
B36: PRODUCTOS PLASTICOS, NYLON, VINIL Y PVC | C36: 13579.7 | E36: 13579.7 | G36: 13579.7 | I36: 13579.7 | J36: 75162.24
B37: OTROS PRODUCTOS METALICOS | C37: 310 | E37: 310 | G37: 310 | I37: 310
B38: UTILES DE LIMPIEZA Y PRODUCTOS SANITARIOS | C38: 10809.43 | E38: 10809.43 | G38: 10809.43 | I38: 10809.43 | J38: 14528.6
B39: UTILES MENORES MEDICO QUIRURGICOS Y DE LAB. | C39: 1780006.3 | E39: 1780006.3 | G39: 1780006.3 | I39: 1780006.3 | J39: 1545914.8
B40: UTILES, ACCESORIOS Y MATERIALES ELECTRICOS | C40: 2208.7 | E40: 2208.7 | G40: 2208.7 | I40: 2208.7 | J40: 15300
B41: ACCESORIOS Y REPUESTOS EN GENERAL | C41: 8105.1 | E41: 8105.1 | G41: 8105.1 | I41: 8105.1
B42: OTROS MATERIALES Y SUMINISTROS | C42: 165.5 | E42: 165.5 | G42: 165.5 | I42: 165.5
B43: TOTAL MATERIALES Y SUMINISTROS | C43: =SUM(C29:C42) -> 2475560.8 | D43: =SUM(D29:D42) -> 0 | E43: =SUM(E29:E42) -> 2475560.8 | F43: =SUM(F29:F42) -> 0 | G43: =SUM(G29:G42) -> 2475560.8 | H43: =SUM(H29:H42) -> 0 | I43: =SUM(I29:I42) -> 2475560.8 | J43: =SUM(J29:J42) -> 3457327.8
A46: Programación mensual por tipo de gasto año 2016, Expresado en Quetzales
A47: No. | B47: Categoría de Gasto | C47: Julio | E47: Agosto | G47: Septiembre
B48: Recurso Humano | C48: Pto. | D48: Real | E48: Pto. | F48: Real | G48: Pto. | H48: Real
B51: Gastos de Funcionamiento
B52: detallar cada gasto cargado
A60: TOTALES
A73: Programación mensual por tipo de gasto año 2018, Expresado en Quetzales segundo cuatrimestre 2018
A74: No. | B74: CATEGORIA DE GASTO | C74: MAYO | E74: JUNIO | G74: JULIO | I74: AGOSTO
C75: PRESUPUESTO | D75: REAL | E75: PRESUPUESTO | F75: REAL | G75: PRESUPUESTO | H75: REAL | I75: PRESUPUESTO | J75: REAL
B76: RECURSO HUMANO | C76: 1764858.4 | D76: 2281196.2 | E76: 1764858.4 | F76: 1896496.9
B78: GASTOS DE FUNCIONAMIENTO | C78: =+C86+C102 -> 2818474.9 | D78: =+D86+D102 -> 3820610.3 | E78: =+E86+E102 -> 2818474.9 | F78: =+F86+F102 -> 2361172.2 | G78: =+G86+G102 -> 0 | H78: =+H86+H102 -> 0 | I78: =+I86+I102 -> 0 | J78: =+J86+J102 -> 0
B79: ENERGIA ELECTRICA | C79: 62500 | D79: 138609.61 | E79: 62500
B80: TELEFONIA | C80: 7500 | D80: 9818.25 | E80: 7500 | F80: 9560.36
B81: IMPRESIÓN, ENCUADERNACION Y REPRODUCCION | C81: 8133.97 | E81: 8133.97 | F81: 39787
B82: MANT. Y REP. EQUIPO MEDICO SANITARIO Y DE LAB. | C82: 33333.33 | D82: 19161.8 | E82: 33333.33
B83: SERVICIOS MEDICO-SANITARIOS | C83: 165141.75 | D83: 4057.14 | E83: 165141.75 | F83: 184282.78
B84: SERVICIOS DE VIGILANCIA | C84: 40000 | D84: 38120 | E84: 40000 | F84: 38120
B85: OTROS SERVICIOS NO PERSONALES | C85: 26305.03 | D85: 48548.64 | E85: 26305.03 | F85: 44604
B86: SUMA GASTOS GENERALES | C86: =SUM(C79:C85) -> 342914.08 | D86: =SUM(D79:D85) -> 258315.44 | E86: =SUM(E79:E85) -> 342914.08 | F86: =SUM(F79:F85) -> 316354.14 | G86: =SUM(G79:G85) -> 0 | H86: =SUM(H79:H85) -> 0 | I86: =SUM(I79:I85) -> 0 | J86: =SUM(J79:J85) -> 0
B87: MATERIALES Y SUMINISTROS
B88: ALIMENTOS PARA PERSONAS | C88: 60936.45 | D88: 1023 | E88: 60936.45 | F88: 58023.7
B89: ACABADOS TEXTILES | C89: 600 | E89: 600
B90: PRODUCTOS DE PAPEL O CARTON | C90: 945.42 | E90: 945.42
B91: ELEMENTOS Y COMPUESTOS QUIMICOS | C91: 169652.57 | D91: 181188.84 | E91: 169652.57 | F91: 66957.58
B92: COMBUSTIBLES Y LUBRICANTES | C92: 912 | E92: 912
B93: PRODUCTOS MEDICINALES Y FARMACEUTICOS | C93: 427229.65 | D93: 535053.33 | E93: 427229.65 | F93: 261536.69
B94: TINTES, PINTURAS Y COLORANTES | C94: 100 | E94: 100
B95: PRODUCTOS PLASTICOS, NYLON, VINIL Y PVC | C95: 13579.7 | D95: 6224.76 | E95: 13579.7 | F95: 6630
B96: OTROS PRODUCTOS METALICOS | C96: 310 | D96: 3610 | E96: 310
B97: UTILES DE LIMPIEZA Y PRODUCTOS SANITARIOS | C97: 10809.43 | D97: 39404.76 | E97: 10809.43 | F97: 23463
B98: UTILES MENORES MEDICO QUIRURGICOS Y DE LAB. | C98: 1780006.3 | D98: 2752150.2 | E98: 1780006.3 | F98: 1617110.1
B99: UTILES, ACCESORIOS Y MATERIALES ELECTRICOS | C99: 2208.7 | E99: 2208.7 | F99: 11097
B100: ACCESORIOS Y REPUESTOS EN GENERAL | C100: 8105.1 | D100: 43640 | E100: 8105.1
B101: OTROS MATERIALES Y SUMINISTROS | C101: 165.5 | E101: 165.5
B102: TOTAL MATERIALES Y SUMINISTROS | C102: =SUM(C88:C101) -> 2475560.8 | D102: =SUM(D88:D101) -> 3562294.9 | E102: =SUM(E88:E101) -> 2475560.8 | F102: =SUM(F88:F101) -> 2044818 | G102: =SUM(G88:G101) -> 0 | H102: =SUM(H88:H101) -> 0 | I102: =SUM(I88:I101) -> 0 | J102: =SUM(J88:J101) -> 0
A123: Programación mensual por tipo de gasto año 2017, Expresado en Quetzales tercer cuatrimestre 2018
A124: No. | B124: CATEGORIA DE GASTO | C124: SEPTIEMBRE | E124: OCTUBRE | G124: NOVIEMBRE | I124: DICIEMBRE
C125: PRESUPUESTO | D125: REAL | E125: PRESUPUESTO | F125: REAL | G125: PRESUPUESTO | H125: REAL | I125: PRESUPUESTO | J125: REAL
B126: RECURSO HUMANO
B128: GASTOS DE FUNCIONAMIENTO | C128: =+C136+C152 -> 0 | D128: =+D136+D152 -> 0 | E128: =+E136+E152 -> 0 | F128: =+F136+F152 -> 0 | G128: =+G136+G152 -> 0 | H128: =+H136+H152 -> 0 | I128: =+I136+I152 -> 0 | J128: =+J136+J152 -> 0
B129: ENERGIA ELECTRICA
B130: TELEFONIA
B131: IMPRESIÓN, ENCUADERNACION Y REPRODUCCION
B132: MANT. Y REP. EQUIPO MEDICO SANITARIO Y DE LAB.
B133: SERVICIOS MEDICO-SANITARIOS
B134: SERVICIOS DE VIGILANCIA
B135: OTROS SERVICIOS NO PERSONALES
B136: SUMA GASTOS GENERALES | C136: =SUM(C129:C135) -> 0 | D136: =SUM(D129:D135) -> 0 | E136: =SUM(E129:E135) -> 0 | F136: =SUM(F129:F135) -> 0 | G136: =SUM(G129:G135) -> 0 | H136: =SUM(H129:H135) -> 0 | I136: =SUM(I129:I135) -> 0 | J136: =SUM(J129:J135) -> 0
B137: MATERIALES Y SUMINISTROS
B138: ALIMENTOS PARA PERSONAS
B139: AVABADOS TEXTILES
B140: PRODUCTOS DE PAPEL O CARTON
B141: ELEMENTOS Y COMPUESTOS QUIMICOS
B142: COMBUSTIBLES Y LUBRICANTES
B143: PRODUCTOS MEDICINALES Y FARMACEUTICOS
B144: TINTES, PINTURAS Y COLORANTES
B145: PRODUCTOS PLASTICOS, NYLON, VINIL Y PVC
B146: OTROS PRODUCTOS METALICOS
B147: UTILES DE LIMPIEZA Y PRODUCTOS SANITARIOS
B148: UTILES MENORES MEDICO QUIRURGICOS Y DE LAB.
... B151: OTROS MATERIALES Y SUMINISTROS
B152: TOTAL MATERIALES Y SUMINISTROS | C152: =SUM(C138:C151) -> 0 | D152: =SUM(D138:D151) -> 0 | E152: =SUM(E138:E151) -> 0 | F152: =SUM(F138:F151) -> 0 | G152: =SUM(G138:G151) -> 0 | H152: =SUM(H138:H151) -> 0 | I152: =SUM(I138:I151) -> 0 | J152: =SUM(J138:J151) -> 0
C177: PROGRAMACION POR TIPO DE GASTO AÑO 2020
C178: RESUMEN AL 28 DE FEBRERO 2021
C179: No. | D179: CATEGORIA DE GASTO | E179: TOTAL ANUAL
E180: PRESUPUESTO | F180: COMPROMETIDO
D181: RECURSO HUMANO | E181: ='FEBRERO CTE-5'!C145 -> 4133333.3 | F181: =+'FEBRERO CTE-5'!D145 -> 3760640.4
...

Sheet MARZO ANEXO A CTE-5
B8: ÀREA FINANCIERA | I8: ANEXO DE CTE-5
A10: UNIDAD DE CIRUGIA CARDIOVASCULAR DE GUATEMALA
A11: 5a. AVENIDA 6-22 ZONA 11
A12: dgunicar@yahoo.es Tel. 24163000
A14: Programación mensual por tipo de gasto año 2018, Expresado en Quetzales primer cuatrimestre 2018
A15: No. | B15: CATEGORIA DE GASTO | C15: ENERO | E15: FEBRERO | G15: MARZO | I15: ABRIL
C16: PRESUPUESTO | D16: REAL | E16: PRESUPUESTO | F16: REAL | G16: PRESUPUESTO | H16: REAL | I16: PRESUPUESTO | J16: REAL
B17: RECURSO HUMANO | C17: 1764858.4 | D17: 1492317.4 | E17: 1764858.4 | F17: 1792563.6 | G17: 1764858.4 | H17: 1578007.9 | I17: 1764858.4 | J17: 1803793.6
B19: GASTOS DE FUNCIONAMIENTO | C19: =+C27+C43 -> 2818474.9 | D19: =+D27+D43 -> 0 | E19: =+E27+E43 -> 2818474.9 | F19: =+F27+F43 -> 67111.02 | G19: =+G27+G43 -> 2818474.9 | H19: =+H27+H43 -> 58543.64 | I19: =+I27+I43 -> 2818474.9 | J19: =+J27+J43 -> 3743927.3
B20: ENERGIA ELECTRICA | C20: 62500 | E20: 62500 | F20: 56112.02 | G20: 62500 | I20: 62500 | J20: 68083.01
B21: TELEFONIA | C21: 7500 | E21: 7500 | F21: 10999 | G21: 7500 | H21: 11011 | I21: 7500 | J21: 10992
B22: IMPRESIÓN, ENCUADERNACION Y REPRODUCCION | C22: 8133.97 | E22: 8133.97 | G22: 8133.97 | I22: 8133.97 | J22: 4358
B23: MANT. Y REP. EQUIPO MEDICO SANITARIO Y DE LAB. | C23: 33333.33 | E23: 33333.33 | G23: 33333.33 | I23: 33333.33 | J23: 45020
B24: SERVICIOS MEDICO-SANITARIOS | C24: 165141.75 | E24: 165141.75 | G24: 165141.75 | H24: 1000 | I24: 165141.75 | J24: 26842.86
B25: SERVICIOS DE VIGILANCIA | C25: 40000 | E25: 40000 | G25: 40000 | I25: 40000 | J25: 76240
B26: OTROS SERVICIOS NO PERSONALES | C26: 26305.03 | E26: 26305.03 | G26: 26305.03 | H26: 46532.64 | I26: 26305.03 | J26: 55063.68
B27: SUMA GASTOS GENERALES | C27: =SUM(C20:C26) -> 342914.08 | D27: =SUM(D20:D26) -> 0 | E27: =SUM(E20:E26) -> 342914.08 | F27: =SUM(F20:F26) -> 67111.02 | G27: =SUM(G20:G26) -> 342914.08 | H27: =SUM(H20:H26) -> 58543.64 | I27: =SUM(I20:I26) -> 342914.08 | J27: =SUM(J20:J26) -> 286599.55
B28: MATERIALES Y SUMINISTROS
B29: ALIMENTOS PARA PERSONAS | C29: 60936.45 | E29: 60936.45 | G29: 60936.45 | I29: 60936.45 | J29: 202940.25
B30: ACABADOS TEXTILES | C30: 600 | E30: 600 | G30: 600 | I30: 600
B31: PRODUCTOS DE PAPEL O CARTON | C31: 945.42 | E31: 945.42 | G31: 945.42 | I31: 945.42
B32: ELEMENTOS Y COMPUESTOS QUIMICOS | C32: 169652.57 | E32: 169652.57 | G32: 169652.57 | I32: 169652.57 | J32: 178282.05
B33: COMBUSTIBLES Y LUBRICANTES | C33: 912 | E33: 912 | G33: 912 | I33: 912
B34: PRODUCTOS MEDICINALES Y FARMACEUTICOS | C34: 427229.65 | E34: 427229.65 | G34: 427229.65 | I34: 427229.65 | J34: 1425199.8
B35: TINTES, PINTURAS Y COLORANTES | C35: 100 | E35: 100 | G35: 100 | I35: 100
B36: PRODUCTOS PLASTICOS, NYLON, VINIL Y PVC | C36: 13579.7 | E36: 13579.7 | G36: 13579.7 | I36: 13579.7 | J36: 75162.24
B37: OTROS PRODUCTOS METALICOS | C37: 310 | E37: 310 | G37: 310 | I37: 310
B38: UTILES DE LIMPIEZA Y PRODUCTOS SANITARIOS | C38: 10809.43 | E38: 10809.43 | G38: 10809.43 | I38: 10809.43 | J38: 14528.6
B39: UTILES MENORES MEDICO QUIRURGICOS Y DE LAB. | C39: 1780006.3 | E39: 1780006.3 | G39: 1780006.3 | I39: 1780006.3 | J39: 1545914.8
B40: UTILES, ACCESORIOS Y MATERIALES ELECTRICOS | C40: 2208.7 | E40: 2208.7 | G40: 2208.7 | I40: 2208.7 | J40: 15300
B41: ACCESORIOS Y REPUESTOS EN GENERAL | C41: 8105.1 | E41: 8105.1 | G41: 8105.1 | I41: 8105.1
B42: OTROS MATERIALES Y SUMINISTROS | C42: 165.5 | E42: 165.5 | G42: 165.5 | I42: 165.5
B43: TOTAL MATERIALES Y SUMINISTROS | C43: =SUM(C29:C42) -> 2475560.8 | D43: =SUM(D29:D42) -> 0 | E43: =SUM(E29:E42) -> 2475560.8 | F43: =SUM(F29:F42) -> 0 | G43: =SUM(G29:G42) -> 2475560.8 | H43: =SUM(H29:H42) -> 0 | I43: =SUM(I29:I42) -> 2475560.8 | J43: =SUM(J29:J42) -> 3457327.8
A46: Programación mensual por tipo de gasto año 2016, Expresado en Quetzales
A47: No. | B47: Categoría de Gasto | C47: Julio | E47: Agosto | G47: Septiembre
B48: Recurso Humano | C48: Pto. | D48: Real | E48: Pto. | F48: Real | G48: Pto. | H48: Real
B51: Gastos de Funcionamiento
B52: detallar cada gasto cargado
A60: TOTALES
A73: Programación mensual por tipo de gasto año 2018, Expresado en Quetzales segundo cuatrimestre 2018
A74: No. | B74: CATEGORIA DE GASTO | C74: MAYO | E74: JUNIO | G74: JULIO | I74: AGOSTO
C75: PRESUPUESTO | D75: REAL | E75: PRESUPUESTO | F75: REAL | G75: PRESUPUESTO | H75: REAL | I75: PRESUPUESTO | J75: REAL
B76: RECURSO HUMANO | C76: 1764858.4 | D76: 2281196.2 | E76: 1764858.4 | F76: 1896496.9
B78: GASTOS DE FUNCIONAMIENTO | C78: =+C86+C102 -> 2818474.9 | D78: =+D86+D102 -> 3820610.3 | E78: =+E86+E102 -> 2818474.9 | F78: =+F86+F102 -> 2361172.2 | G78: =+G86+G102 -> 0 | H78: =+H86+H102 -> 0 | I78: =+I86+I102 -> 0 | J78: =+J86+J102 -> 0
B79: ENERGIA ELECTRICA | C79: 62500 | D79: 138609.61 | E79: 62500
B80: TELEFONIA | C80: 7500 | D80: 9818.25 | E80: 7500 | F80: 9560.36
B81: IMPRESIÓN, ENCUADERNACION Y REPRODUCCION | C81: 8133.97 | E81: 8133.97 | F81: 39787
B82: MANT. Y REP. EQUIPO MEDICO SANITARIO Y DE LAB. | C82: 33333.33 | D82: 19161.8 | E82: 33333.33
B83: SERVICIOS MEDICO-SANITARIOS | C83: 165141.75 | D83: 4057.14 | E83: 165141.75 | F83: 184282.78
B84: SERVICIOS DE VIGILANCIA | C84: 40000 | D84: 38120 | E84: 40000 | F84: 38120
B85: OTROS SERVICIOS NO PERSONALES | C85: 26305.03 | D85: 48548.64 | E85: 26305.03 | F85: 44604
B86: SUMA GASTOS GENERALES | C86: =SUM(C79:C85) -> 342914.08 | D86: =SUM(D79:D85) -> 258315.44 | E86: =SUM(E79:E85) -> 342914.08 | F86: =SUM(F79:F85) -> 316354.14 | G86: =SUM(G79:G85) -> 0 | H86: =SUM(H79:H85) -> 0 | I86: =SUM(I79:I85) -> 0 | J86: =SUM(J79:J85) -> 0
B87: MATERIALES Y SUMINISTROS
B88: ALIMENTOS PARA PERSONAS | C88: 60936.45 | D88: 1023 | E88: 60936.45 | F88: 58023.7
B89: ACABADOS TEXTILES | C89: 600 | E89: 600
B90: PRODUCTOS DE PAPEL O CARTON | C90: 945.42 | E90: 945.42
B91: ELEMENTOS Y COMPUESTOS QUIMICOS | C91: 169652.57 | D91: 181188.84 | E91: 169652.57 | F91: 66957.58
B92: COMBUSTIBLES Y LUBRICANTES | C92: 912 | E92: 912
B93: PRODUCTOS MEDICINALES Y FARMACEUTICOS | C93: 427229.65 | D93: 535053.33 | E93: 427229.65 | F93: 261536.69
B94: TINTES, PINTURAS Y COLORANTES | C94: 100 | E94: 100
B95: PRODUCTOS PLASTICOS, NYLON, VINIL Y PVC | C95: 13579.7 | D95: 6224.76 | E95: 13579.7 | F95: 6630
B96: OTROS PRODUCTOS METALICOS | C96: 310 | D96: 3610 | E96: 310
B97: UTILES DE LIMPIEZA Y PRODUCTOS SANITARIOS | C97: 10809.43 | D97: 39404.76 | E97: 10809.43 | F97: 23463
B98: UTILES MENORES MEDICO QUIRURGICOS Y DE LAB. | C98: 1780006.3 | D98: 2752150.2 | E98: 1780006.3 | F98: 1617110.1
B99: UTILES, ACCESORIOS Y MATERIALES ELECTRICOS | C99: 2208.7 | E99: 2208.7 | F99: 11097
B100: ACCESORIOS Y REPUESTOS EN GENERAL | C100: 8105.1 | D100: 43640 | E100: 8105.1
B101: OTROS MATERIALES Y SUMINISTROS | C101: 165.5 | E101: 165.5
B102: TOTAL MATERIALES Y SUMINISTROS | C102: =SUM(C88:C101) -> 2475560.8 | D102: =SUM(D88:D101) -> 3562294.9 | E102: =SUM(E88:E101) -> 2475560.8 | F102: =SUM(F88:F101) -> 2044818 | G102: =SUM(G88:G101) -> 0 | H102: =SUM(H88:H101) -> 0 | I102: =SUM(I88:I101) -> 0 | J102: =SUM(J88:J101) -> 0
A123: Programación mensual por tipo de gasto año 2017, Expresado en Quetzales tercer cuatrimestre 2018
A124: No. | B124: CATEGORIA DE GASTO | C124: SEPTIEMBRE | E124: OCTUBRE | G124: NOVIEMBRE | I124: DICIEMBRE
C125: PRESUPUESTO | D125: REAL | E125: PRESUPUESTO | F125: REAL | G125: PRESUPUESTO | H125: REAL | I125: PRESUPUESTO | J125: REAL
B126: RECURSO HUMANO
B128: GASTOS DE FUNCIONAMIENTO | C128: =+C136+C152 -> 0 | D128: =+D136+D152 -> 0 | E128: =+E136+E152 -> 0 | F128: =+F136+F152 -> 0 | G128: =+G136+G152 -> 0 | H128: =+H136+H152 -> 0 | I128: =+I136+I152 -> 0 | J128: =+J136+J152 -> 0
B129: ENERGIA ELECTRICA
B130: TELEFONIA
B131: IMPRESIÓN, ENCUADERNACION Y REPRODUCCION
B132: MANT. Y REP. EQUIPO MEDICO SANITARIO Y DE LAB.
B133: SERVICIOS MEDICO-SANITARIOS
B134: SERVICIOS DE VIGILANCIA
B135: OTROS SERVICIOS NO PERSONALES
B136: SUMA GASTOS GENERALES | C136: =SUM(C129:C135) -> 0 | D136: =SUM(D129:D135) -> 0 | E136: =SUM(E129:E135) -> 0 | F136: =SUM(F129:F135) -> 0 | G136: =SUM(G129:G135) -> 0 | H136: =SUM(H129:H135) -> 0 | I136: =SUM(I129:I135) -> 0 | J136: =SUM(J129:J135) -> 0
B137: MATERIALES Y SUMINISTROS
B138: ALIMENTOS PARA PERSONAS
B139: AVABADOS TEXTILES
B140: PRODUCTOS DE PAPEL O CARTON
B141: ELEMENTOS Y COMPUESTOS QUIMICOS
B142: COMBUSTIBLES Y LUBRICANTES
B143: PRODUCTOS MEDICINALES Y FARMACEUTICOS
B144: TINTES, PINTURAS Y COLORANTES
B145: PRODUCTOS PLASTICOS, NYLON, VINIL Y PVC
B146: OTROS PRODUCTOS METALICOS
B147: UTILES DE LIMPIEZA Y PRODUCTOS SANITARIOS
B148: UTILES MENORES MEDICO QUIRURGICOS Y DE LAB.
... B151: OTROS MATERIALES Y SUMINISTROS
B152: TOTAL MATERIALES Y SUMINISTROS | C152: =SUM(C138:C151) -> 0 | D152: =SUM(D138:D151) -> 0 | E152: =SUM(E138:E151) -> 0 | F152: =SUM(F138:F151) -> 0 | G152: =SUM(G138:G151) -> 0 | H152: =SUM(H138:H151) -> 0 | I152: =SUM(I138:I151) -> 0 | J152: =SUM(J138:J151) -> 0
C177: PROGRAMACION POR TIPO DE GASTO AÑO 2020
C178: RESUMEN AL 31 DE MARZO 2021
C179: No. | D179: CATEGORIA DE GASTO | E179: TOTAL ANUAL
E180: PRESUPUESTO | F180: COMPROMETIDO
D181: RECURSO HUMANO | E181: =+'MARZO CTE-5'!C145 -> 6200000 | F181: =+'MARZO CTE-5'!D145 -> 5680541.2
...

Sheet ABRIL ANEXO A CTE-5
B8: ÀREA FINANCIERA | I8: ANEXO DE CTE-5
A10: UNIDAD DE CIRUGIA CARDIOVASCULAR DE GUATEMALA
A11: 5a. AVENIDA 6-22 ZONA 11
A12: dgunicar@yahoo.es Tel. 24163000
A14: Programación mensual por tipo de gasto año 2018, Expresado en Quetzales primer cuatrimestre 2018
A15: No. | B15: CATEGORIA DE GASTO | C15: ENERO | E15: FEBRERO | G15: MARZO | I15: ABRIL
C16: PRESUPUESTO | D16: REAL | E16: PRESUPUESTO | F16: REAL | G16: PRESUPUESTO | H16: REAL | I16: PRESUPUESTO | J16: REAL
B17: RECURSO HUMANO | C17: 1764858.4 | D17: 1492317.4 | E17: 1764858.4 | F17: 1792563.6 | G17: 1764858.4 | H17: 1578007.9 | I17: 1764858.4 | J17: 1803793.6
B19: GASTOS DE FUNCIONAMIENTO | C19: =+C27+C43 -> 2818474.9 | D19: =+D27+D43 -> 0 | E19: =+E27+E43 -> 2818474.9 | F19: =+F27+F43 -> 67111.02 | G19: =+G27+G43 -> 2818474.9 | H19: =+H27+H43 -> 58543.64 | I19: =+I27+I43 -> 2818474.9 | J19: =+J27+J43 -> 3743927.3
B20: ENERGIA ELECTRICA | C20: 62500 | E20: 62500 | F20: 56112.02 | G20: 62500 | I20: 62500 | J20: 68083.01
B21: TELEFONIA | C21: 7500 | E21: 7500 | F21: 10999 | G21: 7500 | H21: 11011 | I21: 7500 | J21: 10992
B22: IMPRESIÓN, ENCUADERNACION Y REPRODUCCION | C22: 8133.97 | E22: 8133.97 | G22: 8133.97 | I22: 8133.97 | J22: 4358
B23: MANT. Y REP. EQUIPO MEDICO SANITARIO Y DE LAB. | C23: 33333.33 | E23: 33333.33 | G23: 33333.33 | I23: 33333.33 | J23: 45020
B24: SERVICIOS MEDICO-SANITARIOS | C24: 165141.75 | E24: 165141.75 | G24: 165141.75 | H24: 1000 | I24: 165141.75 | J24: 26842.86
B25: SERVICIOS DE VIGILANCIA | C25: 40000 | E25: 40000 | G25: 40000 | I25: 40000 | J25: 76240
B26: OTROS SERVICIOS NO PERSONALES | C26: 26305.03 | E26: 26305.03 | G26: 26305.03 | H26: 46532.64 | I26: 26305.03 | J26: 55063.68
B27: SUMA GASTOS GENERALES | C27: =SUM(C20:C26) -> 342914.08 | D27: =SUM(D20:D26) -> 0 | E27: =SUM(E20:E26) -> 342914.08 | F27: =SUM(F20:F26) -> 67111.02 | G27: =SUM(G20:G26) -> 342914.08 | H27: =SUM(H20:H26) -> 58543.64 | I27: =SUM(I20:I26) -> 342914.08 | J27: =SUM(J20:J26) -> 286599.55
B28: MATERIALES Y SUMINISTROS
B29: ALIMENTOS PARA PERSONAS | C29: 60936.45 | E29: 60936.45 | G29: 60936.45 | I29: 60936.45 | J29: 202940.25
B30: ACABADOS TEXTILES | C30: 600 | E30: 600 | G30: 600 | I30: 600
B31: PRODUCTOS DE PAPEL O CARTON | C31: 945.42 | E31: 945.42 | G31: 945.42 | I31: 945.42
B32: ELEMENTOS Y COMPUESTOS QUIMICOS | C32: 169652.57 | E32: 169652.57 | G32: 169652.57 | I32: 169652.57 | J32: 178282.05
B33: COMBUSTIBLES Y LUBRICANTES | C33: 912 | E33: 912 | G33: 912 | I33: 912
B34: PRODUCTOS MEDICINALES Y FARMACEUTICOS | C34: 427229.65 | E34: 427229.65 | G34: 427229.65 | I34: 427229.65 | J34: 1425199.8
B35: TINTES, PINTURAS Y COLORANTES | C35: 100 | E35: 100 | G35: 100 | I35: 100
B36: PRODUCTOS PLASTICOS, NYLON, VINIL Y PVC | C36: 13579.7 | E36: 13579.7 | G36: 13579.7 | I36: 13579.7 | J36: 75162.24
B37: OTROS PRODUCTOS METALICOS | C37: 310 | E37: 310 | G37: 310 | I37: 310
B38: UTILES DE LIMPIEZA Y PRODUCTOS SANITARIOS | C38: 10809.43 | E38: 10809.43 | G38: 10809.43 | I38: 10809.43 | J38: 14528.6
B39: UTILES MENORES MEDICO QUIRURGICOS Y DE LAB. | C39: 1780006.3 | E39: 1780006.3 | G39: 1780006.3 | I39: 1780006.3 | J39: 1545914.8
B40: UTILES, ACCESORIOS Y MATERIALES ELECTRICOS | C40: 2208.7 | E40: 2208.7 | G40: 2208.7 | I40: 2208.7 | J40: 15300
B41: ACCESORIOS Y REPUESTOS EN GENERAL | C41: 8105.1 | E41: 8105.1 | G41: 8105.1 | I41: 8105.1
B42: OTROS MATERIALES Y SUMINISTROS | C42: 165.5 | E42: 165.5 | G42: 165.5 | I42: 165.5
B43: TOTAL MATERIALES Y SUMINISTROS | C43: =SUM(C29:C42) -> 2475560.8 | D43: =SUM(D29:D42) -> 0 | E43: =SUM(E29:E42) -> 2475560.8 | F43: =SUM(F29:F42) -> 0 | G43: =SUM(G29:G42) -> 2475560.8 | H43: =SUM(H29:H42) -> 0 | I43: =SUM(I29:I42) -> 2475560.8 | J43: =SUM(J29:J42) -> 3457327.8
A46: Programación mensual por tipo de gasto año 2016, Expresado en Quetzales
A47: No. | B47: Categoría de Gasto | C47: Julio | E47: Agosto | G47: Septiembre
B48: Recurso Humano | C48: Pto. | D48: Real | E48: Pto. | F48: Real | G48: Pto. | H48: Real
B51: Gastos de Funcionamiento
B52: detallar cada gasto cargado
A60: TOTALES
A73: Programación mensual por tipo de gasto año 2018, Expresado en Quetzales segundo cuatrimestre 2018
A74: No. | B74: CATEGORIA DE GASTO | C74: MAYO | E74: JUNIO | G74: JULIO | I74: AGOSTO
C75: PRESUPUESTO | D75: REAL | E75: PRESUPUESTO | F75: REAL | G75: PRESUPUESTO | H75: REAL | I75: PRESUPUESTO | J75: REAL
B76: RECURSO HUMANO | C76: 1764858.4 | D76: 2281196.2 | E76: 1764858.4 | F76: 1896496.9
B78: GASTOS DE FUNCIONAMIENTO | C78: =+C86+C102 -> 2818474.9 | D78: =+D86+D102 -> 3820610.3 | E78: =+E86+E102 -> 2818474.9 | F78: =+F86+F102 -> 2361172.2 | G78: =+G86+G102 -> 0 | H78: =+H86+H102 -> 0 | I78: =+I86+I102 -> 0 | J78: =+J86+J102 -> 0
B79: ENERGIA ELECTRICA | C79: 62500 | D79: 138609.61 | E79: 62500
B80: TELEFONIA | C80: 7500 | D80: 9818.25 | E80: 7500 | F80: 9560.36
B81: IMPRESIÓN, ENCUADERNACION Y REPRODUCCION | C81: 8133.97 | E81: 8133.97 | F81: 39787
B82: MANT. Y REP. EQUIPO MEDICO SANITARIO Y DE LAB. | C82: 33333.33 | D82: 19161.8 | E82: 33333.33
B83: SERVICIOS MEDICO-SANITARIOS | C83: 165141.75 | D83: 4057.14 | E83: 165141.75 | F83: 184282.78
B84: SERVICIOS DE VIGILANCIA | C84: 40000 | D84: 38120 | E84: 40000 | F84: 38120
B85: OTROS SERVICIOS NO PERSONALES | C85: 26305.03 | D85: 48548.64 | E85: 26305.03 | F85: 44604
B86: SUMA GASTOS GENERALES | C86: =SUM(C79:C85) -> 342914.08 | D86: =SUM(D79:D85) -> 258315.44 | E86: =SUM(E79:E85) -> 342914.08 | F86: =SUM(F79:F85) -> 316354.14 | G86: =SUM(G79:G85) -> 0 | H86: =SUM(H79:H85) -> 0 | I86: =SUM(I79:I85) -> 0 | J86: =SUM(J79:J85) -> 0
B87: MATERIALES Y SUMINISTROS
B88: ALIMENTOS PARA PERSONAS | C88: 60936.45 | D88: 1023 | E88: 60936.45 | F88: 58023.7
B89: ACABADOS TEXTILES | C89: 600 | E89: 600
B90: PRODUCTOS DE PAPEL O CARTON | C90: 945.42 | E90: 945.42
B91: ELEMENTOS Y COMPUESTOS QUIMICOS | C91: 169652.57 | D91: 181188.84 | E91: 169652.57 | F91: 66957.58
B92: COMBUSTIBLES Y LUBRICANTES | C92: 912 | E92: 912
B93: PRODUCTOS MEDICINALES Y FARMACEUTICOS | C93: 427229.65 | D93: 535053.33 | E93: 427229.65 | F93: 261536.69
B94: TINTES, PINTURAS Y COLORANTES | C94: 100 | E94: 100
B95: PRODUCTOS PLASTICOS, NYLON, VINIL Y PVC | C95: 13579.7 | D95: 6224.76 | E95: 13579.7 | F95: 6630
B96: OTROS PRODUCTOS METALICOS | C96: 310 | D96: 3610 | E96: 310
B97: UTILES DE LIMPIEZA Y PRODUCTOS SANITARIOS | C97: 10809.43 | D97: 39404.76 | E97: 10809.43 | F97: 23463
B98: UTILES MENORES MEDICO QUIRURGICOS Y DE LAB. | C98: 1780006.3 | D98: 2752150.2 | E98: 1780006.3 | F98: 1617110.1
B99: UTILES, ACCESORIOS Y MATERIALES ELECTRICOS | C99: 2208.7 | E99: 2208.7 | F99: 11097
B100: ACCESORIOS Y REPUESTOS EN GENERAL | C100: 8105.1 | D100: 43640 | E100: 8105.1
B101: OTROS MATERIALES Y SUMINISTROS | C101: 165.5 | E101: 165.5
B102: TOTAL MATERIALES Y SUMINISTROS | C102: =SUM(C88:C101) -> 2475560.8 | D102: =SUM(D88:D101) -> 3562294.9 | E102: =SUM(E88:E101) -> 2475560.8 | F102: =SUM(F88:F101) -> 2044818 | G102: =SUM(G88:G101) -> 0 | H102: =SUM(H88:H101) -> 0 | I102: =SUM(I88:I101) -> 0 | J102: =SUM(J88:J101) -> 0
A123: Programación mensual por tipo de gasto año 2017, Expresado en Quetzales tercer cuatrimestre 2018
A124: No. | B124: CATEGORIA DE GASTO | C124: SEPTIEMBRE | E124: OCTUBRE | G124: NOVIEMBRE | I124: DICIEMBRE
C125: PRESUPUESTO | D125: REAL | E125: PRESUPUESTO | F125: REAL | G125: PRESUPUESTO | H125: REAL | I125: PRESUPUESTO | J125: REAL
B126: RECURSO HUMANO
B128: GASTOS DE FUNCIONAMIENTO | C128: =+C136+C152 -> 0 | D128: =+D136+D152 -> 0 | E128: =+E136+E152 -> 0 | F128: =+F136+F152 -> 0 | G128: =+G136+G152 -> 0 | H128: =+H136+H152 -> 0 | I128: =+I136+I152 -> 0 | J128: =+J136+J152 -> 0
B129: ENERGIA ELECTRICA
B130: TELEFONIA
B131: IMPRESIÓN, ENCUADERNACION Y REPRODUCCION
B132: MANT. Y REP. EQUIPO MEDICO SANITARIO Y DE LAB.
B133: SERVICIOS MEDICO-SANITARIOS
B134: SERVICIOS DE VIGILANCIA
B135: OTROS SERVICIOS NO PERSONALES
B136: SUMA GASTOS GENERALES | C136: =SUM(C129:C135) -> 0 | D136: =SUM(D129:D135) -> 0 | E136: =SUM(E129:E135) -> 0 | F136: =SUM(F129:F135) -> 0 | G136: =SUM(G129:G135) -> 0 | H136: =SUM(H129:H135) -> 0 | I136: =SUM(I129:I135) -> 0 | J136: =SUM(J129:J135) -> 0
B137: MATERIALES Y SUMINISTROS
B138: ALIMENTOS PARA PERSONAS
B139: AVABADOS TEXTILES
B140: PRODUCTOS DE PAPEL O CARTON
B141: ELEMENTOS Y COMPUESTOS QUIMICOS
B142: COMBUSTIBLES Y LUBRICANTES
B143: PRODUCTOS MEDICINALES Y FARMACEUTICOS
B144: TINTES, PINTURAS Y COLORANTES
B145: PRODUCTOS PLASTICOS, NYLON, VINIL Y PVC
B146: OTROS PRODUCTOS METALICOS
B147: UTILES DE LIMPIEZA Y PRODUCTOS SANITARIOS
B148: UTILES MENORES MEDICO QUIRURGICOS Y DE LAB.
... B151: OTROS MATERIALES Y SUMINISTROS
B152: TOTAL MATERIALES Y SUMINISTROS | C152: =SUM(C138:C151) -> 0 | D152: =SUM(D138:D151) -> 0 | E152: =SUM(E138:E151) -> 0 | F152: =SUM(F138:F151) -> 0 | G152: =SUM(G138:G151) -> 0 | H152: =SUM(H138:H151) -> 0 | I152: =SUM(I138:I151) -> 0 | J152: =SUM(J138:J151) -> 0
C177: PROGRAMACION POR TIPO DE GASTO AÑO 2020
C178: RESUMEN AL 30 DE ABRIL 2021
C179: No. | D179: CATEGORIA DE GASTO | E179: TOTAL ANUAL
E180: PRESUPUESTO | F180: COMPROMETIDO
D181: RECURSO HUMANO | E181: =+'ABRIL CTE-5'!C145 -> 8266666.7 | F181: =+'ABRIL CTE-5'!D145 -> 8185231.3
...

Sheet ENERO CTE-7
B7: ÀREA FINANCIERA | J7: CTE-7
A9: UNIDAD DE CIRUGIA CARDIOVASCULAR DE GUATEMALA
A10: 5a. AVENIDA 6-22 ZONA 11
A11: CORREO ELECTRÓNICO Y TELÉFONO
A14: Ejecucion de avance fìnanciero programado-ejecutado por categoria del gasto primer cuatrimestre 2021
A16: Categoría del gasto | B16: Enero | D16: Febrero | F16: Marzo | H16: Abril | J16: Totales
B17: Presupuestado | C17: Ejecutado | D17: Presupuestado | E17: Ejecutado | F17: Presupuestado | G17: Ejecutado | H17: Presupuestado | I17: Ejecutado | J17: Presupuestado | K17: Ejecutado
A18: Recurso Humano | B18: 2066666.7 | C18: 1849158.4 | J18: =+B18+D18+F18+H18 -> 2066666.7 | K18: =+C18+E18+G18+I18 -> 1849158.4
A19: Gastos de Funcionamiento | B19: 2882453.1 | J19: =+B19+D19+F19+H19 -> 2882453.1 | K19: =+C19+E19+G19+I19 -> 0
A20: Propiedad planta y equipo | J20: =+B20+D20+F20+H20 -> 0 | K20: =+C20+E20+G20+I20 -> 0
A21: TOTAL | B21: =SUM(B18:B20) -> 4949119.8 | C21: =SUM(C18:C20) -> 1849158.4 | D21: =SUM(D18:D20) -> 0 | E21: =SUM(E18:E20) -> 0 | F21: =SUM(F18:F20) -> 0 | G21: =SUM(G18:G20) -> 0 | H21: =SUM(H18:H20) -> 0 | I21: =SUM(I18:I20) -> 0 | ... K21: =SUM(K18:K20) -> 1849158.4
A23: Ejecucion y/o avance fisico mensual por categoría del gasto real y presupuestado del mes
A24: Categoría del gasto | B24: Abril | D24: Mayo | F24: Junio | J24: Totales
B25: Presupuestado | C25: Ejecutado | D25: Presupuestado | E25: Ejecutado | F25: Presupuestado | G25: Ejecutado | J25: Presupuestado | K25: Ejecutado
A26: Recurso Humano
A27: Gastos de Funcionamiento
A30: Ejecucion y/o avance fisico mensual por categoría del gasto real y presupuestado del mes
A31: Categoría del gasto | B31: Julio | D31: Agosto | F31: Septiembre | J31: Totales
B32: Presupuestado | C32: Ejecutado | D32: Presupuestado | E32: Ejecutado | F32: Presupuestado | G32: Ejecutado | J32: Presupuestado | K32: Ejecutado
A33: Recurso Humano
A34: Gastos de Funcionamiento
A37: Ejecucion y/o avance fisico mensual por categoría del gasto real y presupuestado del mes
A38: Categoría del gasto | B38: Octubre | D38: Noviembre | F38: Diciembre | J38: Totales
B39: Presupuestado | C39: Ejecutado | D39: Presupuestado | E39: Ejecutado | F39: Presupuestado | G39: Ejecutado | J39: Presupuestado | K39: Ejecutado
A40: Recurso Humano
A41: Gastos de Funcionamiento
A44: Ejecucion de avance fìnanciero programado-ejecutado por categoria del gasto segundo cuatrimestre 2021
A46: Categoría del gasto | B46: Mayo | D46: Junio | F46: Julio | H46: Agosto | J46: Totales
B47: Presupuestado | C47: Ejecutado | D47: Presupuestado | E47: Ejecutado | F47: Presupuestado | G47: Ejecutado | H47: Presupuestado | I47: Ejecutado | J47: Presupuestado | K47: Ejecutado
A48: Recurso Humano | J48: =+B48+D48+F48+H48 -> 0 | K48: =+C48+E48+G48+I48 -> 0
A49: Gastos de Funcionamiento | J49: =+B49+D49+F49+H49 -> 0 | K49: =+C49+E49+G49+I49 -> 0
A50: Propiedad planta y equipo | J50: =+B50+D50+F50+H50 -> 0 | K50: =+C50+E50+G50+I50 -> 0
A51: TOTAL | B51: =SUM(B48:B50) -> 0 | C51: =SUM(C48:C50) -> 0 | D51: =SUM(D48:D50) -> 0 | E51: =SUM(E48:E50) -> 0 | F51: =SUM(F48:F50) -> 0 | G51: =SUM(G48:G50) -> 0 | H51: =SUM(H48:H50) -> 0 | I51: =SUM(I48:I50) -> 0 | ... K51: =SUM(K48:K50) -> 0
A54: Ejecucion de avance fìnanciero programado-ejecutado por categoria del gasto tercer cuatrimestre 2021
A56: Categoría del gasto | B56: Septiembre | D56: Octubre | F56: Noviembre | H56: Diciembre | J56: Totales
B57: Presupuestado | C57: Ejecutado | D57: Presupuestado | E57: Ejecutado | F57: Presupuestado | G57: Ejecutado | H57: Presupuestado | I57: Ejecutado | J57: Presupuestado | K57: Ejecutado
A58: Recurso Humano | J58: =+B58+D58+F58+H58 -> 0 | K58: =+C58+E58+G58+I58 -> 0
A59: Gastos de Funcionamiento | J59: =+B59+D59+F59+H59 -> 0 | K59: =+C59+E59+G59+I59 -> 0
A60: Propiedad Planta y Equipo | J60: =+B60+D60+F60+H60 -> 0 | K60: =+C60+E60+G60+I60 -> 0
A61: TOTAL | B61: =SUM(B58:B60) -> 0 | C61: =SUM(C58:C60) -> 0 | D61: =SUM(D58:D60) -> 0 | E61: =SUM(E58:E60) -> 0 | F61: =SUM(F58:F60) -> 0 | G61: =SUM(G58:G60) -> 0 | H61: =SUM(H58:H60) -> 0 | I61: =SUM(I58:I60) -> 0 | ... K61: =SUM(K58:K60) -> 0
A65: Resumen año 2021
A66: Categoría del gasto | B66: año 2021
B67: Presupuestado | C67: Ejecutado
A68: Recurso Humano | B68: =+J18+J48+J58 -> 2066666.7 | C68: =+K18+K48+K58 -> 1849158.4
A69: Gastos de Funcionamiento | B69: =+J19+J49+J59 -> 2882453.1 | C69: =+K19+K49+K59 -> 0
A70: Propiedad Planta y Equipo | B70: =+J60+J50+J20 -> 0 | C70: =K60+K50+K20 -> 0
A71: TOTAL | B71: =SUM(B68:B70) -> 4949119.8 | C71: =SUM(C68:C70) -> 1849158.4
A81: Elaborado por: | C81: ________________________ | F81: Autorizado por: | H81: _____________________________
C82: Víctor Cresencio Reyes Porres | H82: Dr. José Raul Cruz Molina
C83: Jefe de Contabilidad | H83: Director General
A84: Fecha: | C84: 10 de febrero 2021

Sheet FEBRERO CTE-7
B7: ÀREA FINANCIERA | J7: CTE-7
A9: UNIDAD DE CIRUGIA CARDIOVASCULAR DE GUATEMALA
A10: 5a. AVENIDA 6-22 ZONA 11
A11: CORREO ELECTRÓNICO Y TELÉFONO
A14: Ejecucion de avance fìnanciero programado-ejecutado por categoria del gasto primer cuatrimestre 2021
A16: Categoría del gasto | B16: Enero | D16: Febrero | F16: Marzo | H16: Abril | J16: Totales
B17: Presupuestado | C17: Ejecutado | D17: Presupuestado | E17: Ejecutado | F17: Presupuestado | G17: Ejecutado | H17: Presupuestado | I17: Ejecutado | J17: Presupuestado | K17: Ejecutado
A18: Recurso Humano | B18: 2066666.7 | C18: 1849158.4 | D18: 2066666.7 | E18: 1911482 | J18: =+B18+D18+F18+H18 -> 4133333.3 | K18: =+C18+E18+G18+I18 -> 3760640.4
A19: Gastos de Funcionamiento | B19: 2882453.1 | D19: 3039642.7 | E19: 41948.01 | J19: =+B19+D19+F19+H19 -> 5922095.8 | K19: =+C19+E19+G19+I19 -> 41948.01
A20: Propiedad planta y equipo | J20: =+B20+D20+F20+H20 -> 0 | K20: =+C20+E20+G20+I20 -> 0
A21: TOTAL | B21: =SUM(B18:B20) -> 4949119.8 | C21: =SUM(C18:C20) -> 1849158.4 | D21: =SUM(D18:D20) -> 5106309.4 | E21: =SUM(E18:E20) -> 1953430 | F21: =SUM(F18:F20) -> 0 | G21: =SUM(G18:G20) -> 0 | H21: =SUM(H18:H20) -> 0 | I21: =SUM(I18:I20) -> 0 | ... K21: =SUM(K18:K20) -> 3802588.4
A23: Ejecucion y/o avance fisico mensual por categoría del gasto real y presupuestado del mes
A24: Categoría del gasto | B24: Abril | D24: Mayo | F24: Junio | J24: Totales
B25: Presupuestado | C25: Ejecutado | D25: Presupuestado | E25: Ejecutado | F25: Presupuestado | G25: Ejecutado | J25: Presupuestado | K25: Ejecutado
A26: Recurso Humano
A27: Gastos de Funcionamiento
A30: Ejecucion y/o avance fisico mensual por categoría del gasto real y presupuestado del mes
A31: Categoría del gasto | B31: Julio | D31: Agosto | F31: Septiembre | J31: Totales
B32: Presupuestado | C32: Ejecutado | D32: Presupuestado | E32: Ejecutado | F32: Presupuestado | G32: Ejecutado | J32: Presupuestado | K32: Ejecutado
A33: Recurso Humano
A34: Gastos de Funcionamiento
A37: Ejecucion y/o avance fisico mensual por categoría del gasto real y presupuestado del mes
A38: Categoría del gasto | B38: Octubre | D38: Noviembre | F38: Diciembre | J38: Totales
B39: Presupuestado | C39: Ejecutado | D39: Presupuestado | E39: Ejecutado | F39: Presupuestado | G39: Ejecutado | J39: Presupuestado | K39: Ejecutado
A40: Recurso Humano
A41: Gastos de Funcionamiento
A44: Ejecucion de avance fìnanciero programado-ejecutado por categoria del gasto segundo cuatrimestre 2021
A46: Categoría del gasto | B46: Mayo | D46: Junio | F46: Julio | H46: Agosto | J46: Totales
B47: Presupuestado | C47: Ejecutado | D47: Presupuestado | E47: Ejecutado | F47: Presupuestado | G47: Ejecutado | H47: Presupuestado | I47: Ejecutado | J47: Presupuestado | K47: Ejecutado
A48: Recurso Humano | J48: =+B48+D48+F48+H48 -> 0 | K48: =+C48+E48+G48+I48 -> 0
A49: Gastos de Funcionamiento | J49: =+B49+D49+F49+H49 -> 0 | K49: =+C49+E49+G49+I49 -> 0
A50: Propiedad planta y equipo | J50: =+B50+D50+F50+H50 -> 0 | K50: =+C50+E50+G50+I50 -> 0
A51: TOTAL | B51: =SUM(B48:B50) -> 0 | C51: =SUM(C48:C50) -> 0 | D51: =SUM(D48:D50) -> 0 | E51: =SUM(E48:E50) -> 0 | F51: =SUM(F48:F50) -> 0 | G51: =SUM(G48:G50) -> 0 | H51: =SUM(H48:H50) -> 0 | I51: =SUM(I48:I50) -> 0 | ... K51: =SUM(K48:K50) -> 0
A54: Ejecucion de avance fìnanciero programado-ejecutado por categoria del gasto tercer cuatrimestre 2021
A56: Categoría del gasto | B56: Septiembre | D56: Octubre | F56: Noviembre | H56: Diciembre | J56: Totales
B57: Presupuestado | C57: Ejecutado | D57: Presupuestado | E57: Ejecutado | F57: Presupuestado | G57: Ejecutado | H57: Presupuestado | I57: Ejecutado | J57: Presupuestado | K57: Ejecutado
A58: Recurso Humano | J58: =+B58+D58+F58+H58 -> 0 | K58: =+C58+E58+G58+I58 -> 0
A59: Gastos de Funcionamiento | J59: =+B59+D59+F59+H59 -> 0 | K59: =+C59+E59+G59+I59 -> 0
A60: Propiedad Planta y Equipo | J60: =+B60+D60+F60+H60 -> 0 | K60: =+C60+E60+G60+I60 -> 0
A61: TOTAL | B61: =SUM(B58:B60) -> 0 | C61: =SUM(C58:C60) -> 0 | D61: =SUM(D58:D60) -> 0 | E61: =SUM(E58:E60) -> 0 | F61: =SUM(F58:F60) -> 0 | G61: =SUM(G58:G60) -> 0 | H61: =SUM(H58:H60) -> 0 | I61: =SUM(I58:I60) -> 0 | ... K61: =SUM(K58:K60) -> 0
A65: Resumen año 2021
A66: Categoría del gasto | B66: año 2021
B67: Presupuestado | C67: Ejecutado
A68: Recurso Humano | B68: =+J18+J48+J58 -> 4133333.3 | C68: =+K18+K48+K58 -> 3760640.4
A69: Gastos de Funcionamiento | B69: =+J19+J49+J59 -> 5922095.8 | C69: =+K19+K49+K59 -> 41948.01
A70: Propiedad Planta y Equipo | B70: =+J60+J50+J20 -> 0 | C70: =K60+K50+K20 -> 0
A71: TOTAL | B71: =SUM(B68:B70) -> 10055429 | C71: =SUM(C68:C70) -> 3802588.4
A81: Elaborado por: | C81: ________________________ | F81: Autorizado por: | H81: _____________________________
C82: Víctor Cresencio Reyes Porres | H82: Dr. José Raul Cruz Molina
C83: Jefe de Contabilidad | H83: Director General
A84: Fecha: | C84: 10 de marzo 2021

Sheet MARZO CTE-7
B7: ÀREA FINANCIERA | J7: CTE-7
A9: UNIDAD DE CIRUGIA CARDIOVASCULAR DE GUATEMALA
A10: 5a. AVENIDA 6-22 ZONA 11
A11: CORREO ELECTRÓNICO Y TELÉFONO
A14: Ejecucion de avance fìnanciero programado-ejecutado por categoria del gasto primer cuatrimestre 2021
A16: Categoría del gasto | B16: Enero | D16: Febrero | F16: Marzo | H16: Abril | J16: Totales
B17: Presupuestado | C17: Ejecutado | D17: Presupuestado | E17: Ejecutado | F17: Presupuestado | G17: Ejecutado | H17: Presupuestado | I17: Ejecutado | J17: Presupuestado | K17: Ejecutado
A18: Recurso Humano | B18: 2066666.7 | C18: 1849158.4 | D18: 2066666.7 | E18: 1911482 | F18: 2066666.7 | G18: 1919900.8 | J18: =+B18+D18+F18+H18 -> 6200000 | K18: =+C18+E18+G18+I18 -> 5680541.2
A19: Gastos de Funcionamiento | B19: 2882453.1 | D19: 3039642.7 | E19: 41948.01 | F19: 3127790.4 | G19: 173563.53 | J19: =+B19+D19+F19+H19 -> 9049886.2 | K19: =+C19+E19+G19+I19 -> 215511.54
A20: Propiedad planta y equipo | J20: =+B20+D20+F20+H20 -> 0 | K20: =+C20+E20+G20+I20 -> 0
A21: TOTAL | B21: =SUM(B18:B20) -> 4949119.8 | C21: =SUM(C18:C20) -> 1849158.4 | D21: =SUM(D18:D20) -> 5106309.4 | E21: =SUM(E18:E20) -> 1953430 | F21: =SUM(F18:F20) -> 5194457.1 | G21: =SUM(G18:G20) -> 2093464.3 | H21: =SUM(H18:H20) -> 0 | I21: =SUM(I18:I20) -> 0 | ... K21: =SUM(K18:K20) -> 5896052.7
A23: Ejecucion y/o avance fisico mensual por categoría del gasto real y presupuestado del mes
A24: Categoría del gasto | B24: Abril | D24: Mayo | F24: Junio | J24: Totales
B25: Presupuestado | C25: Ejecutado | D25: Presupuestado | E25: Ejecutado | F25: Presupuestado | G25: Ejecutado | J25: Presupuestado | K25: Ejecutado
A26: Recurso Humano
A27: Gastos de Funcionamiento
A30: Ejecucion y/o avance fisico mensual por categoría del gasto real y presupuestado del mes
A31: Categoría del gasto | B31: Julio | D31: Agosto | F31: Septiembre | J31: Totales
B32: Presupuestado | C32: Ejecutado | D32: Presupuestado | E32: Ejecutado | F32: Presupuestado | G32: Ejecutado | J32: Presupuestado | K32: Ejecutado
A33: Recurso Humano
A34: Gastos de Funcionamiento
A37: Ejecucion y/o avance fisico mensual por categoría del gasto real y presupuestado del mes
A38: Categoría del gasto | B38: Octubre | D38: Noviembre | F38: Diciembre | J38: Totales
B39: Presupuestado | C39: Ejecutado | D39: Presupuestado | E39: Ejecutado | F39: Presupuestado | G39: Ejecutado | J39: Presupuestado | K39: Ejecutado
A40: Recurso Humano
A41: Gastos de Funcionamiento
A44: Ejecucion de avance fìnanciero programado-ejecutado por categoria del gasto segundo cuatrimestre 2021
A46: Categoría del gasto | B46: Mayo | D46: Junio | F46: Julio | H46: Agosto | J46: Totales
B47: Presupuestado | C47: Ejecutado | D47: Presupuestado | E47: Ejecutado | F47: Presupuestado | G47: Ejecutado | H47: Presupuestado | I47: Ejecutado | J47: Presupuestado | K47: Ejecutado
A48: Recurso Humano | J48: =+B48+D48+F48+H48 -> 0 | K48: =+C48+E48+G48+I48 -> 0
A49: Gastos de Funcionamiento | J49: =+B49+D49+F49+H49 -> 0 | K49: =+C49+E49+G49+I49 -> 0
A50: Propiedad planta y equipo | J50: =+B50+D50+F50+H50 -> 0 | K50: =+C50+E50+G50+I50 -> 0
A51: TOTAL | B51: =SUM(B48:B50) -> 0 | C51: =SUM(C48:C50) -> 0 | D51: =SUM(D48:D50) -> 0 | E51: =SUM(E48:E50) -> 0 | F51: =SUM(F48:F50) -> 0 | G51: =SUM(G48:G50) -> 0 | H51: =SUM(H48:H50) -> 0 | I51: =SUM(I48:I50) -> 0 | ... K51: =SUM(K48:K50) -> 0
A54: Ejecucion de avance fìnanciero programado-ejecutado por categoria del gasto tercer cuatrimestre 2021
A56: Categoría del gasto | B56: Septiembre | D56: Octubre | F56: Noviembre | H56: Diciembre | J56: Totales
B57: Presupuestado | C57: Ejecutado | D57: Presupuestado | E57: Ejecutado | F57: Presupuestado | G57: Ejecutado | H57: Presupuestado | I57: Ejecutado | J57: Presupuestado | K57: Ejecutado
A58: Recurso Humano | J58: =+B58+D58+F58+H58 -> 0 | K58: =+C58+E58+G58+I58 -> 0
A59: Gastos de Funcionamiento | J59: =+B59+D59+F59+H59 -> 0 | K59: =+C59+E59+G59+I59 -> 0
A60: Propiedad Planta y Equipo | J60: =+B60+D60+F60+H60 -> 0 | K60: =+C60+E60+G60+I60 -> 0
A61: TOTAL | B61: =SUM(B58:B60) -> 0 | C61: =SUM(C58:C60) -> 0 | D61: =SUM(D58:D60) -> 0 | E61: =SUM(E58:E60) -> 0 | F61: =SUM(F58:F60) -> 0 | G61: =SUM(G58:G60) -> 0 | H61: =SUM(H58:H60) -> 0 | I61: =SUM(I58:I60) -> 0 | ... K61: =SUM(K58:K60) -> 0
A65: Resumen año 2021
A66: Categoría del gasto | B66: año 2021
B67: Presupuestado | C67: Ejecutado
A68: Recurso Humano | B68: =+J18+J48+J58 -> 6200000 | C68: =+K18+K48+K58 -> 5680541.2
A69: Gastos de Funcionamiento | B69: =+J19+J49+J59 -> 9049886.2 | C69: =+K19+K49+K59 -> 215511.54
A70: Propiedad Planta y Equipo | B70: =+J60+J50+J20 -> 0 | C70: =K60+K50+K20 -> 0
A71: TOTAL | B71: =SUM(B68:B70) -> 15249886 | C71: =SUM(C68:C70) -> 5896052.7
A81: Elaborado por: | C81: ________________________ | F81: Autorizado por: | H81: _____________________________
C82: Víctor Cresencio Reyes Porres | H82: Dr. José Raul Cruz Molina
C83: Jefe de Contabilidad | H83: Director General
A84: Fecha: | C84: 10 de abril 2021

Sheet ABRIL CTE-7
B7: ÀREA FINANCIERA | J7: CTE-7
A9: UNIDAD DE CIRUGIA CARDIOVASCULAR DE GUATEMALA
A10: 5a. AVENIDA 6-22 ZONA 11
A11: CORREO ELECTRÓNICO Y TELÉFONO
A14: Ejecucion de avance fìnanciero programado-ejecutado por categoria del gasto primer cuatrimestre 2021
A16: Categoría del gasto | B16: Enero | D16: Febrero | F16: Marzo | H16: Abril | J16: Totales
B17: Presupuestado | C17: Ejecutado | D17: Presupuestado | E17: Ejecutado | F17: Presupuestado | G17: Ejecutado | H17: Presupuestado | I17: Ejecutado | J17: Presupuestado | K17: Ejecutado
A18: Recurso Humano | B18: 2066666.7 | C18: 1849158.4 | D18: 2066666.7 | E18: 1911482 | F18: 2066666.7 | G18: 1919900.8 | H18: 2066666.7 | I18: 2504690.2 | J18: =+B18+D18+F18+H18 -> 8266666.7 | K18: =+C18+E18+G18+I18 -> 8185231.3
A19: Gastos de Funcionamiento | B19: 2882453.1 | D19: 3039642.7 | E19: 41948.01 | F19: 3127790.4 | G19: 173563.53 | H19: 3127790.4 | I19: 2323502.4 | J19: =+B19+D19+F19+H19 -> 12177677 | K19: =+C19+E19+G19+I19 -> 2539014
A20: Propiedad planta y equipo | J20: =+B20+D20+F20+H20 -> 0 | K20: =+C20+E20+G20+I20 -> 0
A21: TOTAL | B21: =SUM(B18:B20) -> 4949119.8 | C21: =SUM(C18:C20) -> 1849158.4 | D21: =SUM(D18:D20) -> 5106309.4 | E21: =SUM(E18:E20) -> 1953430 | F21: =SUM(F18:F20) -> 5194457.1 | G21: =SUM(G18:G20) -> 2093464.3 | H21: =SUM(H18:H20) -> 5194457.1 | I21: =SUM(I18:I20) -> 4828192.6 | ... K21: =SUM(K18:K20) -> 10724245
A23: Ejecucion y/o avance fisico mensual por categoría del gasto real y presupuestado del mes
A24: Categoría del gasto | B24: Abril | D24: Mayo | F24: Junio | J24: Totales
B25: Presupuestado | C25: Ejecutado | D25: Presupuestado | E25: Ejecutado | F25: Presupuestado | G25: Ejecutado | J25: Presupuestado | K25: Ejecutado
A26: Recurso Humano
A27: Gastos de Funcionamiento
A30: Ejecucion y/o avance fisico mensual por categoría del gasto real y presupuestado del mes
A31: Categoría del gasto | B31: Julio | D31: Agosto | F31: Septiembre | J31: Totales
B32: Presupuestado | C32: Ejecutado | D32: Presupuestado | E32: Ejecutado | F32: Presupuestado | G32: Ejecutado | J32: Presupuestado | K32: Ejecutado
A33: Recurso Humano
A34: Gastos de Funcionamiento
A37: Ejecucion y/o avance fisico mensual por categoría del gasto real y presupuestado del mes
A38: Categoría del gasto | B38: Octubre | D38: Noviembre | F38: Diciembre | J38: Totales
B39: Presupuestado | C39: Ejecutado | D39: Presupuestado | E39: Ejecutado | F39: Presupuestado | G39: Ejecutado | J39: Presupuestado | K39: Ejecutado
A40: Recurso Humano
A41: Gastos de Funcionamiento
A44: Ejecucion de avance fìnanciero programado-ejecutado por categoria del gasto segundo cuatrimestre 2021
A46: Categoría del gasto | B46: Mayo | D46: Junio | F46: Julio | H46: Agosto | J46: Totales
B47: Presupuestado | C47: Ejecutado | D47: Presupuestado | E47: Ejecutado | F47: Presupuestado | G47: Ejecutado | H47: Presupuestado | I47: Ejecutado | J47: Presupuestado | K47: Ejecutado
A48: Recurso Humano | J48: =+B48+D48+F48+H48 -> 0 | K48: =+C48+E48+G48+I48 -> 0
A49: Gastos de Funcionamiento | J49: =+B49+D49+F49+H49 -> 0 | K49: =+C49+E49+G49+I49 -> 0
A50: Propiedad planta y equipo | J50: =+B50+D50+F50+H50 -> 0 | K50: =+C50+E50+G50+I50 -> 0
A51: TOTAL | B51: =SUM(B48:B50) -> 0 | C51: =SUM(C48:C50) -> 0 | D51: =SUM(D48:D50) -> 0 | E51: =SUM(E48:E50) -> 0 | F51: =SUM(F48:F50) -> 0 | G51: =SUM(G48:G50) -> 0 | H51: =SUM(H48:H50) -> 0 | I51: =SUM(I48:I50) -> 0 | ... K51: =SUM(K48:K50) -> 0
A54: Ejecucion de avance fìnanciero programado-ejecutado por categoria del gasto tercer cuatrimestre 2021
A56: Categoría del gasto | B56: Septiembre | D56: Octubre | F56: Noviembre | H56: Diciembre | J56: Totales
B57: Presupuestado | C57: Ejecutado | D57: Presupuestado | E57: Ejecutado | F57: Presupuestado | G57: Ejecutado | H57: Presupuestado | I57: Ejecutado | J57: Presupuestado | K57: Ejecutado
A58: Recurso Humano | J58: =+B58+D58+F58+H58 -> 0 | K58: =+C58+E58+G58+I58 -> 0
A59: Gastos de Funcionamiento | J59: =+B59+D59+F59+H59 -> 0 | K59: =+C59+E59+G59+I59 -> 0
A60: Propiedad Planta y Equipo | J60: =+B60+D60+F60+H60 -> 0 | K60: =+C60+E60+G60+I60 -> 0
A61: TOTAL | B61: =SUM(B58:B60) -> 0 | C61: =SUM(C58:C60) -> 0 | D61: =SUM(D58:D60) -> 0 | E61: =SUM(E58:E60) -> 0 | F61: =SUM(F58:F60) -> 0 | G61: =SUM(G58:G60) -> 0 | H61: =SUM(H58:H60) -> 0 | I61: =SUM(I58:I60) -> 0 | ... K61: =SUM(K58:K60) -> 0
A65: Resumen año 2021
A66: Categoría del gasto | B66: año 2021
B67: Presupuestado | C67: Ejecutado
A68: Recurso Humano | B68: =+J18+J48+J58 -> 8266666.7 | C68: =+K18+K48+K58 -> 8185231.3
A69: Gastos de Funcionamiento | B69: =+J19+J49+J59 -> 12177677 | C69: =+K19+K49+K59 -> 2539014
A70: Propiedad Planta y Equipo | B70: =+J60+J50+J20 -> 0 | C70: =K60+K50+K20 -> 0
A71: TOTAL | B71: =SUM(B68:B70) -> 20444343 | C71: =SUM(C68:C70) -> 10724245
A81: Elaborado por: | C81: ___________________________ | F81: Autorizado por: | H81: ___________________________________
C82: Víctor Cresencio Reyes Porres | H82: Dr. Walter Antonio Mazariegos Samayoa
C83: Jefe de Contabilidad | H83: Director General a.i.
A84: Fecha: | C84: 10 de mayo 2021

Sheet EJEC. FISICA ENERO
L2: CTE-9
A6: UNIDAD DE CIRUGIA CARDIOVASCULAR DE GUATEMALA
A7: 5a. AVENIDA 6-22 ZONA 11
A8: dgunicar@yahoo.es Tel. 24163000
B10: Programacion de metas fisicas versus ejecucion (mensual) primer cuatrimestre
A11: No. | B11: Servicio | C11: Enero | E11: Febrero | G11: Marzo | I11: Abril | K11: Totales
C12: Programado | D12: Ejecutado | E12: Programado | F12: Ejecutado | G12: Programado | H12: Ejecutado | I12: Programado | J12: Ejecutado | K12: Programado | L12: Ejecutado
A13: 1 | B13: CIRUGIA DE ADULTOS | C13: 13 | D13: 24 | K13: =+C13+E13+G13+I13 -> 13 | L13: =+D13+F13+H13+J13 -> 24
A14: 2 | B14: CIRUGIA DE PEDIATRIA | C14: 13 | D14: 11 | K14: =+C14+E14+G14+I14 -> 13 | L14: =+D14+F14+H14+J14 -> 11
A15: 3 | B15: HEMODINAMIA ADULTOS | C15: 51 | D15: 53 | K15: =+C15+E15+G15+I15 -> 51 | L15: =+D15+F15+H15+J15 -> 53
A16: 4 | B16: HEMODINAMIA PEDIATRIA | C16: 10 | D16: 2 | K16: =+C16+E16+G16+I16 -> 10 | L16: =+D16+F16+H16+J16 -> 2
A17: 5 | B17: ECOCARDIOGRAMA ADULTOS | C17: 317 | D17: 401 | K17: =+C17+E17+G17+I17 -> 317 | L17: =+D17+F17+H17+J17 -> 401
A18: 6 | B18: ECOCARDIOGRAMA PEDIATRIA | C18: 200 | D18: 123 | K18: =+C18+E18+G18+I18 -> 200 | L18: =+D18+F18+H18+J18 -> 123
A19: 7 | B19: ELECTROCARDIOGRAMAS ADULTOS | C19: 126 | D19: 119 | K19: =+C19+E19+G19+I19 -> 126 | L19: =+D19+F19+H19+J19 -> 119
A20: 8 | B20: ELECTROCARDIOGRAMAS PEDIATRIA | C20: 125 | D20: 92 | K20: =+C20+E20+G20+I20 -> 125 | L20: =+D20+F20+H20+J20 -> 92
A21: 9 | B21: CONSULTAS MEDICAS ADULTOS | C21: 800 | D21: 979 | K21: =+C21+E21+G21+I21 -> 800 | L21: =+D21+F21+H21+J21 -> 979
A22: 10 | B22: CONSULTA MEDICAS PEDIATRICAS | C22: 415 | D22: 320 | K22: =+C22+E22+G22+I22 -> 415 | L22: =+D22+F22+H22+J22 -> 320
A23: 11 | B23: ESTOMATOLOGIA | C23: 40 | D23: 30 | K23: =+C23+E23+G23+I23 -> 40 | L23: =+D23+F23+H23+J23 -> 30
A24: 12 | B24: ENCAMAMIENTO POR COMPLICACIONES | C24: 21 | D24: 15 | K24: =+C24+E24+G24+I24 -> 21 | L24: =+D24+F24+H24+J24 -> 15
... A27: 15 | B27: HOLTERS | C27: 7 | D27: 7 | K27: =+C27+E27+G27+I27 -> 7 | L27: =+D27+F27+H27+J27 -> 7
A28: Total | C28: =SUM(C13:C27) -> 2171 | D28: =SUM(D13:D27) -> 2215 | E28: =SUM(E13:E27) -> 0 | F28: =SUM(F13:F27) -> 0 | G28: =SUM(G13:G27) -> 0 | H28: =SUM(H13:H27) -> 0 | I28: =SUM(I13:I27) -> 0 | J28: =SUM(J13:J27) -> 0 | ... L28: =SUM(L13:L27) -> 2215
A30: No. | B30: Servicio | C30: Abril | E30: Mayo | G30: Junio | K30: Totales
C31: Programado | D31: Ejecutado | E31: Programado | F31: Ejecutado | G31: Programado | H31: Ejecutado | K31: Programado | L31: Ejecutado
A32: 1 | B32: Meta 1
A33: 2 | B33: Meta 2
A34: 3 | B34: Meta 3
A35: 4 | B35: Meta 4
A36: Total
A39: No. | B39: Servicio | C39: Julio | E39: Agosto | G39: Septiembre | K39: Totales
C40: Programado | D40: Ejecutado | E40: Programado | F40: Ejecutado | G40: Programado | H40: Ejecutado | K40: Programado | L40: Ejecutado
A41: 1 | B41: Meta 1
A42: 2 | B42: Meta 2
A43: 3 | B43: Meta 3
A44: 4 | B44: Meta 4
A45: Total
A48: No. | B48: Servicio | C48: Octubre | E48: Noviembre | G48: Diciembre | K48: Totales
C49: Programado | D49: Ejecutado | E49: Programado | F49: Ejecutado | G49: Programado | H49: Ejecutado | K49: Programado | L49: Ejecutado
A50: 1 | B50: Meta 1
A51: 2 | B51: Meta 2
A52: 3 | B52: Meta 3
A53: 4 | B53: Meta 4
A54: Total
B55: Programacion de metas fisicas versus ejecucion (mensual) segundo cuatrimestre
A56: No. | B56: Servicio | C56: Mayo | E56: Junio | G56: Julio | I56: Agosto | K56: Totales
C57: Programado | D57: Ejecutado | E57: Programado | F57: Ejecutado | G57: Programado | H57: Ejecutado | I57: Programado | J57: Ejecutado | K57: Programado | L57: Ejecutado
A58: 1 | B58: CIRUGIA DE ADULTOS | K58: =+C58+E58+G58+I58 -> 0 | L58: =+D58+F58+H58+J58 -> 0
A59: 2 | B59: CIRUGIA DE PEDIATRIA | K59: =+C59+E59+G59+I59 -> 0 | L59: =+D59+F59+H59+J59 -> 0
A60: 3 | B60: HEMODINAMIA ADULTOS | K60: =+C60+E60+G60+I60 -> 0 | L60: =+D60+F60+H60+J60 -> 0
A61: 4 | B61: HEMODINAMIA PEDIATRIA | K61: =+C61+E61+G61+I61 -> 0 | L61: =+D61+F61+H61+J61 -> 0
A62: 5 | B62: ECOCARDIOGRAMA ADULTOS | K62: =+C62+E62+G62+I62 -> 0 | L62: =+D62+F62+H62+J62 -> 0
A63: 6 | B63: ECOCARDIOGRAMA PEDIATRIA | K63: =+C63+E63+G63+I63 -> 0 | L63: =+D63+F63+H63+J63 -> 0
A64: 7 | B64: ELECTROCARDIOGRAMAS ADULTOS | K64: =+C64+E64+G64+I64 -> 0 | L64: =+D64+F64+H64+J64 -> 0
A65: 8 | B65: ELECTROCARDIOGRAMAS PEDIATRIA | K65: =+C65+E65+G65+I65 -> 0 | L65: =+D65+F65+H65+J65 -> 0
A66: 9 | B66: CONSULTAS MEDICAS ADULTOS | K66: =+C66+E66+G66+I66 -> 0 | L66: =+D66+F66+H66+J66 -> 0
A67: 10 | B67: CONSULTA MEDICAS PEDIATRICAS | K67: =+C67+E67+G67+I67 -> 0 | L67: =+D67+F67+H67+J67 -> 0
A68: 11 | B68: ESTOMATOLOGIA | K68: =+C68+E68+G68+I68 -> 0 | L68: =+D68+F68+H68+J68 -> 0
A69: 12 | B69: ENCAMAMIENTO POR COMPLICACIONES | K69: =+C69+E69+G69+I69 -> 0 | L69: =+D69+F69+H69+J69 -> 0
... A72: 15 | B72: HOLTERS | K72: =+C72+E72+G72+I72 -> 0 | L72: =+D72+F72+H72+J72 -> 0
A73: Total | C73: =SUM(C58:C72) -> 0 | D73: =SUM(D58:D72) -> 0 | E73: =SUM(E58:E72) -> 0 | F73: =SUM(F58:F72) -> 0 | G73: =SUM(G58:G72) -> 0 | H73: =SUM(H58:H72) -> 0 | I73: =SUM(I58:I72) -> 0 | J73: =SUM(J58:J72) -> 0 | ... L73: =SUM(L58:L72) -> 0
B75: Programacion de metas fisicas versus ejecucion (mensual) tercer cuatrimestre
A76: No. | B76: Servicio | C76: Septiembre | E76: Octubre | G76: Noviembre | I76: Diciembre | K76: Totales
C77: Programado | D77: Ejecutado | E77: Programado | F77: Ejecutado | G77: Programado | H77: Ejecutado | I77: Programado | J77: Ejecutado | K77: Programado | L77: Ejecutado
A78: 1 | B78: CIRUGIA DE ADULTOS | K78: =+C78+E78+G78+I78 -> 0 | L78: =+D78+F78+H78+J78 -> 0
A79: 2 | B79: CIRUGIA DE PEDIATRIA | K79: =+C79+E79+G79+I79 -> 0 | L79: =+D79+F79+H79+J79 -> 0
A80: 3 | B80: HEMODINAMIA ADULTOS | K80: =+C80+E80+G80+I80 -> 0 | L80: =+D80+F80+H80+J80 -> 0
A81: 4 | B81: HEMODINAMIA PEDIATRIA | K81: =+C81+E81+G81+I81 -> 0 | L81: =+D81+F81+H81+J81 -> 0
A82: 5 | B82: ECOCARDIOGRAMA ADULTOS | K82: =+C82+E82+G82+I82 -> 0 | L82: =+D82+F82+H82+J82 -> 0
A83: 6 | B83: ECOCARDIOGRAMA PEDIATRIA | K83: =+C83+E83+G83+I83 -> 0 | L83: =+D83+F83+H83+J83 -> 0
A84: 7 | B84: ELECTROCARDIOGRAMAS ADULTOS | K84: =+C84+E84+G84+I84 -> 0 | L84: =+D84+F84+H84+J84 -> 0
A85: 8 | B85: ELECTROCARDIOGRAMAS PEDIATRIA | K85: =+C85+E85+G85+I85 -> 0 | L85: =+D85+F85+H85+J85 -> 0
A86: 9 | B86: CONSULTAS MEDICAS ADULTOS | K86: =+C86+E86+G86+I86 -> 0 | L86: =+D86+F86+H86+J86 -> 0
A87: 10 | B87: CONSULTA MEDICAS PEDIATRICAS | K87: =+C87+E87+G87+I87 -> 0 | L87: =+D87+F87+H87+J87 -> 0
A88: 11 | B88: ESTOMATOLOGIA | K88: =+C88+E88+G88+I88 -> 0 | L88: =+D88+F88+H88+J88 -> 0
A89: 12 | B89: ENCAMAMIENTO POR COMPLICACIONES | K89: =+C89+E89+G89+I89 -> 0 | L89: =+D89+F89+H89+J89 -> 0
... A92: 15 | B92: HOLTERS | K92: =+C92+E92+G92+I92 -> 0 | L92: =+D92+F92+H92+J92 -> 0
A93: Total | C93: =SUM(C78:C92) -> 0 | D93: =SUM(D78:D92) -> 0 | E93: =SUM(E78:E92) -> 0 | F93: =SUM(F78:F92) -> 0 | G93: =SUM(G78:G92) -> 0 | H93: =SUM(H78:H92) -> 0 | I93: =SUM(I78:I92) -> 0 | J93: =SUM(J78:J92) -> 0 | ... L93: =SUM(L78:L92) -> 0
B124: RESUMEN AÑO 2021
A125: No. | B125: Servicio | C125: Totales
C126: Programado | D126: Ejecutado
A127: 1 | B127: CIRUGIA DE ADULTOS | C127: =+K13+K58+K78 -> 13 | D127: =+L13+L58+L78 -> 24
A128: 2 | B128: CIRUGIA DE PEDIATRIA | C128: =+K14+K59+K79 -> 13 | D128: =+L14+L59+L79 -> 11
A129: 3 | B129: HEMODINAMIA ADULTOS | C129: =+K15+K60+K80 -> 51 | D129: =+L15+L60+L80 -> 53
A130: 4 | B130: HEMODINAMIA PEDIATRIA | C130: =+K16+K61+K81 -> 10 | D130: =+L16+L61+L81 -> 2
A131: 5 | B131: ECOCARDIOGRAMA ADULTOS | C131: =+K17+K62+K82 -> 317 | D131: =+L17+L62+L82 -> 401
A132: 6 | B132: ECOCARDIOGRAMA PEDIATRIA | C132: =+K18+K63+K83 -> 200 | D132: =+L18+L63+L83 -> 123
A133: 7 | B133: ELECTROCARDIOGRAMAS ADULTOS | C133: =+K19+K64+K84 -> 126 | D133: =+L19+L64+L84 -> 119
A134: 8 | B134: ELECTROCARDIOGRAMAS PEDIATRIA | C134: =+K20+K65+K85 -> 125 | D134: =+L20+L65+L85 -> 92
A135: 9 | B135: CONSULTAS MEDICAS ADULTOS | C135: =+K21+K66+K86 -> 800 | D135: =+L21+L66+L86 -> 979
A136: 10 | B136: CONSULTA MEDICAS PEDIATRICAS | C136: =+K22+K67+K87 -> 415 | D136: =+L22+L67+L87 -> 320
A137: 11 | B137: ESTOMATOLOGIA | C137: =+K23+K68+K88 -> 40 | D137: =+L23+L68+L88 -> 30
A138: 12 | B138: ENCAMAMIENTO POR COMPLICACIONES | C138: =+K24+K69+K89 -> 21 | D138: =+L24+L69+L89 -> 15
... A141: 15 | B141: HOLTERS | C141: =+K27+K72+K92 -> 7 | D141: =+L27+L72+L92 -> 7
A142: Total | C142: =SUM(C127:C141) -> 2171 | D142: =SUM(D127:D141) -> 2215
B166: Elaborado por: | C166: ___________________________ | F166: Autorizado por: | H166: _____________________________
C167: VÍctor Cresencio Reyes Porres | H167: Dr. José Raul Cruz Molina
C168: Jefe de Contabilidad | H168: Director General
B169: Fecha: | C169: 10 de febrero 2,021

Sheet EJEC. FISICA FEBRERO
L2: CTE-9
A6: UNIDAD DE CIRUGIA CARDIOVASCULAR DE GUATEMALA
A7: 5a. AVENIDA 6-22 ZONA 11
A8: dgunicar@yahoo.es Tel. 24163000
B10: Programacion de metas fisicas versus ejecucion (mensual) primer cuatrimestre
A11: No. | B11: Servicio | C11: Enero | E11: Febrero | G11: Marzo | I11: Abril | K11: Total cuatrimestre
C12: Programado | D12: Ejecutado | E12: Programado | F12: Ejecutado | G12: Programado | H12: Ejecutado | I12: Programado | J12: Ejecutado | K12: Programado | L12: Ejecutado
A13: 1 | B13: CIRUGIA DE ADULTOS | C13: 13 | D13: 24 | E13: 13 | F13: 20 | K13: =+C13+E13+G13+I13 -> 26 | L13: =+D13+F13+H13+J13 -> 44
A14: 2 | B14: CIRUGIA DE PEDIATRIA | C14: 13 | D14: 11 | E14: 13 | F14: 17 | K14: =+C14+E14+G14+I14 -> 26 | L14: =+D14+F14+H14+J14 -> 28
A15: 3 | B15: HEMODINAMIA ADULTOS | C15: 51 | D15: 53 | E15: 51 | F15: 76 | K15: =+C15+E15+G15+I15 -> 102 | L15: =+D15+F15+H15+J15 -> 129
A16: 4 | B16: HEMODINAMIA PEDIATRIA | C16: 10 | D16: 2 | E16: 10 | F16: 17 | K16: =+C16+E16+G16+I16 -> 20 | L16: =+D16+F16+H16+J16 -> 19
A17: 5 | B17: ECOCARDIOGRAMA ADULTOS | C17: 317 | D17: 401 | E17: 317 | F17: 359 | K17: =+C17+E17+G17+I17 -> 634 | L17: =+D17+F17+H17+J17 -> 760
A18: 6 | B18: ECOCARDIOGRAMA PEDIATRIA | C18: 200 | D18: 123 | E18: 200 | F18: 117 | K18: =+C18+E18+G18+I18 -> 400 | L18: =+D18+F18+H18+J18 -> 240
A19: 7 | B19: ELECTROCARDIOGRAMAS ADULTOS | C19: 126 | D19: 119 | E19: 126 | F19: 126 | K19: =+C19+E19+G19+I19 -> 252 | L19: =+D19+F19+H19+J19 -> 245
A20: 8 | B20: ELECTROCARDIOGRAMAS PEDIATRIA | C20: 125 | D20: 92 | E20: 125 | F20: 86 | K20: =+C20+E20+G20+I20 -> 250 | L20: =+D20+F20+H20+J20 -> 178
A21: 9 | B21: CONSULTAS MEDICAS ADULTOS | C21: 800 | D21: 979 | E21: 800 | F21: 726 | K21: =+C21+E21+G21+I21 -> 1600 | L21: =+D21+F21+H21+J21 -> 1705
A22: 10 | B22: CONSULTA MEDICAS PEDIATRICAS | C22: 415 | D22: 320 | E22: 417 | F22: 341 | K22: =+C22+E22+G22+I22 -> 832 | L22: =+D22+F22+H22+J22 -> 661
A23: 11 | B23: ESTOMATOLOGIA | C23: 40 | D23: 30 | E23: 40 | F23: 55 | K23: =+C23+E23+G23+I23 -> 80 | L23: =+D23+F23+H23+J23 -> 85
A24: 12 | B24: ENCAMAMIENTO POR COMPLICACIONES | C24: 21 | D24: 15 | E24: 20 | F24: 26 | K24: =+C24+E24+G24+I24 -> 41 | L24: =+D24+F24+H24+J24 -> 41
... A27: 15 | B27: HOLTERS | C27: 7 | D27: 7 | E27: 11 | F27: 16 | K27: =+C27+E27+G27+I27 -> 18 | L27: =+D27+F27+H27+J27 -> 23
A28: Total | C28: =SUM(C13:C27) -> 2171 | D28: =SUM(D13:D27) -> 2215 | E28: =SUM(E13:E27) -> 2180 | F28: =SUM(F13:F27) -> 2047 | G28: =SUM(G13:G27) -> 0 | H28: =SUM(H13:H27) -> 0 | I28: =SUM(I13:I27) -> 0 | J28: =SUM(J13:J27) -> 0 | ... L28: =SUM(L13:L27) -> 4262
A30: No. | B30: Servicio | C30: Abril | E30: Mayo | G30: Junio | K30: Totales
C31: Programado | D31: Ejecutado | E31: Programado | F31: Ejecutado | G31: Programado | H31: Ejecutado | K31: Programado | L31: Ejecutado
A32: 1 | B32: Meta 1
A33: 2 | B33: Meta 2
A34: 3 | B34: Meta 3
A35: 4 | B35: Meta 4
A36: Total
A39: No. | B39: Servicio | C39: Julio | E39: Agosto | G39: Septiembre | K39: Totales
C40: Programado | D40: Ejecutado | E40: Programado | F40: Ejecutado | G40: Programado | H40: Ejecutado | K40: Programado | L40: Ejecutado
A41: 1 | B41: Meta 1
A42: 2 | B42: Meta 2
A43: 3 | B43: Meta 3
A44: 4 | B44: Meta 4
A45: Total
A48: No. | B48: Servicio | C48: Octubre | E48: Noviembre | G48: Diciembre | K48: Totales
C49: Programado | D49: Ejecutado | E49: Programado | F49: Ejecutado | G49: Programado | H49: Ejecutado | K49: Programado | L49: Ejecutado
A50: 1 | B50: Meta 1
A51: 2 | B51: Meta 2
A52: 3 | B52: Meta 3
A53: 4 | B53: Meta 4
A54: Total
B55: Programacion de metas fisicas versus ejecucion (mensual) segundo cuatrimestre
A56: No. | B56: Servicio | C56: Mayo | E56: Junio | G56: Julio | I56: Agosto | K56: Totales
C57: Programado | D57: Ejecutado | E57: Programado | F57: Ejecutado | G57: Programado | H57: Ejecutado | I57: Programado | J57: Ejecutado | K57: Programado | L57: Ejecutado
A58: 1 | B58: CIRUGIA DE ADULTOS | K58: =+C58+E58+G58+I58 -> 0 | L58: =+D58+F58+H58+J58 -> 0
A59: 2 | B59: CIRUGIA DE PEDIATRIA | K59: =+C59+E59+G59+I59 -> 0 | L59: =+D59+F59+H59+J59 -> 0
A60: 3 | B60: HEMODINAMIA ADULTOS | K60: =+C60+E60+G60+I60 -> 0 | L60: =+D60+F60+H60+J60 -> 0
A61: 4 | B61: HEMODINAMIA PEDIATRIA | K61: =+C61+E61+G61+I61 -> 0 | L61: =+D61+F61+H61+J61 -> 0
A62: 5 | B62: ECOCARDIOGRAMA ADULTOS | K62: =+C62+E62+G62+I62 -> 0 | L62: =+D62+F62+H62+J62 -> 0
A63: 6 | B63: ECOCARDIOGRAMA PEDIATRIA | K63: =+C63+E63+G63+I63 -> 0 | L63: =+D63+F63+H63+J63 -> 0
A64: 7 | B64: ELECTROCARDIOGRAMAS ADULTOS | K64: =+C64+E64+G64+I64 -> 0 | L64: =+D64+F64+H64+J64 -> 0
A65: 8 | B65: ELECTROCARDIOGRAMAS PEDIATRIA | K65: =+C65+E65+G65+I65 -> 0 | L65: =+D65+F65+H65+J65 -> 0
A66: 9 | B66: CONSULTAS MEDICAS ADULTOS | K66: =+C66+E66+G66+I66 -> 0 | L66: =+D66+F66+H66+J66 -> 0
A67: 10 | B67: CONSULTA MEDICAS PEDIATRICAS | K67: =+C67+E67+G67+I67 -> 0 | L67: =+D67+F67+H67+J67 -> 0
A68: 11 | B68: ESTOMATOLOGIA | K68: =+C68+E68+G68+I68 -> 0 | L68: =+D68+F68+H68+J68 -> 0
A69: 12 | B69: ENCAMAMIENTO POR COMPLICACIONES | K69: =+C69+E69+G69+I69 -> 0 | L69: =+D69+F69+H69+J69 -> 0
... A72: 15 | B72: HOLTERS | K72: =+C72+E72+G72+I72 -> 0 | L72: =+D72+F72+H72+J72 -> 0
A73: Total | C73: =SUM(C58:C72) -> 0 | D73: =SUM(D58:D72) -> 0 | E73: =SUM(E58:E72) -> 0 | F73: =SUM(F58:F72) -> 0 | G73: =SUM(G58:G72) -> 0 | H73: =SUM(H58:H72) -> 0 | I73: =SUM(I58:I72) -> 0 | J73: =SUM(J58:J72) -> 0 | ... L73: =SUM(L58:L72) -> 0
B75: Programacion de metas fisicas versus ejecucion (mensual) tercer cuatrimestre
A76: No. | B76: Servicio | C76: Septiembre | E76: Octubre | G76: Noviembre | I76: Diciembre | K76: Totales
C77: Programado | D77: Ejecutado | E77: Programado | F77: Ejecutado | G77: Programado | H77: Ejecutado | I77: Programado | J77: Ejecutado | K77: Programado | L77: Ejecutado
A78: 1 | B78: CIRUGIA DE ADULTOS | K78: =+C78+E78+G78+I78 -> 0 | L78: =+D78+F78+H78+J78 -> 0
A79: 2 | B79: CIRUGIA DE PEDIATRIA | K79: =+C79+E79+G79+I79 -> 0 | L79: =+D79+F79+H79+J79 -> 0
A80: 3 | B80: HEMODINAMIA ADULTOS | K80: =+C80+E80+G80+I80 -> 0 | L80: =+D80+F80+H80+J80 -> 0
A81: 4 | B81: HEMODINAMIA PEDIATRIA | K81: =+C81+E81+G81+I81 -> 0 | L81: =+D81+F81+H81+J81 -> 0
A82: 5 | B82: ECOCARDIOGRAMA ADULTOS | K82: =+C82+E82+G82+I82 -> 0 | L82: =+D82+F82+H82+J82 -> 0
A83: 6 | B83: ECOCARDIOGRAMA PEDIATRIA | K83: =+C83+E83+G83+I83 -> 0 | L83: =+D83+F83+H83+J83 -> 0
A84: 7 | B84: ELECTROCARDIOGRAMAS ADULTOS | K84: =+C84+E84+G84+I84 -> 0 | L84: =+D84+F84+H84+J84 -> 0
A85: 8 | B85: ELECTROCARDIOGRAMAS PEDIATRIA | K85: =+C85+E85+G85+I85 -> 0 | L85: =+D85+F85+H85+J85 -> 0
A86: 9 | B86: CONSULTAS MEDICAS ADULTOS | K86: =+C86+E86+G86+I86 -> 0 | L86: =+D86+F86+H86+J86 -> 0
A87: 10 | B87: CONSULTA MEDICAS PEDIATRICAS | K87: =+C87+E87+G87+I87 -> 0 | L87: =+D87+F87+H87+J87 -> 0
A88: 11 | B88: ESTOMATOLOGIA | K88: =+C88+E88+G88+I88 -> 0 | L88: =+D88+F88+H88+J88 -> 0
A89: 12 | B89: ENCAMAMIENTO POR COMPLICACIONES | K89: =+C89+E89+G89+I89 -> 0 | L89: =+D89+F89+H89+J89 -> 0
... A92: 15 | B92: HOLTERS | K92: =+C92+E92+G92+I92 -> 0 | L92: =+D92+F92+H92+J92 -> 0
A93: Total | C93: =SUM(C78:C92) -> 0 | D93: =SUM(D78:D92) -> 0 | E93: =SUM(E78:E92) -> 0 | F93: =SUM(F78:F92) -> 0 | G93: =SUM(G78:G92) -> 0 | H93: =SUM(H78:H92) -> 0 | I93: =SUM(I78:I92) -> 0 | J93: =SUM(J78:J92) -> 0 | ... L93: =SUM(L78:L92) -> 0
B124: RESUMEN AÑO 2021
A125: No. | B125: Servicio | C125: Totales
C126: Programado | D126: Ejecutado
A127: 1 | B127: CIRUGIA DE ADULTOS | C127: =+K13+K58+K78 -> 26 | D127: =+L13+L58+L78 -> 44
A128: 2 | B128: CIRUGIA DE PEDIATRIA | C128: =+K14+K59+K79 -> 26 | D128: =+L14+L59+L79 -> 28
A129: 3 | B129: HEMODINAMIA ADULTOS | C129: =+K15+K60+K80 -> 102 | D129: =+L15+L60+L80 -> 129
A130: 4 | B130: HEMODINAMIA PEDIATRIA | C130: =+K16+K61+K81 -> 20 | D130: =+L16+L61+L81 -> 19
A131: 5 | B131: ECOCARDIOGRAMA ADULTOS | C131: =+K17+K62+K82 -> 634 | D131: =+L17+L62+L82 -> 760
A132: 6 | B132: ECOCARDIOGRAMA PEDIATRIA | C132: =+K18+K63+K83 -> 400 | D132: =+L18+L63+L83 -> 240
A133: 7 | B133: ELECTROCARDIOGRAMAS ADULTOS | C133: =+K19+K64+K84 -> 252 | D133: =+L19+L64+L84 -> 245
A134: 8 | B134: ELECTROCARDIOGRAMAS PEDIATRIA | C134: =+K20+K65+K85 -> 250 | D134: =+L20+L65+L85 -> 178
A135: 9 | B135: CONSULTAS MEDICAS ADULTOS | C135: =+K21+K66+K86 -> 1600 | D135: =+L21+L66+L86 -> 1705
A136: 10 | B136: CONSULTA MEDICAS PEDIATRICAS | C136: =+K22+K67+K87 -> 832 | D136: =+L22+L67+L87 -> 661
A137: 11 | B137: ESTOMATOLOGIA | C137: =+K23+K68+K88 -> 80 | D137: =+L23+L68+L88 -> 85
A138: 12 | B138: ENCAMAMIENTO POR COMPLICACIONES | C138: =+K24+K69+K89 -> 41 | D138: =+L24+L69+L89 -> 41
... A141: 15 | B141: HOLTERS | C141: =+K27+K72+K92 -> 18 | D141: =+L27+L72+L92 -> 23
A142: Total | C142: =SUM(C127:C141) -> 4351 | D142: =SUM(D127:D141) -> 4262
B166: Elaborado por: | C166: ___________________________ | F166: Autorizado por: | H166: _____________________________
C167: VÍctor Cresencio Reyes Porres | H167: Dr. José Raul Cruz Molina
C168: Jefe de Contabilidad | H168: Director General
B169: Fecha: | C169: 10 de marzo 2,021

Sheet EJEC. FISICA MARZO
L2: CTE-9
A6: UNIDAD DE CIRUGIA CARDIOVASCULAR DE GUATEMALA
A7: 5a. AVENIDA 6-22 ZONA 11
A8: dgunicar@yahoo.es Tel. 24163000
B10: Programacion de metas fisicas versus ejecucion (mensual) primer cuatrimestre
A11: No. | B11: Servicio | C11: Enero | E11: Febrero | G11: Marzo | I11: Abril | K11: Total cuatrimestre
C12: Programado | D12: Ejecutado | E12: Programado | F12: Ejecutado | G12: Programado | H12: Ejecutado | I12: Programado | J12: Ejecutado | K12: Programado | L12: Ejecutado
A13: 1 | B13: CIRUGIA DE ADULTOS | C13: 13 | D13: 24 | E13: 13 | F13: 20 | G13: 13 | H13: 22 | K13: =+C13+E13+G13+I13 -> 39 | L13: =+D13+F13+H13+J13 -> 66
A14: 2 | B14: CIRUGIA DE PEDIATRIA | C14: 13 | D14: 11 | E14: 13 | F14: 17 | G14: 13 | H14: 22 | K14: =+C14+E14+G14+I14 -> 39 | L14: =+D14+F14+H14+J14 -> 50
A15: 3 | B15: HEMODINAMIA ADULTOS | C15: 51 | D15: 53 | E15: 51 | F15: 76 | G15: 51 | H15: 98 | K15: =+C15+E15+G15+I15 -> 153 | L15: =+D15+F15+H15+J15 -> 227
A16: 4 | B16: HEMODINAMIA PEDIATRIA | C16: 10 | D16: 2 | E16: 10 | F16: 17 | G16: 10 | H16: 19 | K16: =+C16+E16+G16+I16 -> 30 | L16: =+D16+F16+H16+J16 -> 38
A17: 5 | B17: ECOCARDIOGRAMA ADULTOS | C17: 317 | D17: 401 | E17: 317 | F17: 359 | G17: 317 | H17: 518 | K17: =+C17+E17+G17+I17 -> 951 | L17: =+D17+F17+H17+J17 -> 1278
A18: 6 | B18: ECOCARDIOGRAMA PEDIATRIA | C18: 200 | D18: 123 | E18: 200 | F18: 117 | G18: 200 | H18: 185 | K18: =+C18+E18+G18+I18 -> 600 | L18: =+D18+F18+H18+J18 -> 425
A19: 7 | B19: ELECTROCARDIOGRAMAS ADULTOS | C19: 126 | D19: 119 | E19: 126 | F19: 126 | G19: 126 | H19: 154 | K19: =+C19+E19+G19+I19 -> 378 | L19: =+D19+F19+H19+J19 -> 399
A20: 8 | B20: ELECTROCARDIOGRAMAS PEDIATRIA | C20: 125 | D20: 92 | E20: 125 | F20: 86 | G20: 125 | H20: 159 | K20: =+C20+E20+G20+I20 -> 375 | L20: =+D20+F20+H20+J20 -> 337
A21: 9 | B21: CONSULTAS MEDICAS ADULTOS | C21: 800 | D21: 979 | E21: 800 | F21: 726 | G21: 800 | H21: 1192 | K21: =+C21+E21+G21+I21 -> 2400 | L21: =+D21+F21+H21+J21 -> 2897
A22: 10 | B22: CONSULTA MEDICAS PEDIATRICAS | C22: 415 | D22: 320 | E22: 417 | F22: 341 | G22: 417 | H22: 562 | K22: =+C22+E22+G22+I22 -> 1249 | L22: =+D22+F22+H22+J22 -> 1223
A23: 11 | B23: ESTOMATOLOGIA | C23: 40 | D23: 30 | E23: 40 | F23: 55 | G23: 40 | H23: 52 | K23: =+C23+E23+G23+I23 -> 120 | L23: =+D23+F23+H23+J23 -> 137
A24: 12 | B24: ENCAMAMIENTO POR COMPLICACIONES | C24: 21 | D24: 15 | E24: 20 | F24: 26 | G24: 20 | H24: 38 | K24: =+C24+E24+G24+I24 -> 61 | L24: =+D24+F24+H24+J24 -> 79
... A27: 15 | B27: HOLTERS | C27: 7 | D27: 7 | E27: 11 | F27: 16 | G27: 11 | H27: 18 | K27: =+C27+E27+G27+I27 -> 29 | L27: =+D27+F27+H27+J27 -> 41
A28: Total | C28: =SUM(C13:C27) -> 2171 | D28: =SUM(D13:D27) -> 2215 | E28: =SUM(E13:E27) -> 2180 | F28: =SUM(F13:F27) -> 2047 | G28: =SUM(G13:G27) -> 2180 | H28: =SUM(H13:H27) -> 3123 | I28: =SUM(I13:I27) -> 0 | J28: =SUM(J13:J27) -> 0 | ... L28: =SUM(L13:L27) -> 7385
A30: No. | B30: Servicio | C30: Abril | E30: Mayo | G30: Junio | K30: Totales
C31: Programado | D31: Ejecutado | E31: Programado | F31: Ejecutado | G31: Programado | H31: Ejecutado | K31: Programado | L31: Ejecutado
A32: 1 | B32: Meta 1
A33: 2 | B33: Meta 2
A34: 3 | B34: Meta 3
A35: 4 | B35: Meta 4
A36: Total
A39: No. | B39: Servicio | C39: Julio | E39: Agosto | G39: Septiembre | K39: Totales
C40: Programado | D40: Ejecutado | E40: Programado | F40: Ejecutado | G40: Programado | H40: Ejecutado | K40: Programado | L40: Ejecutado
A41: 1 | B41: Meta 1
A42: 2 | B42: Meta 2
A43: 3 | B43: Meta 3
A44: 4 | B44: Meta 4
A45: Total
A48: No. | B48: Servicio | C48: Octubre | E48: Noviembre | G48: Diciembre | K48: Totales
C49: Programado | D49: Ejecutado | E49: Programado | F49: Ejecutado | G49: Programado | H49: Ejecutado | K49: Programado | L49: Ejecutado
A50: 1 | B50: Meta 1
A51: 2 | B51: Meta 2
A52: 3 | B52: Meta 3
A53: 4 | B53: Meta 4
A54: Total
B55: Programacion de metas fisicas versus ejecucion (mensual) segundo cuatrimestre
A56: No. | B56: Servicio | C56: Mayo | E56: Junio | G56: Julio | I56: Agosto | K56: Totales
C57: Programado | D57: Ejecutado | E57: Programado | F57: Ejecutado | G57: Programado | H57: Ejecutado | I57: Programado | J57: Ejecutado | K57: Programado | L57: Ejecutado
A58: 1 | B58: CIRUGIA DE ADULTOS | K58: =+C58+E58+G58+I58 -> 0 | L58: =+D58+F58+H58+J58 -> 0
A59: 2 | B59: CIRUGIA DE PEDIATRIA | K59: =+C59+E59+G59+I59 -> 0 | L59: =+D59+F59+H59+J59 -> 0
A60: 3 | B60: HEMODINAMIA ADULTOS | K60: =+C60+E60+G60+I60 -> 0 | L60: =+D60+F60+H60+J60 -> 0
A61: 4 | B61: HEMODINAMIA PEDIATRIA | K61: =+C61+E61+G61+I61 -> 0 | L61: =+D61+F61+H61+J61 -> 0
A62: 5 | B62: ECOCARDIOGRAMA ADULTOS | K62: =+C62+E62+G62+I62 -> 0 | L62: =+D62+F62+H62+J62 -> 0
A63: 6 | B63: ECOCARDIOGRAMA PEDIATRIA | K63: =+C63+E63+G63+I63 -> 0 | L63: =+D63+F63+H63+J63 -> 0
A64: 7 | B64: ELECTROCARDIOGRAMAS ADULTOS | K64: =+C64+E64+G64+I64 -> 0 | L64: =+D64+F64+H64+J64 -> 0
A65: 8 | B65: ELECTROCARDIOGRAMAS PEDIATRIA | K65: =+C65+E65+G65+I65 -> 0 | L65: =+D65+F65+H65+J65 -> 0
A66: 9 | B66: CONSULTAS MEDICAS ADULTOS | K66: =+C66+E66+G66+I66 -> 0 | L66: =+D66+F66+H66+J66 -> 0
A67: 10 | B67: CONSULTA MEDICAS PEDIATRICAS | K67: =+C67+E67+G67+I67 -> 0 | L67: =+D67+F67+H67+J67 -> 0
A68: 11 | B68: ESTOMATOLOGIA | K68: =+C68+E68+G68+I68 -> 0 | L68: =+D68+F68+H68+J68 -> 0
A69: 12 | B69: ENCAMAMIENTO POR COMPLICACIONES | K69: =+C69+E69+G69+I69 -> 0 | L69: =+D69+F69+H69+J69 -> 0
... A72: 15 | B72: HOLTERS | K72: =+C72+E72+G72+I72 -> 0 | L72: =+D72+F72+H72+J72 -> 0
A73: Total | C73: =SUM(C58:C72) -> 0 | D73: =SUM(D58:D72) -> 0 | E73: =SUM(E58:E72) -> 0 | F73: =SUM(F58:F72) -> 0 | G73: =SUM(G58:G72) -> 0 | H73: =SUM(H58:H72) -> 0 | I73: =SUM(I58:I72) -> 0 | J73: =SUM(J58:J72) -> 0 | ... L73: =SUM(L58:L72) -> 0
B75: Programacion de metas fisicas versus ejecucion (mensual) tercer cuatrimestre
A76: No. | B76: Servicio | C76: Septiembre | E76: Octubre | G76: Noviembre | I76: Diciembre | K76: Totales
C77: Programado | D77: Ejecutado | E77: Programado | F77: Ejecutado | G77: Programado | H77: Ejecutado | I77: Programado | J77: Ejecutado | K77: Programado | L77: Ejecutado
A78: 1 | B78: CIRUGIA DE ADULTOS | K78: =+C78+E78+G78+I78 -> 0 | L78: =+D78+F78+H78+J78 -> 0
A79: 2 | B79: CIRUGIA DE PEDIATRIA | K79: =+C79+E79+G79+I79 -> 0 | L79: =+D79+F79+H79+J79 -> 0
A80: 3 | B80: HEMODINAMIA ADULTOS | K80: =+C80+E80+G80+I80 -> 0 | L80: =+D80+F80+H80+J80 -> 0
A81: 4 | B81: HEMODINAMIA PEDIATRIA | K81: =+C81+E81+G81+I81 -> 0 | L81: =+D81+F81+H81+J81 -> 0
A82: 5 | B82: ECOCARDIOGRAMA ADULTOS | K82: =+C82+E82+G82+I82 -> 0 | L82: =+D82+F82+H82+J82 -> 0
A83: 6 | B83: ECOCARDIOGRAMA PEDIATRIA | K83: =+C83+E83+G83+I83 -> 0 | L83: =+D83+F83+H83+J83 -> 0
A84: 7 | B84: ELECTROCARDIOGRAMAS ADULTOS | K84: =+C84+E84+G84+I84 -> 0 | L84: =+D84+F84+H84+J84 -> 0
A85: 8 | B85: ELECTROCARDIOGRAMAS PEDIATRIA | K85: =+C85+E85+G85+I85 -> 0 | L85: =+D85+F85+H85+J85 -> 0
A86: 9 | B86: CONSULTAS MEDICAS ADULTOS | K86: =+C86+E86+G86+I86 -> 0 | L86: =+D86+F86+H86+J86 -> 0
A87: 10 | B87: CONSULTA MEDICAS PEDIATRICAS | K87: =+C87+E87+G87+I87 -> 0 | L87: =+D87+F87+H87+J87 -> 0
A88: 11 | B88: ESTOMATOLOGIA | K88: =+C88+E88+G88+I88 -> 0 | L88: =+D88+F88+H88+J88 -> 0
A89: 12 | B89: ENCAMAMIENTO POR COMPLICACIONES | K89: =+C89+E89+G89+I89 -> 0 | L89: =+D89+F89+H89+J89 -> 0
... A92: 15 | B92: HOLTERS | K92: =+C92+E92+G92+I92 -> 0 | L92: =+D92+F92+H92+J92 -> 0
A93: Total | C93: =SUM(C78:C92) -> 0 | D93: =SUM(D78:D92) -> 0 | E93: =SUM(E78:E92) -> 0 | F93: =SUM(F78:F92) -> 0 | G93: =SUM(G78:G92) -> 0 | H93: =SUM(H78:H92) -> 0 | I93: =SUM(I78:I92) -> 0 | J93: =SUM(J78:J92) -> 0 | ... L93: =SUM(L78:L92) -> 0
B124: RESUMEN AÑO 2021
A125: No. | B125: Servicio | C125: Totales
C126: Programado | D126: Ejecutado
A127: 1 | B127: CIRUGIA DE ADULTOS | C127: =+K13+K58+K78 -> 39 | D127: =+L13+L58+L78 -> 66
A128: 2 | B128: CIRUGIA DE PEDIATRIA | C128: =+K14+K59+K79 -> 39 | D128: =+L14+L59+L79 -> 50
A129: 3 | B129: HEMODINAMIA ADULTOS | C129: =+K15+K60+K80 -> 153 | D129: =+L15+L60+L80 -> 227
A130: 4 | B130: HEMODINAMIA PEDIATRIA | C130: =+K16+K61+K81 -> 30 | D130: =+L16+L61+L81 -> 38
A131: 5 | B131: ECOCARDIOGRAMA ADULTOS | C131: =+K17+K62+K82 -> 951 | D131: =+L17+L62+L82 -> 1278
A132: 6 | B132: ECOCARDIOGRAMA PEDIATRIA | C132: =+K18+K63+K83 -> 600 | D132: =+L18+L63+L83 -> 425
A133: 7 | B133: ELECTROCARDIOGRAMAS ADULTOS | C133: =+K19+K64+K84 -> 378 | D133: =+L19+L64+L84 -> 399
A134: 8 | B134: ELECTROCARDIOGRAMAS PEDIATRIA | C134: =+K20+K65+K85 -> 375 | D134: =+L20+L65+L85 -> 337
A135: 9 | B135: CONSULTAS MEDICAS ADULTOS | C135: =+K21+K66+K86 -> 2400 | D135: =+L21+L66+L86 -> 2897
A136: 10 | B136: CONSULTA MEDICAS PEDIATRICAS | C136: =+K22+K67+K87 -> 1249 | D136: =+L22+L67+L87 -> 1223
A137: 11 | B137: ESTOMATOLOGIA | C137: =+K23+K68+K88 -> 120 | D137: =+L23+L68+L88 -> 137
A138: 12 | B138: ENCAMAMIENTO POR COMPLICACIONES | C138: =+K24+K69+K89 -> 61 | D138: =+L24+L69+L89 -> 79
... A141: 15 | B141: HOLTERS | C141: =+K27+K72+K92 -> 29 | D141: =+L27+L72+L92 -> 41
A142: Total | C142: =SUM(C127:C141) -> 6531 | D142: =SUM(D127:D141) -> 7385
B166: Elaborado por: | C166: ___________________________ | F166: Autorizado por: | H166: _____________________________
C167: VÍctor Cresencio Reyes Porres | H167: Dr. José Raul Cruz Molina
C168: Jefe de Contabilidad | H168: Director General
B169: Fecha: | C169: 10 de abril 2,021

Sheet EJEC. FISICA ABRIL
L2: CTE-9
A6: UNIDAD DE CIRUGIA CARDIOVASCULAR DE GUATEMALA
A7: 5a. AVENIDA 6-22 ZONA 11
A8: dgunicar@yahoo.es Tel. 24163000
B10: Programacion de metas fisicas versus ejecucion (mensual) primer cuatrimestre
A11: No. | B11: Servicio | C11: Enero | E11: Febrero | G11: Marzo | I11: Abril | K11: Total cuatrimestre
C12: Programado | D12: Ejecutado | E12: Programado | F12: Ejecutado | G12: Programado | H12: Ejecutado | I12: Programado | J12: Ejecutado | K12: Programado | L12: Ejecutado
A13: 1 | B13: CIRUGIA DE ADULTOS | C13: 13 | D13: 24 | E13: 13 | F13: 20 | G13: 13 | H13: 22 | I13: 13 | J13: 24 | K13: =+C13+E13+G13+I13 -> 52 | L13: =+D13+F13+H13+J13 -> 90
A14: 2 | B14: CIRUGIA DE PEDIATRIA | C14: 13 | D14: 11 | E14: 13 | F14: 17 | G14: 13 | H14: 22 | I14: 13 | J14: 17 | K14: =+C14+E14+G14+I14 -> 52 | L14: =+D14+F14+H14+J14 -> 67
A15: 3 | B15: HEMODINAMIA ADULTOS | C15: 51 | D15: 53 | E15: 51 | F15: 76 | G15: 51 | H15: 98 | I15: 51 | J15: 85 | K15: =+C15+E15+G15+I15 -> 204 | L15: =+D15+F15+H15+J15 -> 312
A16: 4 | B16: HEMODINAMIA PEDIATRIA | C16: 10 | D16: 2 | E16: 10 | F16: 17 | G16: 10 | H16: 19 | I16: 10 | J16: 16 | K16: =+C16+E16+G16+I16 -> 40 | L16: =+D16+F16+H16+J16 -> 54
A17: 5 | B17: ECOCARDIOGRAMA ADULTOS | C17: 317 | D17: 401 | E17: 317 | F17: 359 | G17: 317 | H17: 518 | I17: 317 | J17: 421 | K17: =+C17+E17+G17+I17 -> 1268 | L17: =+D17+F17+H17+J17 -> 1699
A18: 6 | B18: ECOCARDIOGRAMA PEDIATRIA | C18: 200 | D18: 123 | E18: 200 | F18: 117 | G18: 200 | H18: 185 | I18: 200 | J18: 150 | K18: =+C18+E18+G18+I18 -> 800 | L18: =+D18+F18+H18+J18 -> 575
A19: 7 | B19: ELECTROCARDIOGRAMAS ADULTOS | C19: 126 | D19: 119 | E19: 126 | F19: 126 | G19: 126 | H19: 154 | I19: 126 | J19: 125 | K19: =+C19+E19+G19+I19 -> 504 | L19: =+D19+F19+H19+J19 -> 524
A20: 8 | B20: ELECTROCARDIOGRAMAS PEDIATRIA | C20: 125 | D20: 92 | E20: 125 | F20: 86 | G20: 125 | H20: 159 | I20: 125 | J20: 152 | K20: =+C20+E20+G20+I20 -> 500 | L20: =+D20+F20+H20+J20 -> 489
A21: 9 | B21: CONSULTAS MEDICAS ADULTOS | C21: 800 | D21: 979 | E21: 800 | F21: 726 | G21: 800 | H21: 1192 | I21: 800 | J21: 982 | K21: =+C21+E21+G21+I21 -> 3200 | L21: =+D21+F21+H21+J21 -> 3879
A22: 10 | B22: CONSULTA MEDICAS PEDIATRICAS | C22: 415 | D22: 320 | E22: 417 | F22: 341 | G22: 417 | H22: 562 | I22: 417 | J22: 479 | K22: =+C22+E22+G22+I22 -> 1666 | L22: =+D22+F22+H22+J22 -> 1702
A23: 11 | B23: ESTOMATOLOGIA | C23: 40 | D23: 30 | E23: 40 | F23: 55 | G23: 40 | H23: 52 | I23: 40 | J23: 49 | K23: =+C23+E23+G23+I23 -> 160 | L23: =+D23+F23+H23+J23 -> 186
A24: 12 | B24: ENCAMAMIENTO POR COMPLICACIONES | C24: 21 | D24: 15 | E24: 20 | F24: 26 | G24: 20 | H24: 38 | I24: 20 | J24: 36 | K24: =+C24+E24+G24+I24 -> 81 | L24: =+D24+F24+H24+J24 -> 115
... A27: 15 | B27: HOLTERS | C27: 7 | D27: 7 | E27: 11 | F27: 16 | G27: 11 | H27: 18 | I27: 11 | J27: 17 | K27: =+C27+E27+G27+I27 -> 40 | L27: =+D27+F27+H27+J27 -> 58
A28: Total | C28: =SUM(C13:C27) -> 2171 | D28: =SUM(D13:D27) -> 2215 | E28: =SUM(E13:E27) -> 2180 | F28: =SUM(F13:F27) -> 2047 | G28: =SUM(G13:G27) -> 2180 | H28: =SUM(H13:H27) -> 3123 | I28: =SUM(I13:I27) -> 2180 | J28: =SUM(J13:J27) -> 2622 | ... L28: =SUM(L13:L27) -> 10007
A30: No. | B30: Servicio | C30: Abril | E30: Mayo | G30: Junio | K30: Totales
C31: Programado | D31: Ejecutado | E31: Programado | F31: Ejecutado | G31: Programado | H31: Ejecutado | K31: Programado | L31: Ejecutado
A32: 1 | B32: Meta 1
A33: 2 | B33: Meta 2
A34: 3 | B34: Meta 3
A35: 4 | B35: Meta 4
A36: Total
A39: No. | B39: Servicio | C39: Julio | E39: Agosto | G39: Septiembre | K39: Totales
C40: Programado | D40: Ejecutado | E40: Programado | F40: Ejecutado | G40: Programado | H40: Ejecutado | K40: Programado | L40: Ejecutado
A41: 1 | B41: Meta 1
A42: 2 | B42: Meta 2
A43: 3 | B43: Meta 3
A44: 4 | B44: Meta 4
A45: Total
A48: No. | B48: Servicio | C48: Octubre | E48: Noviembre | G48: Diciembre | K48: Totales
C49: Programado | D49: Ejecutado | E49: Programado | F49: Ejecutado | G49: Programado | H49: Ejecutado | K49: Programado | L49: Ejecutado
A50: 1 | B50: Meta 1
A51: 2 | B51: Meta 2
A52: 3 | B52: Meta 3
A53: 4 | B53: Meta 4
A54: Total
B55: Programacion de metas fisicas versus ejecucion (mensual) segundo cuatrimestre
A56: No. | B56: Servicio | C56: Mayo | E56: Junio | G56: Julio | I56: Agosto | K56: Totales
C57: Programado | D57: Ejecutado | E57: Programado | F57: Ejecutado | G57: Programado | H57: Ejecutado | I57: Programado | J57: Ejecutado | K57: Programado | L57: Ejecutado
A58: 1 | B58: CIRUGIA DE ADULTOS | K58: =+C58+E58+G58+I58 -> 0 | L58: =+D58+F58+H58+J58 -> 0
A59: 2 | B59: CIRUGIA DE PEDIATRIA | K59: =+C59+E59+G59+I59 -> 0 | L59: =+D59+F59+H59+J59 -> 0
A60: 3 | B60: HEMODINAMIA ADULTOS | K60: =+C60+E60+G60+I60 -> 0 | L60: =+D60+F60+H60+J60 -> 0
A61: 4 | B61: HEMODINAMIA PEDIATRIA | K61: =+C61+E61+G61+I61 -> 0 | L61: =+D61+F61+H61+J61 -> 0
A62: 5 | B62: ECOCARDIOGRAMA ADULTOS | K62: =+C62+E62+G62+I62 -> 0 | L62: =+D62+F62+H62+J62 -> 0
A63: 6 | B63: ECOCARDIOGRAMA PEDIATRIA | K63: =+C63+E63+G63+I63 -> 0 | L63: =+D63+F63+H63+J63 -> 0
A64: 7 | B64: ELECTROCARDIOGRAMAS ADULTOS | K64: =+C64+E64+G64+I64 -> 0 | L64: =+D64+F64+H64+J64 -> 0
A65: 8 | B65: ELECTROCARDIOGRAMAS PEDIATRIA | K65: =+C65+E65+G65+I65 -> 0 | L65: =+D65+F65+H65+J65 -> 0
A66: 9 | B66: CONSULTAS MEDICAS ADULTOS | K66: =+C66+E66+G66+I66 -> 0 | L66: =+D66+F66+H66+J66 -> 0
A67: 10 | B67: CONSULTA MEDICAS PEDIATRICAS | K67: =+C67+E67+G67+I67 -> 0 | L67: =+D67+F67+H67+J67 -> 0
A68: 11 | B68: ESTOMATOLOGIA | K68: =+C68+E68+G68+I68 -> 0 | L68: =+D68+F68+H68+J68 -> 0
A69: 12 | B69: ENCAMAMIENTO POR COMPLICACIONES | K69: =+C69+E69+G69+I69 -> 0 | L69: =+D69+F69+H69+J69 -> 0
... A72: 15 | B72: HOLTERS | K72: =+C72+E72+G72+I72 -> 0 | L72: =+D72+F72+H72+J72 -> 0
A73: Total | C73: =SUM(C58:C72) -> 0 | D73: =SUM(D58:D72) -> 0 | E73: =SUM(E58:E72) -> 0 | F73: =SUM(F58:F72) -> 0 | G73: =SUM(G58:G72) -> 0 | H73: =SUM(H58:H72) -> 0 | I73: =SUM(I58:I72) -> 0 | J73: =SUM(J58:J72) -> 0 | ... L73: =SUM(L58:L72) -> 0
B75: Programacion de metas fisicas versus ejecucion (mensual) tercer cuatrimestre
A76: No. | B76: Servicio | C76: Septiembre | E76: Octubre | G76: Noviembre | I76: Diciembre | K76: Totales
C77: Programado | D77: Ejecutado | E77: Programado | F77: Ejecutado | G77: Programado | H77: Ejecutado | I77: Programado | J77: Ejecutado | K77: Programado | L77: Ejecutado
A78: 1 | B78: CIRUGIA DE ADULTOS | K78: =+C78+E78+G78+I78 -> 0 | L78: =+D78+F78+H78+J78 -> 0
A79: 2 | B79: CIRUGIA DE PEDIATRIA | K79: =+C79+E79+G79+I79 -> 0 | L79: =+D79+F79+H79+J79 -> 0
A80: 3 | B80: HEMODINAMIA ADULTOS | K80: =+C80+E80+G80+I80 -> 0 | L80: =+D80+F80+H80+J80 -> 0
A81: 4 | B81: HEMODINAMIA PEDIATRIA | K81: =+C81+E81+G81+I81 -> 0 | L81: =+D81+F81+H81+J81 -> 0
A82: 5 | B82: ECOCARDIOGRAMA ADULTOS | K82: =+C82+E82+G82+I82 -> 0 | L82: =+D82+F82+H82+J82 -> 0
A83: 6 | B83: ECOCARDIOGRAMA PEDIATRIA | K83: =+C83+E83+G83+I83 -> 0 | L83: =+D83+F83+H83+J83 -> 0
A84: 7 | B84: ELECTROCARDIOGRAMAS ADULTOS | K84: =+C84+E84+G84+I84 -> 0 | L84: =+D84+F84+H84+J84 -> 0
A85: 8 | B85: ELECTROCARDIOGRAMAS PEDIATRIA | K85: =+C85+E85+G85+I85 -> 0 | L85: =+D85+F85+H85+J85 -> 0
A86: 9 | B86: CONSULTAS MEDICAS ADULTOS | K86: =+C86+E86+G86+I86 -> 0 | L86: =+D86+F86+H86+J86 -> 0
A87: 10 | B87: CONSULTA MEDICAS PEDIATRICAS | K87: =+C87+E87+G87+I87 -> 0 | L87: =+D87+F87+H87+J87 -> 0
A88: 11 | B88: ESTOMATOLOGIA | K88: =+C88+E88+G88+I88 -> 0 | L88: =+D88+F88+H88+J88 -> 0
A89: 12 | B89: ENCAMAMIENTO POR COMPLICACIONES | K89: =+C89+E89+G89+I89 -> 0 | L89: =+D89+F89+H89+J89 -> 0
... A92: 15 | B92: HOLTERS | K92: =+C92+E92+G92+I92 -> 0 | L92: =+D92+F92+H92+J92 -> 0
A93: Total | C93: =SUM(C78:C92) -> 0 | D93: =SUM(D78:D92) -> 0 | E93: =SUM(E78:E92) -> 0 | F93: =SUM(F78:F92) -> 0 | G93: =SUM(G78:G92) -> 0 | H93: =SUM(H78:H92) -> 0 | I93: =SUM(I78:I92) -> 0 | J93: =SUM(J78:J92) -> 0 | ... L93: =SUM(L78:L92) -> 0
B124: RESUMEN AÑO 2021
A125: No. | B125: Servicio | C125: Totales
C126: Programado | D126: Ejecutado
A127: 1 | B127: CIRUGIA DE ADULTOS | C127: =+K13+K58+K78 -> 52 | D127: =+L13+L58+L78 -> 90
A128: 2 | B128: CIRUGIA DE PEDIATRIA | C128: =+K14+K59+K79 -> 52 | D128: =+L14+L59+L79 -> 67
A129: 3 | B129: HEMODINAMIA ADULTOS | C129: =+K15+K60+K80 -> 204 | D129: =+L15+L60+L80 -> 312
A130: 4 | B130: HEMODINAMIA PEDIATRIA | C130: =+K16+K61+K81 -> 40 | D130: =+L16+L61+L81 -> 54
A131: 5 | B131: ECOCARDIOGRAMA ADULTOS | C131: =+K17+K62+K82 -> 1268 | D131: =+L17+L62+L82 -> 1699
A132: 6 | B132: ECOCARDIOGRAMA PEDIATRIA | C132: =+K18+K63+K83 -> 800 | D132: =+L18+L63+L83 -> 575
A133: 7 | B133: ELECTROCARDIOGRAMAS ADULTOS | C133: =+K19+K64+K84 -> 504 | D133: =+L19+L64+L84 -> 524
A134: 8 | B134: ELECTROCARDIOGRAMAS PEDIATRIA | C134: =+K20+K65+K85 -> 500 | D134: =+L20+L65+L85 -> 489
A135: 9 | B135: CONSULTAS MEDICAS ADULTOS | C135: =+K21+K66+K86 -> 3200 | D135: =+L21+L66+L86 -> 3879
A136: 10 | B136: CONSULTA MEDICAS PEDIATRICAS | C136: =+K22+K67+K87 -> 1666 | D136: =+L22+L67+L87 -> 1702
A137: 11 | B137: ESTOMATOLOGIA | C137: =+K23+K68+K88 -> 160 | D137: =+L23+L68+L88 -> 186
A138: 12 | B138: ENCAMAMIENTO POR COMPLICACIONES | C138: =+K24+K69+K89 -> 81 | D138: =+L24+L69+L89 -> 115
... A141: 15 | B141: HOLTERS | C141: =+K27+K72+K92 -> 40 | D141: =+L27+L72+L92 -> 58
A142: Total | C142: =SUM(C127:C141) -> 8711 | D142: =SUM(D127:D141) -> 10007
B166: Elaborado por: | C166: ___________________________ | F166: Autorizado por: | H166: _______________________________________
C167: VÍctor Cresencio Reyes Porres | H167: Dr. Walter Antonio Mazariegos Samayoa
C168: Jefe de Contabilidad | H168: Director General a.i.
B169: Fecha: | C169: 10 de mayo 2,021

Sheet PRESUPUESTO ENERO 2021
A1: UNIDAD DE CIRUGIA CARDIOVASCULAR DE GUATEMALA
A2: FONDOS ESTATALES
A3: PRESUPUESTO ENERO AÑO 2,021
C4: PRESUPUESTO 2021
B5: ASIGNACION DEL ESTADO | C5: 62000000
B6: TOTAL ASIGNACION DEL ESTADO | C6: =SUM(C5) -> 62000000
C8: =+C4 -> PRESUPUESTO 2021
A9: 011 | B9: RECURSO HUMANO | C9: 24800000
B10: TOTAL RECURSO HUMANO | C10: =SUM(C9) -> 24800000
B12: GASTOS GENERALES | C12: =+C8 -> PRESUPUESTO 2021
A13: 111 | B13: ENERGIA ELECTRICA | C13: 935000
A14: 113 | B14: TELEFONIA | C14: 144595
A15: 122 | B15: IMPRESIÓN, ENCUADERNACION Y REPRODUCCION | C15: 126562.7
A16: 163 | B16: MANT. Y REP. EQUIPO MEDICO SANITARIO Y DE LAB. | C16: 754914.23
A17: 168 | B17: MANT. DE SOFTWARE | C17: 5000
A18: 169 | B18: MAT. Y REP. DE OTRAS MAQ. Y EQUIPO | C18: 41676
A19: 171 | B19: MAT. Y REP. DE EDIFICIOS | C19: 51800
A20: 174 | B20: MANT. Y REP. DE INSTALACIONES | C20: 89761
A21: 182 | B21: SERVICIOS MEDICO-SANITARIOS | C21: 5857803
A22: 197 | B22: SERVICIOS DE VIGILANCIA | C22: 500000
A23: 199 | B23: OTROS SERVICIOS NO PERSONALES | C23: 794085.4
B24: SUMA GASTOS GENERALES | C24: =SUM(C13:C23) -> 9301197.3
B25: MATERIALES Y SUMINISTROS | C25: =+C12 -> PRESUPUESTO 2021
A26: 211 | B26: ALIMENTOS PARA PERSONAS | C26: 832510.7
B27: PRENDAS DE VESTIR
A28: 232 | B28: ACABADOS TEXTILES | C28: 75000
B29: PAPEL DE ESCRITORIO
B30: ESPECIES TIMBRADAS Y VALORES
A31: 261 | B31: ELEMENTOS Y COMPUESTOS QUIMICOS | C31: 650004.51
A32: 262 | B32: COMBUSTIBLES Y LUBRICANTES | C32: 8000
A33: 266 | B33: PRODUCTOS MEDICINALES Y FARMACEUTICOS | C33: 4828940
A34: 267 | B34: TINTES, PINTURAS Y COLORANTES | C34: 18000
A35: 268 | B35: PRODUCTOS PLASTICOS, NYLON, VINIL Y PVC | C35: 211308
A36: 269 | B36: OTROS PRODUCTOS QUIMICOS Y CONEXOS | C36: 10000
A37: 289 | B37: OTROS PRODUCTOS METALICOS | C37: 8840
A38: 292 | B38: UTILES DE LIMPIEZA Y PRODUCTOS SANITARIOS | C38: 183881
A39: 295 | B39: UTILES MENORES MEDICO QUIRURGICOS Y DE LAB. | C39: 20372304
A40: 297 | B40: UTILES, ACCESORIOS Y MATERIALES ELECTRICOS | C40: 40018
A41: 298 | B41: ACCESORIOS Y REPUESTOS EN GENERAL | C41: 619996.57
A42: 299 | B42: OTROS MATERIALES Y SUMINISTROS | C42: 40000
B43: TOTAL MATERIALES Y SUMINISTROS | C43: =SUM(C26:C42) -> 27898803
B44: TOTAL GENERAL EGRESOS | C44: =C10+C24+C43 -> 62000000
A46: Nota: Presupuesto pendiente de aprobacion, por parte de la comision tecnica del Ministerio
A47: de Salud Publica y Asistencia Social.
A52: _______________________________
A53: Víctor Cresencio Reyes Porres
A54: Jefe de Contabilidad

Sheet PRESUPUESTO FEBRERO 2021
A1: UNIDAD DE CIRUGIA CARDIOVASCULAR DE GUATEMALA
A2: FONDOS ESTATALES
A3: PRESUPUESTO FEBRERO 2,021
A4: INGRESOS | C4: PRESUPUESTO 2021 | D4: TRANSFERENCIAS (+-), AMPLIACION | E4: PRESUPUESTO AJUSTADO 2,021 | F4: EJECUTADO | G4: SALDO
B5: ASIGNACION DEL ESTADO | C5: 62000000 | E5: =+C5+D5 -> 62000000 | F5: 0 | G5: =+E5-F5 -> 62000000
B6: TOTAL ASIGNACION DEL ESTADO | C6: =SUM(C5) -> 62000000 | D6: =SUM(D5) -> 0 | E6: =SUM(E5) -> 62000000 | F6: =SUM(F5) -> 0 | G6: =SUM(G5) -> 62000000
C8: =+C4 -> PRESUPUESTO 2021 | D8: TRANSFERENCIAS (+-) | E8: =+E4 -> PRESUPUESTO AJUSTADO 2,021 | F8: =+F4 -> EJECUTADO | G8: SALDO
A9: 011 | B9: RECURSO HUMANO | C9: 24800000 | E9: =+C9+D9 -> 24800000 | F9: =1849158.37+1911481.98 -> 3760640.4 | G9: =+E9-F9 -> 21039360
B10: TOTAL RECURSO HUMANO | C10: =SUM(C9) -> 24800000 | D10: =SUM(D9) -> 0 | E10: =SUM(E9) -> 24800000 | F10: =SUM(F9) -> 3760640.4 | G10: =SUM(G9) -> 21039360
B12: GASTOS GENERALES | C12: =+C8 -> PRESUPUESTO 2021 | D12: TRANSFERENCIAS (+-) | E12: =+E8 -> PRESUPUESTO AJUSTADO 2,021 | F12: =+F8 -> EJECUTADO | G12: SALDO
A13: 111 | B13: ENERGIA ELECTRICA | C13: 935000 | E13: =+C13+D13 -> 935000 | F13: =67997.75 -> 67997.75 | G13: =+E13-F13 -> 867002.25
A14: 113 | B14: TELEFONIA | C14: 144595 | E14: =+C14+D14 -> 144595 | F14: =10614.63 -> 10614.63 | G14: =+E14-F14 -> 133980.37
A15: 122 | B15: IMPRESIÓN, ENCUADERNACION Y REPRODUCCION | C15: 126562.7 | E15: =+C15+D15 -> 126562.7 | F15: =39254.8 -> 39254.8 | G15: =+E15-F15 -> 87307.9
A16: 163 | B16: MANT. Y REP. EQUIPO MEDICO SANITARIO Y DE LAB. | C16: 754914.23 | E16: =+C16+D16 -> 754914.23 | F16: =13500 -> 13500 | G16: =+E16-F16 -> 741414.23
A17: 168 | B17: MANT. DE SOFTWARE | C17: 5000 | E17: =+C17+D17 -> 5000 | F17: 0 | G17: =+E17-F17 -> 5000
A18: 169 | B18: MAT. Y REP. DE OTRAS MAQ. Y EQUIPO | C18: 41676 | E18: =+C18+D18 -> 41676 | F18: 0 | G18: =+E18-F18 -> 41676
A19: 171 | B19: MAT. Y REP. DE EDIFICIOS | C19: 51800 | E19: =+C19+D19 -> 51800 | F19: 0 | G19: =+E19-F19 -> 51800
A20: 174 | B20: MANT. Y REP. DE INSTALACIONES | C20: 89761 | E20: =+C20+D20 -> 89761 | F20: =6360 -> 6360 | G20: =+E20-F20 -> 83401
A21: 182 | B21: SERVICIOS MEDICO-SANITARIOS | C21: 5857803 | E21: =+C21+D21 -> 5857803 | F21: =349038 -> 349038 | G21: =+E21-F21 -> 5508765
A22: 197 | B22: SERVICIOS DE VIGILANCIA | C22: 500000 | E22: =+C22+D22 -> 500000 | F22: =84000 -> 84000 | G22: =+E22-F22 -> 416000
A23: 199 | B23: OTROS SERVICIOS NO PERSONALES | C23: 794085.4 | E23: =+C23+D23 -> 794085.4 | F23: =148203.09 -> 148203.09 | G23: =+E23-F23 -> 645882.31
B24: SUMA GASTOS GENERALES | C24: =SUM(C13:C23) -> 9301197.3 | D24: =SUM(D13:D23) -> 0 | E24: =SUM(E13:E23) -> 9301197.3 | F24: =SUM(F13:F23) -> 718968.27 | G24: =SUM(G13:G23) -> 8582229.1
B25: MATERIALES Y SUMINISTROS | C25: =+C12 -> PRESUPUESTO 2021 | D25: TRANSFERENCIAS (+-) | E25: =+E12 -> PRESUPUESTO AJUSTADO 2,021 | F25: =+F12 -> EJECUTADO | G25: SALDO
A26: 211 | B26: ALIMENTOS PARA PERSONAS | C26: 832510.7 | E26: =+C26+D26 -> 832510.7 | F26: =72038.25 -> 72038.25 | G26: =+E26-F26 -> 760472.45
B27: PRENDAS DE VESTIR | E27: =+C27+D27 -> 0
A28: 232 | B28: ACABADOS TEXTILES | C28: 75000 | E28: =+C28+D28 -> 75000 | F28: 0 | G28: =+E28-F28 -> 75000
B29: PAPEL DE ESCRITORIO | E29: =+C29+D29 -> 0 | G29: =+E29-F29 -> 0
B30: ESPECIES TIMBRADAS Y VALORES | E30: =+C30+D30 -> 0 | G30: =+E30-F30 -> 0
A31: 261 | B31: ELEMENTOS Y COMPUESTOS QUIMICOS | C31: 650004.51 | E31: =+C31+D31 -> 650004.51 | F31: =39284 -> 39284 | G31: =+E31-F31 -> 610720.51
A32: 262 | B32: COMBUSTIBLES Y LUBRICANTES | C32: 8000 | E32: =+C32+D32 -> 8000 | F32: 0 | G32: =+E32-F32 -> 8000
A33: 266 | B33: PRODUCTOS MEDICINALES Y FARMACEUTICOS | C33: 4828940 | E33: =+C33+D33 -> 4828940 | F33: =390957.86 -> 390957.86 | G33: =+E33-F33 -> 4437982.1
A34: 267 | B34: TINTES, PINTURAS Y COLORANTES | C34: 18000 | E34: =+C34+D34 -> 18000 | F34: 0 | G34: =+E34-F34 -> 18000
A35: 268 | B35: PRODUCTOS PLASTICOS, NYLON, VINIL Y PVC | C35: 211308 | E35: =+C35+D35 -> 211308 | F35: =22920 -> 22920 | G35: =+E35-F35 -> 188388
A36: 269 | B36: OTROS PRODUCTOS QUIMICOS Y CONEXOS | C36: 10000 | E36: =+C36+D36 -> 10000 | F36: 0 | G36: =+E36-F36 -> 10000
A37: 289 | B37: OTROS PRODUCTOS METALICOS | C37: 8840 | E37: =+C37+D37 -> 8840 | F37: =1700 -> 1700 | G37: =+E37-F37 -> 7140
A38: 292 | B38: UTILES DE LIMPIEZA Y PRODUCTOS SANITARIOS | C38: 183881 | E38: =+C38+D38 -> 183881 | F38: =26482 -> 26482 | G38: =+E38-F38 -> 157399
A39: 295 | B39: UTILES MENORES MEDICO QUIRURGICOS Y DE LAB. | C39: 20372304 | E39: =+C39+D39 -> 20372304 | F39: =659749.24 -> 659749.24 | G39: =+E39-F39 -> 19712555
A40: 297 | B40: UTILES, ACCESORIOS Y MATERIALES ELECTRICOS | C40: 40018 | E40: =+C40+D40 -> 40018 | F40: 0 | G40: =+E40-F40 -> 40018
A41: 298 | B41: ACCESORIOS Y REPUESTOS EN GENERAL | C41: 619996.57 | E41: =+C41+D41 -> 619996.57 | F41: =63771 -> 63771 | G41: =+E41-F41 -> 556225.57
A42: 299 | B42: OTROS MATERIALES Y SUMINISTROS | C42: 40000 | E42: =+C42+D42 -> 40000 | F42: 0 | G42: =+E42-F42 -> 40000
B43: TOTAL MATERIALES Y SUMINISTROS | C43: =SUM(C26:C42) -> 27898803 | D43: =SUM(D26:D42) -> 0 | E43: =SUM(E26:E42) -> 27898803 | F43: =SUM(F26:F42) -> 1276902.4 | G43: =SUM(G26:G42) -> 26621900
B44: TOTAL GENERAL EGRESOS | C44: =C10+C24+C43 -> 62000000 | D44: =D10+D24+D43 -> 0 | E44: =E10+E24+E43 -> 62000000 | F44: =F10+F24+F43 -> 5756511 | G44: =G10+G24+G43 -> 56243489
A57: _______________________________
A58: Víctor Cresencio Reyes Porres
A59: Jefe de Contabilidad

Sheet PRESUPUESTO MARZO 2021
A1: UNIDAD DE CIRUGIA CARDIOVASCULAR DE GUATEMALA
A2: FONDOS ESTATALES
A3: PRESUPUESTO MARZO 2,021
A4: INGRESOS | C4: PRESUPUESTO 2021 | D4: TRANSFERENCIAS (+-), AMPLIACION | E4: PRESUPUESTO AJUSTADO 2,021 | F4: EJECUTADO | G4: SALDO
B5: ASIGNACION DEL ESTADO | C5: 62000000 | E5: =+C5+D5 -> 62000000 | F5: =12400000 -> 12400000 | G5: =+E5-F5 -> 49600000
B6: TOTAL ASIGNACION DEL ESTADO | C6: =SUM(C5) -> 62000000 | D6: =SUM(D5) -> 0 | E6: =SUM(E5) -> 62000000 | F6: =SUM(F5) -> 12400000 | G6: =SUM(G5) -> 49600000
C8: =+C4 -> PRESUPUESTO 2021 | D8: TRANSFERENCIAS (+-) | E8: =+E4 -> PRESUPUESTO AJUSTADO 2,021 | F8: =+F4 -> EJECUTADO | G8: SALDO
A9: 011 | B9: RECURSO HUMANO | C9: 24800000 | E9: =+C9+D9 -> 24800000 | F9: =5680541.15 -> 5680541.2 | G9: =+E9-F9 -> 19119459
B10: TOTAL RECURSO HUMANO | C10: =SUM(C9) -> 24800000 | D10: =SUM(D9) -> 0 | E10: =SUM(E9) -> 24800000 | F10: =SUM(F9) -> 5680541.2 | G10: =SUM(G9) -> 19119459
B12: GASTOS GENERALES | C12: =+C8 -> PRESUPUESTO 2021 | D12: TRANSFERENCIAS (+-) | E12: =+E8 -> PRESUPUESTO AJUSTADO 2,021 | F12: =+F8 -> EJECUTADO | G12: SALDO
A13: 111 | B13: ENERGIA ELECTRICA | C13: 935000 | E13: =+C13+D13 -> 935000 | F13: 147069.31 | G13: =+E13-F13 -> 787930.69
A14: 113 | B14: TELEFONIA | C14: 144595 | E14: =+C14+D14 -> 144595 | F14: 21066.25 | G14: =+E14-F14 -> 123528.75
A15: 122 | B15: IMPRESIÓN, ENCUADERNACION Y REPRODUCCION | C15: 126562.7 | E15: =+C15+D15 -> 126562.7 | F15: =39254.8 -> 39254.8 | G15: =+E15-F15 -> 87307.9
A16: 163 | B16: MANT. Y REP. EQUIPO MEDICO SANITARIO Y DE LAB. | C16: 754914.23 | E16: =+C16+D16 -> 754914.23 | F16: =13500 -> 13500 | G16: =+E16-F16 -> 741414.23
A17: 168 | B17: MANT. DE SOFTWARE | C17: 5000 | E17: =+C17+D17 -> 5000 | F17: 0 | G17: =+E17-F17 -> 5000
A18: 169 | B18: MAT. Y REP. DE OTRAS MAQ. Y EQUIPO | C18: 41676 | E18: =+C18+D18 -> 41676 | F18: 0 | G18: =+E18-F18 -> 41676
A19: 171 | B19: MAT. Y REP. DE EDIFICIOS | C19: 51800 | E19: =+C19+D19 -> 51800 | F19: 0 | G19: =+E19-F19 -> 51800
A20: 174 | B20: MANT. Y REP. DE INSTALACIONES | C20: 89761 | E20: =+C20+D20 -> 89761 | F20: =9540 -> 9540 | G20: =+E20-F20 -> 80221
A21: 182 | B21: SERVICIOS MEDICO-SANITARIOS | C21: 5857803 | E21: =+C21+D21 -> 5857803 | F21: =594981 -> 594981 | G21: =+E21-F21 -> 5262822
A22: 197 | B22: SERVICIOS DE VIGILANCIA | C22: 500000 | E22: =+C22+D22 -> 500000 | F22: =126000 -> 126000 | G22: =+E22-F22 -> 374000
A23: 199 | B23: OTROS SERVICIOS NO PERSONALES | C23: 794085.4 | E23: =+C23+D23 -> 794085.4 | F23: =194971.74 -> 194971.74 | G23: =+E23-F23 -> 599113.66
B24: SUMA GASTOS GENERALES | C24: =SUM(C13:C23) -> 9301197.3 | D24: =SUM(D13:D23) -> 0 | E24: =SUM(E13:E23) -> 9301197.3 | F24: =SUM(F13:F23) -> 1146383.1 | G24: =SUM(G13:G23) -> 8154814.2
B25: MATERIALES Y SUMINISTROS | C25: =+C12 -> PRESUPUESTO 2021 | D25: TRANSFERENCIAS (+-) | E25: =+E12 -> PRESUPUESTO AJUSTADO 2,021 | F25: =+F12 -> EJECUTADO | G25: SALDO
A26: 211 | B26: ALIMENTOS PARA PERSONAS | C26: 832510.7 | E26: =+C26+D26 -> 832510.7 | F26: =126653 -> 126653 | G26: =+E26-F26 -> 705857.7
B27: PRENDAS DE VESTIR | E27: =+C27+D27 -> 0
A28: 232 | B28: ACABADOS TEXTILES | C28: 75000 | E28: =+C28+D28 -> 75000 | F28: 0 | G28: =+E28-F28 -> 75000
B29: PAPEL DE ESCRITORIO | E29: =+C29+D29 -> 0 | G29: =+E29-F29 -> 0
B30: ESPECIES TIMBRADAS Y VALORES | E30: =+C30+D30 -> 0 | G30: =+E30-F30 -> 0
A31: 261 | B31: ELEMENTOS Y COMPUESTOS QUIMICOS | C31: 650004.51 | E31: =+C31+D31 -> 650004.51 | F31: =184973.15 -> 184973.15 | G31: =+E31-F31 -> 465031.36
A32: 262 | B32: COMBUSTIBLES Y LUBRICANTES | C32: 8000 | E32: =+C32+D32 -> 8000 | F32: 0 | G32: =+E32-F32 -> 8000
A33: 266 | B33: PRODUCTOS MEDICINALES Y FARMACEUTICOS | C33: 4828940 | D33: 49014.55 | E33: =+C33+D33 -> 4877954.6 | F33: =793564.76 -> 793564.76 | G33: =+E33-F33 -> 4084389.8
A34: 267 | B34: TINTES, PINTURAS Y COLORANTES | C34: 18000 | E34: =+C34+D34 -> 18000 | F34: 0 | G34: =+E34-F34 -> 18000
A35: 268 | B35: PRODUCTOS PLASTICOS, NYLON, VINIL Y PVC | C35: 211308 | E35: =+C35+D35 -> 211308 | F35: =22920 -> 22920 | G35: =+E35-F35 -> 188388
A36: 269 | B36: OTROS PRODUCTOS QUIMICOS Y CONEXOS | C36: 10000 | E36: =+C36+D36 -> 10000 | F36: 0 | G36: =+E36-F36 -> 10000
A37: 289 | B37: OTROS PRODUCTOS METALICOS | C37: 8840 | E37: =+C37+D37 -> 8840 | F37: =1700 -> 1700 | G37: =+E37-F37 -> 7140
A38: 292 | B38: UTILES DE LIMPIEZA Y PRODUCTOS SANITARIOS | C38: 183881 | E38: =+C38+D38 -> 183881 | F38: =26482 -> 26482 | G38: =+E38-F38 -> 157399
A39: 295 | B39: UTILES MENORES MEDICO QUIRURGICOS Y DE LAB. | C39: 20372304 | D39: -49014.55 | E39: =+C39+D39 -> 20323289 | F39: =889449.74 -> 889449.74 | G39: =+E39-F39 -> 19433840
A40: 297 | B40: UTILES, ACCESORIOS Y MATERIALES ELECTRICOS | C40: 40018 | E40: =+C40+D40 -> 40018 | F40: =6762.65 -> 6762.65 | G40: =+E40-F40 -> 33255.35
A41: 298 | B41: ACCESORIOS Y REPUESTOS EN GENERAL | C41: 619996.57 | E41: =+C41+D41 -> 619996.57 | F41: =63771 -> 63771 | G41: =+E41-F41 -> 556225.57
A42: 299 | B42: OTROS MATERIALES Y SUMINISTROS | C42: 40000 | E42: =+C42+D42 -> 40000 | F42: 0 | G42: =+E42-F42 -> 40000
B43: TOTAL MATERIALES Y SUMINISTROS | C43: =SUM(C26:C42) -> 27898803 | D43: =SUM(D26:D42) -> 0 | E43: =SUM(E26:E42) -> 27898803 | F43: =SUM(F26:F42) -> 2116276.3 | G43: =SUM(G26:G42) -> 25782526
B44: TOTAL GENERAL EGRESOS | C44: =C10+C24+C43 -> 62000000 | D44: =D10+D24+D43 -> 0 | E44: =E10+E24+E43 -> 62000000 | F44: =F10+F24+F43 -> 8943200.6 | G44: =G10+G24+G43 -> 53056799
A57: _______________________________
A58: Víctor Cresencio Reyes Porres
A59: Jefe de Contabilidad

Sheet PRESUPUESTO ABRIL 2021
A1: UNIDAD DE CIRUGIA CARDIOVASCULAR DE GUATEMALA
A2: FONDOS ESTATALES
A3: PRESUPUESTO AL 30-04-2,021
A4: INGRESOS | C4: PRESUPUESTO 2021 | D4: TRANSFERENCIAS (+-), AMPLIACION | E4: PRESUPUESTO AJUSTADO 2,021 | F4: EJECUTADO A ENERO 2021 | G4: EJECUTADO A FEBRERO 2021 | H4: EJECUTADO A MARZO 2021 | I4: EJECUTADO A ABRIL 2021 | J4: EJECUTADO A MAYO 2021 | K4: EJECUTADO A JUNIO 2021 | L4: EJECUTADO A JULIO 2021 | M4: EJECUTADO A AGOSTO 2021 | N4: EJECUTADO A SEPTIEMBRE 2021 | O4: EJECUTADO A OCTUBRE 2021 | P4: EJECUTADO A NOVIEMBRE 2021 | Q4: EJECUTADO A DICIEMBRE 2021 | R4: EJECUTADO | S4: SALDO
B5: ASIGNACION DEL ESTADO | C5: 62000000 | E5: =+C5+D5 -> 62000000 | F5: 0 | G5: 0 | H5: 12400000 | I5: 6200000 | R5: =SUM(F5:Q5) -> 18600000 | S5: =+E5-R5 -> 43400000
B6: TOTAL ASIGNACION DEL ESTADO | C6: =SUM(C5) -> 62000000 | D6: =SUM(D5) -> 0 | E6: =SUM(E5) -> 62000000 | F6: =SUM(F5) -> 0 | G6: =SUM(G5) -> 0 | H6: =SUM(H5) -> 12400000 | I6: =SUM(I5) -> 6200000 | J6: =SUM(J5) -> 0 | ... S6: =SUM(S5) -> 43400000
C8: =+C4 -> PRESUPUESTO 2021 | D8: TRANSFERENCIAS (+-) | E8: =+E4 -> PRESUPUESTO AJUSTADO 2,021 | F8: =+F4 -> EJECUTADO A ENERO 2021 | G8: =+G4 -> EJECUTADO A FEBRERO 2021 | H8: =+H4 -> EJECUTADO A MARZO 2021 | I8: =+I4 -> EJECUTADO A ABRIL 2021 | J8: =+J4 -> EJECUTADO A MAYO 2021 | K8: =+K4 -> EJECUTADO A JUNIO 2021 | L8: =+L4 -> EJECUTADO A JULIO 2021 | ... R8: =+R4 -> EJECUTADO | S8: SALDO
A9: 011 | B9: RECURSO HUMANO | C9: 24800000 | E9: =+C9+D9 -> 24800000 | F9: =1849158.37 -> 1849158.4 | G9: 1911482 | H9: 1919900.8 | I9: 2504690.2 | R9: =SUM(F9:Q9) -> 8185231.3 | S9: =+E9-R9 -> 16614769
B10: TOTAL RECURSO HUMANO | C10: =SUM(C9) -> 24800000 | D10: =SUM(D9) -> 0 | E10: =SUM(E9) -> 24800000 | F10: =SUM(F9) -> 1849158.4 | G10: =SUM(G9) -> 1911482 | H10: =SUM(H9) -> 1919900.8 | I10: =SUM(I9) -> 2504690.2 | J10: =SUM(J9) -> 0 | ... S10: =SUM(S9) -> 16614769
B12: GASTOS GENERALES | C12: =+C8 -> PRESUPUESTO 2021 | D12: TRANSFERENCIAS (+-) | E12: =+E8 -> PRESUPUESTO AJUSTADO 2,021 | F12: =+F8 -> EJECUTADO A ENERO 2021 | G12: =+G8 -> EJECUTADO A FEBRERO 2021 | H12: =+H8 -> EJECUTADO A MARZO 2021 | I12: =+I8 -> EJECUTADO A ABRIL 2021 | J12: =+J8 -> EJECUTADO A MAYO 2021 | K12: =+K8 -> EJECUTADO A JUNIO 2021 | L12: =+L8 -> EJECUTADO A JULIO 2021 | ... R12: =+R8 -> EJECUTADO | S12: SALDO
A13: 111 | B13: ENERGIA ELECTRICA | C13: 935000 | D13: -11900 | E13: =+C13+D13 -> 923100 | F13: 0 | G13: 67997.75 | H13: 79071.56 | I13: 71752.72 | R13: =SUM(F13:Q13) -> 218822.03 | S13: =+E13-R13 -> 704277.97
A14: 113 | B14: TELEFONIA | C14: 144595 | E14: =+C14+D14 -> 144595 | F14: 0 | G14: 10614.63 | H14: 10451.62 | I14: 8502.04 | R14: =SUM(F14:Q14) -> 29568.29 | S14: =+E14-R14 -> 115026.71
A15: 122 | B15: IMPRESIÓN, ENCUADERNACION Y REPRODUCCION | C15: 126562.7 | E15: =+C15+D15 -> 126562.7 | F15: 0 | G15: 39254.8 | H15: 0 | I15: 0 | R15: =SUM(F15:Q15) -> 39254.8 | S15: =+E15-R15 -> 87307.9
A16: 163 | B16: MANT. Y REP. EQUIPO MEDICO SANITARIO Y DE LAB. | C16: 754914.23 | E16: =+C16+D16 -> 754914.23 | F16: 0 | G16: 13500 | H16: 0 | I16: 0 | R16: =SUM(F16:Q16) -> 13500 | S16: =+E16-R16 -> 741414.23
A17: 168 | B17: MANT. DE SOFTWARE | C17: 5000 | E17: =+C17+D17 -> 5000 | F17: 0 | G17: 0 | H17: 0 | I17: 0 | R17: =SUM(F17:Q17) -> 0 | S17: =+E17-R17 -> 5000
A18: 169 | B18: MAT. Y REP. DE OTRAS MAQ. Y EQUIPO | C18: 41676 | E18: =+C18+D18 -> 41676 | F18: 0 | G18: 0 | H18: 0 | I18: 0 | R18: =SUM(F18:Q18) -> 0 | S18: =+E18-R18 -> 41676
A19: 171 | B19: MAT. Y REP. DE EDIFICIOS | C19: 51800 | E19: =+C19+D19 -> 51800 | F19: 0 | G19: 0 | H19: 0 | I19: 0 | R19: =SUM(F19:Q19) -> 0 | S19: =+E19-R19 -> 51800
A20: 174 | B20: MANT. Y REP. DE INSTALACIONES | C20: 89761 | E20: =+C20+D20 -> 89761 | F20: 3180 | G20: 3180 | H20: 3180 | I20: 3180 | R20: =SUM(F20:Q20) -> 12720 | S20: =+E20-R20 -> 77041
A21: 182 | B21: SERVICIOS MEDICO-SANITARIOS | C21: 5857803 | E21: =+C21+D21 -> 5857803 | F21: 27490 | G21: 321548 | H21: 245943 | I21: 249771 | R21: =SUM(F21:Q21) -> 844752 | S21: =+E21-R21 -> 5013051
A22: 197 | B22: SERVICIOS DE VIGILANCIA | C22: 500000 | D22: -40000 | E22: =+C22+D22 -> 460000 | F22: 0 | G22: 84000 | H22: 42000 | I22: 0 | R22: =SUM(F22:Q22) -> 126000 | S22: =+E22-R22 -> 334000
A23: 199 | B23: OTROS SERVICIOS NO PERSONALES | C23: 794085.4 | E23: =+C23+D23 -> 794085.4 | F23: 16235.2 | G23: 131967.89 | H23: 46768.65 | I23: 46356.2 | R23: =SUM(F23:Q23) -> 241327.94 | S23: =+E23-R23 -> 552757.46
B24: SUMA GASTOS GENERALES | C24: =SUM(C13:C23) -> 9301197.3 | D24: =SUM(D13:D23) -> -51900 | E24: =SUM(E13:E23) -> 9249297.3 | F24: =SUM(F13:F23) -> 46905.2 | G24: =SUM(G13:G23) -> 672063.07 | H24: =SUM(H13:H23) -> 427414.83 | I24: =SUM(I13:I23) -> 379561.96 | J24: =SUM(J13:J23) -> 0 | ... S24: =SUM(S13:S23) -> 7723352.3
B25: MATERIALES Y SUMINISTROS | C25: =+C12 -> PRESUPUESTO 2021 | D25: TRANSFERENCIAS (+-) | E25: =+E12 -> PRESUPUESTO AJUSTADO 2,021 | F25: =+F12 -> EJECUTADO A ENERO 2021 | G25: =+G12 -> EJECUTADO A FEBRERO 2021 | H25: =+H12 -> EJECUTADO A MARZO 2021 | I25: =+I12 -> EJECUTADO A ABRIL 2021 | J25: =+J12 -> EJECUTADO A MAYO 2021 | K25: =+K12 -> EJECUTADO A JUNIO 2021 | L25: =+L12 -> EJECUTADO A JULIO 2021 | ... R25: =+R12 -> EJECUTADO | S25: SALDO
A26: 211 | B26: ALIMENTOS PARA PERSONAS | C26: 832510.7 | E26: =+C26+D26 -> 832510.7 | F26: 13174.25 | G26: 58864 | H26: 54614.75 | I26: 58188.5 | R26: =SUM(F26:Q26) -> 184841.5 | S26: =+E26-R26 -> 647669.2
B27: PRENDAS DE VESTIR | E27: =+C27+D27 -> 0 | R27: =SUM(F27:Q27) -> 0
A28: 232 | B28: ACABADOS TEXTILES | C28: 75000 | E28: =+C28+D28 -> 75000 | F28: 0 | G28: 0 | H28: 0 | I28: 0 | R28: =SUM(F28:Q28) -> 0 | S28: =+E28-R28 -> 75000
B29: PAPEL DE ESCRITORIO | E29: =+C29+D29 -> 0 | R29: =SUM(F29:Q29) -> 0 | S29: =+E29-R29 -> 0
B30: ESPECIES TIMBRADAS Y VALORES | E30: =+C30+D30 -> 0 | R30: =SUM(F30:Q30) -> 0 | S30: =+E30-R30 -> 0
A31: 261 | B31: ELEMENTOS Y COMPUESTOS QUIMICOS | C31: 650004.51 | E31: =+C31+D31 -> 650004.51 | F31: 0 | G31: 39284 | H31: 145689.15 | I31: 61594.2 | R31: =SUM(F31:Q31) -> 246567.35 | S31: =+E31-R31 -> 403437.16
A32: 262 | B32: COMBUSTIBLES Y LUBRICANTES | C32: 8000 | E32: =+C32+D32 -> 8000 | F32: 0 | G32: 0 | H32: 0 | I32: 0 | R32: =SUM(F32:Q32) -> 0 | S32: =+E32-R32 -> 8000
A33: 266 | B33: PRODUCTOS MEDICINALES Y FARMACEUTICOS | C33: 4828940 | D33: =49014.55+51900 -> 100914.55 | E33: =+C33+D33 -> 4929854.6 | F33: 0 | G33: 390957.86 | H33: 402606.9 | I33: 387727.85 | R33: =SUM(F33:Q33) -> 1181292.6 | S33: =+E33-R33 -> 3748561.9
A34: 267 | B34: TINTES, PINTURAS Y COLORANTES | C34: 18000 | E34: =+C34+D34 -> 18000 | F34: 0 | G34: 0 | H34: 0 | I34: 0 | R34: =SUM(F34:Q34) -> 0 | S34: =+E34-R34 -> 18000
A35: 268 | B35: PRODUCTOS PLASTICOS, NYLON, VINIL Y PVC | C35: 211308 | E35: =+C35+D35 -> 211308 | F35: 0 | G35: 22920 | H35: 0 | I35: 42650 | R35: =SUM(F35:Q35) -> 65570 | S35: =+E35-R35 -> 145738
A36: 269 | B36: OTROS PRODUCTOS QUIMICOS Y CONEXOS | C36: 10000 | E36: =+C36+D36 -> 10000 | F36: 0 | G36: 0 | H36: 0 | I36: 0 | R36: =SUM(F36:Q36) -> 0 | S36: =+E36-R36 -> 10000
A37: 289 | B37: OTROS PRODUCTOS METALICOS | C37: 8840 | E37: =+C37+D37 -> 8840 | F37: 0 | G37: 1700 | H37: 0 | I37: 0 | R37: =SUM(F37:Q37) -> 1700 | S37: =+E37-R37 -> 7140
A38: 292 | B38: UTILES DE LIMPIEZA Y PRODUCTOS SANITARIOS | C38: 183881 | E38: =+C38+D38 -> 183881 | F38: 0 | G38: 26482 | H38: 0 | I38: 8862.2 | R38: =SUM(F38:Q38) -> 35344.2 | S38: =+E38-R38 -> 148536.8
A39: 295 | B39: UTILES MENORES MEDICO QUIRURGICOS Y DE LAB. | C39: 20372304 | D39: -49014.55 | E39: =+C39+D39 -> 20323289 | F39: 119255.2 | G39: 540494.04 | H39: 229700.5 | I39: 7283666.9 | R39: =SUM(F39:Q39) -> 8173116.7 | S39: =+E39-R39 -> 12150173
A40: 297 | B40: UTILES, ACCESORIOS Y MATERIALES ELECTRICOS | C40: 40018 | E40: =+C40+D40 -> 40018 | F40: 0 | G40: 0 | H40: 6762.65 | I40: 0 | R40: =SUM(F40:Q40) -> 6762.65 | S40: =+E40-R40 -> 33255.35
A41: 298 | B41: ACCESORIOS Y REPUESTOS EN GENERAL | C41: 619996.57 | E41: =+C41+D41 -> 619996.57 | F41: 0 | G41: 63771 | H41: 0 | I41: 57837 | R41: =SUM(F41:Q41) -> 121608 | S41: =+E41-R41 -> 498388.57
A42: 299 | B42: OTROS MATERIALES Y SUMINISTROS | C42: 40000 | E42: =+C42+D42 -> 40000 | F42: 0 | G42: 0 | H42: 0 | I42: 4500 | R42: =SUM(F42:Q42) -> 4500 | S42: =+E42-R42 -> 35500
B43: TOTAL MATERIALES Y SUMINISTROS | C43: =SUM(C26:C42) -> 27898803 | D43: =SUM(D26:D42) -> 51900 | E43: =SUM(E26:E42) -> 27950703 | F43: =SUM(F26:F42) -> 132429.45 | G43: =SUM(G26:G42) -> 1144472.9 | H43: =SUM(H26:H42) -> 839373.95 | I43: =SUM(I26:I42) -> 7905026.7 | J43: =SUM(J26:J42) -> 0 | ... S43: =SUM(S26:S42) -> 17929400
B44: TOTAL GENERAL EGRESOS | C44: =C10+C24+C43 -> 62000000 | D44: =D10+D24+D43 -> 0 | E44: =E10+E24+E43 -> 62000000 | F44: =F10+F24+F43 -> 2028493 | G44: =G10+G24+G43 -> 3728017.9 | H44: =H10+H24+H43 -> 3186689.6 | I44: =I10+I24+I43 -> 10789279 | J44: =J10+J24+J43 -> 0 | ... S44: =S10+S24+S43 -> 42267521
A51: _______________________________
A52: Víctor Cresencio Reyes Porres
A53: Jefe de Contabilidad
A59: _______________________________
A60: Víctor Cresencio Reyes Porres
A61: Jefe de Contabilidad

Sheet APORTES ENERO 2021
A1: APORTES MINISTERIO DE SALUD PUBLICA Y ASISTENCIA SOCIAL AÑO 2,021
A3: MES | B3: VALOR | C3: FECHA | D3: RECIBO | E3: N/A
A4: ENERO | B4: 0
A5: TOTALES… | B5: =SUM(B4:B4) -> 0
A11: ____________________________________
A12: Victor Cresencio Reyes Porres
A13: Jefe de Contabilidad
A14: UNICAR

Sheet APORTES FEBRERO 2021
A1: APORTES MINISTERIO DE SALUD PUBLICA Y ASISTENCIA SOCIAL AÑO 2,021
A3: MES | B3: VALOR | C3: FECHA | D3: RECIBO | E3: N/A
A4: ENERO | B4: 0
A5: FEBRERO | B5: 0
A6: TOTALES… | B6: =SUM(B4:B5) -> 0
A12: ____________________________________
A13: Victor Cresencio Reyes Porres
A14: Jefe de Contabilidad
A15: UNICAR

Sheet APORTES MARZO 2021
A1: APORTES MINISTERIO DE SALUD PUBLICA Y ASISTENCIA SOCIAL AÑO 2,021
A3: MES | B3: VALOR | C3: FECHA | D3: RECIBO | E3: N/A
A4: ENERO | B4: 0
A5: FEBRERO | B5: 0
A6: MARZO | B6: 12400000 | C6: 44284 | D6: 259141 | E6: 2349624883
A7: TOTALES… | B7: =SUM(B4:B6) -> 12400000
A13: ____________________________________
A14: Victor Cresencio Reyes Porres
A15: Jefe de Contabilidad
A16: UNICAR

Sheet APORTES ABRIL 2021
A1: APORTES MINISTERIO DE SALUD PUBLICA Y ASISTENCIA SOCIAL AÑO 2,021
A3: MES | B3: VALOR | C3: FECHA | D3: RECIBO | E3: N/A
A4: ENERO | B4: 0
A5: FEBRERO | B5: 0
A6: MARZO | B6: 12400000 | C6: 44284 | D6: 259141 | E6: 2349624883
A7: ABRIL | B7: 6200000 | C7: 44307 | D7: 259677 | E7: 2362911146
A8: TOTALES… | B8: =SUM(B4:B7) -> 18600000
A14: ____________________________________
A15: Victor Cresencio Reyes Porres
A16: Jefe de Contabilidad
A17: UNICAR
